Workbook
Name \b: #REF!
Name \c: #REF!
Name \e: #REF!
Name \i: #REF!
Name \m: #REF!
Name \r: #REF!
Name \t: #REF!
Name \x: #REF!
Name \z: #REF!
Name __________________________________________________________Po2: #REF!
Name __________________________________________________________TPE1132: #REF!
Name __________________________________________________________TPE1331: #REF!
Name __________________________________________________________TPE1702: #REF!
Name __________________________________________________________TPE1703: #REF!
Name __________________________________________________________TPE1704: #REF!
Name __________________________________________________________TPE1706: #REF!
Name __________________________________________________________TPE1708: #REF!
Name __________________________________________________________TPE1710: #REF!
Name __________________________________________________________TPE1735: #REF!
Name __________________________________________________________TPE1763: #REF!
Name __________________________________________________________TPE1790: #REF!
Name __________________________________________________________TUZ22: #REF!
Name __________________________________________________________TUZ36: #REF!
Name __________________________________________________________TZ323: #REF!
Name __________________________________________________________TZ324: #REF!
Name ________________________________________________________AIU1: #REF!
Name ________________________________________________________AIU2: #REF!
Name ________________________________________________________Cod1: #REF!
Name ________________________________________________________Po2: #REF!
Name ________________________________________________________TPE1132: #REF!
Name ________________________________________________________TPE1331: #REF!
Name ________________________________________________________TPE1702: #REF!
Name ________________________________________________________TPE1703: #REF!
Name ________________________________________________________TPE1704: #REF!
Name ________________________________________________________TPE1706: #REF!
Name ________________________________________________________TPE1708: #REF!
Name ________________________________________________________TPE1710: #REF!
Name ________________________________________________________TPE1735: #REF!
Name ________________________________________________________TPE1763: #REF!
Name ________________________________________________________TPE1790: #REF!
Name ________________________________________________________TUZ22: #REF!
Name ________________________________________________________TUZ36: #REF!
Name ________________________________________________________TZ323: #REF!
Name ________________________________________________________TZ324: #REF!
Name _______________________________________________________AIU1: #REF!
Name _______________________________________________________AIU2: #REF!
Name _______________________________________________________CAN28: #REF!
Name _______________________________________________________Cod1: #REF!
Name _______________________________________________________Po2: #REF!
Name _______________________________________________________REP43: #REF!
Name _______________________________________________________TPE1132: #REF!
Name _______________________________________________________TPE12: #REF!
Name _______________________________________________________TPE1331: #REF!
Name _______________________________________________________TPE1702: #REF!
Name _______________________________________________________TPE1703: #REF!
Name _______________________________________________________TPE1704: #REF!
Name _______________________________________________________TPE1706: #REF!
Name _______________________________________________________TPE1708: #REF!
Name _______________________________________________________TPE1710: #REF!
Name _______________________________________________________TPE1735: #REF!

Sheet MENU
C2: EMPRESA DE VIVIENDA E INFRAESTRUCTURA DE ANTIOQUIA - VIVA
C3: CONSTRUCCIÓN ESPACIO PÚBLICO
C4: MUNICIPIO | E4: BARBOSA - MATADERO
C5: TIPO DE VIVIENDA | E5: ESPACIO PÚBLICO BETULIA
C6: UNIDADES DE VIVIENDA
C7: CONTENIDO | D7: 1. | E7: Resumen Ejecutivo
D8: 2. | E8: Presupuesto
D9: 3. | E9: Cantidades
D10: 4. | E10: APU
D11: 4.1 | E11: APU Auxiliares
D12: 4.2 | E12: Insumos
D13: 4.3 | E13: Factor Prestacional
D14: 5. | E14: Costos administrativos
D15: 6. | E15: Costos ambientales
D16: 7. | E16: Interventoría
D17: 7.1 | E17: Factor Multiplicador Interventoría
D18: 8. | E18: Costos Operacionales
D19: 9. | E19: Programación Fisico - Financiera

Sheet 1-Resumen Ejecutivo
B2: NOMBRE DEL PROYECTO: Limpieza Fachada 5 Torres en Campamento
B3: RESUMEN EJECUTIVO
B4: TIEMPO DE CONVENIO
B5: Etapa contractual | F5: 2
B6: Ejecución | F6: 2
B7: Liquidación | F7: 2
B8: Cierre | F8: 1
B9: ITEM | C9: DESCRIPCIÓN | D9: TORRES | E9: VR.UNIT | F9: VR. TOTAL
B10: 1 | C10: COSTO TOTAL PROYECTO
B11: 1 | C11: Pintura | D11: 5 | E11: ='2-Presupuesto'!H12 -> 25152120 | F11: =D11*E11 -> 125760600
B12: 2 | C12: Lavado | D12: 5 | E12: ='2-Presupuesto'!H13 -> 9997526 | F12: =D12*E12 -> 49987630
B13: 3 | C13: Hidrofugo | D13: 5 | E13: ='2-Presupuesto'!H14 -> 18380535 | F13: =D13*E13 -> 91902675
B14: COSTOS DIRECTOS OBRA | F14: =SUM(F11:F13) -> 267650905
B15: OTROS COSTOS DIRECTOS
C16: ADMINISTRACION | D16: =+'Costos Administracion'!G38 -> 0.3024 | F16: =+'Costos Administracion'!J38 -> 80937634
C17: UTILIDAD | D17: =+'Costos Administracion'!G39 -> 0.05 | F17: =+'Costos Administracion'!J39 -> 13382545
B18: TOTAL COSTOS DIRECTOS | D18: =SUM(D16:D17) -> 0.3524 | F18: =SUM(F16:F17) -> 94320179
B19: OTROS COSTOS INDIRECTOS
C20: POLIZAS | F20: =+OBRA_PÓLIZAS!H30 -> 1272777
C21: PMGSA | F21: ='6.2 PMGSA'!H68 -> 1032773.8
B22: TOTAL OTROS COSTOS INDIRECTOS | F22: =SUM(F20:F21) -> 2305550.8
B23: COSTO TOTAL EJECUCION OBRA | F23: =+F22+F18+F14 -> 3.6427663e+08 | G23: 341281311
B24: 2 | C24: INTERVENTORÍA PROYECTO
B25: 2.1 | C25: Contratación Interventoría de Obra | F25: 0
B26: IMPUESTO DE TIMBRE | E26: 0 | F26: =E26*F23 -> 0
B27: COSTO TOTAL PROYECTO | F27: =+F23+F26 -> 3.6427663e+08 | G27: 36000000
B28: COSTO POR TORRE | D28: un | E28: 5 | F28: =ROUND((+F27/E28),0) -> 72855327 | G28: =+G23+G27 -> 377281311
G29: =+G28-F23 -> 13004676
B30: SINTESIS DE COSTOS | G30: =+G28*3.446944185% -> 13004676
B31: =+B10 -> 1 | C31: =+C10 -> COSTO TOTAL PROYECTO | F31: =+F23 -> 3.6427663e+08
B32: =+B24 -> 2 | C32: =+C24 -> INTERVENTORÍA PROYECTO | F32: =+F26 -> 0 | G32: =364276635+G30 -> 3.7728131e+08
B33: COSTO TOTAL DEL PROYECTO EJECUCIÓN | F33: =SUM(F31:F32) -> 3.6427663e+08 | G33: =+G30*19% -> 2470888.5
G34: =+G32-G28 -> 0.21060628
B35: SINTESIS FUENTES DE FINANCIACIÓN | G35: =+G28-G30 -> 3.6427663e+08
B36: RECURSOS PROPIOS MUNICIPIO | G36: =+G30*19% -> 2470888.5
B37: ASIGNACIONES PARA LA INVERSIÓN LOCAL | G37: =+G30-G36 -> 10533788
B38: ASIGNACIONES DIRECTAS DEPARTAMENTALES
B39: COSTO POR U.V ($/U.V) | D39: U.V | F39: =+F28 -> 72855327 | G39: 364276635
B40: COSTO POR U.V (SMMLV) | F40: =ROUNDUP(+F39/E41,0) -> 52 | G40: 10533788
B41: SALARIO MÍNIMO MENSUAL LEGAL VIGENTE AÑO | D41: 2025 | E41: 1423500 | G41: 2470888
G42: =+G39+G40+G41 -> 377281311
B44: A | C44: PARQUE INFANTIL
B45: 1 | C45: =+'2-Parque infantil'!C10 -> PARQUE INFANTIL | F45: =+'2-Parque infantil'!G27 -> #REF!
B47: COSTOS DIRECTOS OBRA | F47: =SUM(F44:F46) -> #REF!
B48: OTROS COSTOS DIRECTOS | D48: =+D18 -> 0.3524 | F48: =+F47*D48 -> #REF!
B49: TOTAL | F49: =SUM(F47:F48) -> #REF!

Sheet 2-Presupuesto
B2: Nota: | C2: Diliegenciar los espacios que se encuentren resaltados de color gris claro
C3: Las actividades no deben tener la unidad de medida "global"
B4: NOMBRE DEL PROYECTO:
B5: ESPACIO PÚBLICO
B6: FORMULARIO DE PRESUPUESTO POR BLOQUE
H7: Proyecto gl | I7: 1
B8: Ítem | C8: Descripción | D8: Unidad | E8: Cantidad | F8: Vr Unitario | G8: Vr. Total/U.V | H8: Vr. Total | I8: Vr Aproximado al peso
A10: 12 | B10: A
A11: 12.1 | B11: 1 | C11: ACABADO POR TORRE | I11: =+IFERROR((SUM(H12:H14))," ") -> 53530181
A12: 9.2 | B12: 1.1 | C12: =VLOOKUP(A12,APU_2[],2,0) -> Aplicación de PINTURA ACRÍLICA en muros para Exteriores (hidrorepelente) tipo koraza o similar de primera calidad, incluye sellante para poros tipo Sellomax o similar, 2 manos o las que sean necesarias para obtener una superficie pareja y homogénea. Incluye suministro y transporte de los materiales, preparada y adecuación de la superficie a intervenir. Color a definir aprobado por la interventoría. | D12: =VLOOKUP(A12,APU_2[],3,0) -> m2 | E12: 810 | F12: =+VLOOKUP(A12,APU_2[],7,FALSE) -> 31052 | G12: =ROUND((+F12*$E12),0) -> 25152120 | H12: =+G12*$I$7 -> 25152120 | K12: =+F12*30 -> 931560
A13: 9.3 | B13: 1.4 | C13: =VLOOKUP(A13,APU_2[],2,0) -> Suministro, transporte y aplicación de ácido nítrico e hidrosolve proporción 1:1:5 para lavado de muros exteriores, con todos los elementos necesarios para su correcta instalación y funcionamiento. | D13: =VLOOKUP(A13,APU_2[],3,0) -> m2 | E13: 810 | F13: =+VLOOKUP(A13,APU_2[],7,FALSE) -> 12342.625 | G13: =ROUND((+F13*$E13),0) -> 9997526 | H13: =+G13*$I$7 -> 9997526 | K13: =+F13*30 -> 370278.75
A14: 9.4 | B14: 1.6 | C14: =VLOOKUP(A14,APU_2[],2,0) -> Suministro, transporte y aplicación de hidrófugo impermeabilizante del tipo siliconite (Sika transparente o equivalente) para mampostería de fachadas, con todos los elementos necesarios para su correcta instalación y funcionamiento. | D14: =VLOOKUP(A14,APU_2[],3,0) -> m2 | E14: 810 | F14: =+VLOOKUP(A14,APU_2[],7,FALSE) -> 22692.018 | G14: =ROUND((+F14*$E14),0) -> 18380535 | H14: =+G14*$I$7 -> 18380535 | K14: =+F14*30 -> 680760.54
C15: TOTAL COSTO DIRECTO URBANISMO | G15: =SUM(G11:G14) -> 53530181 | H15: =SUM(H12:H14) -> 53530181 | I15: =SUM(I11:I14) -> 53530181
K16: =+K14+K13+K12 -> 1982599.3
K17: =+K16*5 -> 9912996.4

Sheet CANT URBANISMO
B2: Nota: | C2: Diliegenciar los espacios que se encuentren resaltados de color gris claro
B3: NOMBRE DEL PROYECTO:
B4: ESPACIO PÚBLICO
B5: CALCULO DE CANTIDADES DE OBRA
B7: URBANISMO
B8: CAPITULO: | C8: 12 | D8: URBANISMO | I8: ELABORÓ: | J8: FECHA:
I9: =+#REF! -> #REF! | J9: =+#REF! -> #REF!
B10: ITEM | C10: =VLOOKUP(B11,'2-Presupuesto'!B:I,2,0) -> Aplicación de PINTURA ACRÍLICA en muros para Exteriores (hidrorepelente) tipo koraza o similar de primera calidad, incluye sellante para poros tipo Sellomax o similar, 2 manos o las que sean necesarias para obtener una superficie pareja y homogénea. Incluye suministro y transporte de los materiales, preparada y adecuación de la superficie a intervenir. Color a definir aprobado por la interventoría. | J10: UNIDAD:
B11: 1.1 | J11: =VLOOKUP(B11,'2-Presupuesto'!B:E,3,0) -> m2
I12: DETALLES
B13: UBICACIÓN | D13: LARGO | E13: ALTO | F13: PISOS | G13: CANT. | H13: TOTAL
B14: Perímetro Bloque | D14: 75 | E14: 2.45 | F14: 5 | H14: =D14*E14*F14 -> 918.75
B15: Muro terraza | D15: 75 | E15: 0.4 | F15: 1 | H15: =D15*E15*F15 -> 30
B16: Descuento ventanas | D16: 2.5 | E16: 1 | F16: 5 | G16: -2 | H16: =+G16*F16*E16*D16 -> -25
B17: Descuento ventanas | D17: 1 | E17: 1.2 | F17: 5 | G17: -8 | H17: =+G17*F17*E17*D17 -> -48
B18: Descuento ventanas | D18: 0.6 | E18: 1.2 | F18: 5 | G18: -4 | H18: =+G18*F18*E18*D18 -> -14.4
B19: Descuento ventanas | D19: 1.6 | E19: 1.6 | F19: 5 | G19: -4 | H19: =+G19*F19*E19*D19 -> -51.2
G20: TOTAL | H20: =SUM(H14:H19) -> 810.15
B21: CAPITULO: | C21: 12 | D21: URBANISMO | I21: ELABORÓ: | J21: FECHA:
I22: =+#REF! -> #REF! | J22: =+#REF! -> #REF!
B23: ITEM | C23: =VLOOKUP(B24,'2-Presupuesto'!B:I,2,0) -> Suministro, transporte y aplicación de ácido nítrico e hidrosolve proporción 1:1:5 para lavado de muros exteriores, con todos los elementos necesarios para su correcta instalación y funcionamiento. | J23: UNIDAD:
B24: 1.4 | J24: =VLOOKUP(B24,'2-Presupuesto'!B:E,3,0) -> m2
I25: DETALLES
B26: UBICACIÓN | D26: LARGO | E26: ANCHO | F26: ALTURA | G26: CANT. | H26: TOTAL
B27: Perímetro Bloque | D27: 75 | E27: 2.45 | F27: 5 | H27: =D27*E27*F27 -> 918.75
B28: Muro terraza | D28: 75 | E28: 0.4 | F28: 1 | H28: =D28*E28*F28 -> 30
B29: Descuento ventanas | D29: 2.5 | E29: 1 | F29: 5 | G29: -2 | H29: =+G29*F29*E29*D29 -> -25
B30: Descuento ventanas | D30: 1 | E30: 1.2 | F30: 5 | G30: -8 | H30: =+G30*F30*E30*D30 -> -48
B31: Descuento ventanas | D31: 0.6 | E31: 1.2 | F31: 5 | G31: -4 | H31: =+G31*F31*E31*D31 -> -14.4
B32: Descuento ventanas | D32: 1.6 | E32: 1.6 | F32: 5 | G32: -4 | H32: =+G32*F32*E32*D32 -> -51.2
G33: TOTAL | H33: =SUM(H27:H32) -> 810.15
B34: CAPITULO: | C34: 12 | D34: URBANISMO | I34: ELABORÓ: | J34: FECHA:
I35: =+#REF! -> #REF! | J35: =+#REF! -> #REF!
B36: ITEM | C36: =VLOOKUP(B37,'2-Presupuesto'!B:I,2,0) -> Suministro, transporte y aplicación de hidrófugo impermeabilizante del tipo siliconite (Sika transparente o equivalente) para mampostería de fachadas, con todos los elementos necesarios para su correcta instalación y funcionamiento. | J36: UNIDAD:
B37: 1.6 | J37: =VLOOKUP(B37,'2-Presupuesto'!B:E,3,0) -> m2
I38: DETALLES
B39: UBICACIÓN | D39: LARGO | E39: ANCHO | F39: ALTURA | G39: AREA | H39: TOTAL
B40: Perímetro Bloque | D40: 75 | E40: 2.45 | F40: 5 | H40: =D40*E40*F40 -> 918.75
B41: Muro terraza | D41: 75 | E41: 0.4 | F41: 1 | H41: =D41*E41*F41 -> 30
B42: Descuento ventanas | D42: 2.5 | E42: 1 | F42: 5 | G42: -2 | H42: =+G42*F42*E42*D42 -> -25
B43: Descuento ventanas | D43: 1 | E43: 1.2 | F43: 5 | G43: -8 | H43: =+G43*F43*E43*D43 -> -48
B44: Descuento ventanas | D44: 0.6 | E44: 1.2 | F44: 5 | G44: -4 | H44: =+G44*F44*E44*D44 -> -14.4
B45: Descuento ventanas | D45: 1.6 | E45: 1.6 | F45: 5 | G45: -4 | H45: =+G45*F45*E45*D45 -> -51.2
H47: =+G47*F47*E47*C47 -> 0
H48: =+G48*F48*E48*C48 -> 0
G49: TOTAL | H49: =SUM(H40:H48) -> 810.15
B50: CAPITULO: | C50: 12 | D50: URBANISMO | I50: ELABORÓ: | J50: FECHA:
I51: =+#REF! -> #REF! | J51: =+#REF! -> #REF!
B52: ITEM | C52: =VLOOKUP(B53,'2-Presupuesto'!B:I,2,0) -> #N/A | J52: UNIDAD:
B53: 1.7 | J53: =VLOOKUP(B53,'2-Presupuesto'!B:E,3,0) -> #N/A
I54: DETALLES
B55: UBICACIÓN | D55: LARGO | E55: ANCHO | F55: ALTURA | G55: AREA | H55: TOTAL
H56: 200
G62: TOTAL | H62: =SUM(H56:H61) -> 200
B63: CAPITULO: | C63: 12 | D63: URBANISMO | I63: ELABORÓ: | J63: FECHA:
I64: =+#REF! -> #REF! | J64: =+#REF! -> #REF!
B65: ITEM | C65: =VLOOKUP(B66,'2-Presupuesto'!B:I,2,0) -> #N/A | J65: UNIDAD:
B66: 1.8 | J66: =VLOOKUP(B66,'2-Presupuesto'!B:E,3,0) -> #N/A
I67: DETALLES
B68: UBICACIÓN | D68: LARGO | E68: ANCHO | F68: ALTURA | G68: CANT. | H68: TOTAL
H69: 1
G75: TOTAL | H75: =SUM(H69:H74) -> 1
B76: CAPITULO: | C76: 12 | D76: URBANISMO | I76: ELABORÓ: | J76: FECHA:
I77: =+#REF! -> #REF! | J77: =+#REF! -> #REF!
B78: ITEM | C78: =VLOOKUP(B79,'2-Presupuesto'!B:I,2,0) -> #N/A | J78: UNIDAD:
B79: 1.9 | J79: =VLOOKUP(B79,'2-Presupuesto'!B:E,3,0) -> #N/A
I80: DETALLES
B81: UBICACIÓN | D81: LARGO | E81: ANCHO | F81: ALTURA | G81: CANT. | H81: TOTAL
H82: 1
G88: TOTAL | H88: =SUM(H82:H87) -> 1
B90: 2 | D90: EXCAVACIONES Y LLENOS
B92: CAPITULO: | C92: 12 | D92: URBANISMO | I92: ELABORÓ: | J92: FECHA:
I93: =+#REF! -> #REF! | J93: =+#REF! -> #REF!
B94: ITEM | C94: =VLOOKUP(B95,'2-Presupuesto'!B:I,2,0) -> #N/A | J94: UNIDAD:
B95: 2.1 | J95: =VLOOKUP(B95,'2-Presupuesto'!B:E,3,0) -> #N/A
I96: DETALLES
B97: ID VIGA | D97: LARGO | E97: ANCHO | F97: ALTURA | G97: M3 | H97: TOTAL
H98: =G98 -> 0
G105: TOTAL | H105: =ROUND((SUM(H98:H104)),2) -> 0
B106: CAPITULO: | C106: 12 | D106: URBANISMO | I106: ELABORÓ: | J106: FECHA:
I107: =+#REF! -> #REF! | J107: =+#REF! -> #REF!
B108: ITEM | C108: =VLOOKUP(B109,'2-Presupuesto'!B:I,2,0) -> #N/A | J108: UNIDAD:
B109: 2.2 | J109: =VLOOKUP(B109,'2-Presupuesto'!B:E,3,0) -> #N/A
I110: DETALLES
B111: Zona | C111: Cota sup | D111: Cota inf | E111: Cota desplante | F111: Promedio cotas | G111: M3 | H111: TOTAL
H112: =G112 -> 0
G118: TOTAL | H118: =SUM(H112:H117) -> 0
B119: CAPITULO: | C119: 12 | D119: URBANISMO | I119: ELABORÓ: | J119: FECHA:
I120: =+#REF! -> #REF! | J120: =+#REF! -> #REF!
B121: ITEM | C121: =VLOOKUP(B122,'2-Presupuesto'!B:I,2,0) -> #N/A | J121: UNIDAD:
B122: 2.3 | J122: =VLOOKUP(B122,'2-Presupuesto'!B:E,3,0) -> #N/A
I123: DETALLES
B124: UBICACIÓN | D124: LARGO | E124: ANCHO | F124: ALTURA | G124: AREA | H124: TOTAL
H125: 5
G131: TOTAL | H131: =SUM(H125:H130) -> 5
B132: CAPITULO: | C132: 12 | D132: URBANISMO | I132: ELABORÓ: | J132: FECHA:
I133: =+#REF! -> #REF! | J133: =+#REF! -> #REF!
B134: ITEM | C134: =VLOOKUP(B135,'2-Presupuesto'!B:I,2,0) -> #N/A | J134: UNIDAD:
B135: 2.4 | J135: =VLOOKUP(B135,'2-Presupuesto'!B:E,3,0) -> #N/A
I136: DETALLES
...

Sheet Otros Costos Admin
B2: =+'Costos Administracion'!B2 -> 0
B3: OTROS COSTOS ADMINISTRATIVOS
I4: PLAZO | J4: =+'Costos Administracion'!J4 -> 2
B5: ITEM | C5: DESCRIPCIÓN | D5: UNIDAD | E5: CANT | F5: SALARIO MENSUAL BÁSICO | G5: F.P | H5: DEDICACIÓN | I5: DURACIÓN (MESES) | J5: VALOR PARCIAL | M5: TABLA
B6: 8 | C6: Gastos de Legalización
B7: 8.1 | C7: Estampilla Prodesarrollo 6/1000 (Sobre el valor total del contrato sin el 50% del 4/1000) | D7: U | E7: 1 | F7: =+$L$16 -> 3.6427663e+08 | G7: 0.006 | J7: =ROUND(PRODUCT(D7:I7),0) -> 2185660 | M7: 0.01
B8: 8.2 | C8: Estampilla para el bienestar del adulto mayor | D8: U | E8: 1 | F8: =+$L$16 -> 3.6427663e+08 | G8: 0.02 | J8: =ROUND(PRODUCT(D8:I8),0) -> 7285533 | M8: 0.02
B9: 8.3 | C9: Estampilla Prohospitales públicos | D9: U | E9: 1 | F9: =+$L$16 -> 3.6427663e+08 | G9: 0.01 | J9: =ROUND(PRODUCT(D9:I9),0) -> 3642766 | M9: 0.01
B10: 8.4 | C10: Estampilla Politécnico Colombiano JIC 4/1000 | D10: U | E10: 1 | F10: =+$L$16 -> 3.6427663e+08 | G10: 0.004 | J10: =ROUND(PRODUCT(D10:I10),0) -> 1457107 | M10: 0.004
B11: 8.5 | C11: Estampilla Prodesarrollo Institucion Universitaria de Envigado (IUE) 4/1000 | D11: U | E11: 1 | F11: =+$L$16 -> 3.6427663e+08 | G11: 0.004 | J11: =ROUND(PRODUCT(D11:I11),0) -> 1457107 | M11: 0.004
B12: 8.6 | C12: Tasa Prodeporte y recreación | D12: U | E12: 1 | F12: =+$L$16 -> 3.6427663e+08 | G12: 0.025 | J12: =ROUND(PRODUCT(D12:I12),0) -> 9106916 | M12: 0.025
B13: 8.7 | C13: Tasa Procultura | D13: U | E13: 1 | F13: =+$L$16 -> 3.6427663e+08 | G13: 0 | J13: =ROUND(PRODUCT(D13:I13),0) -> 0
B14: 8.8 | C14: Impuesto de contribución especial- Obra Pública 5% | D14: U | E14: 1 | F14: =+$L$16 -> 3.6427663e+08 | G14: 0.05 | J14: =ROUND(PRODUCT(D14:I14),0) -> 18213832
B15: 8.9 | C15: Pro Intitucion Universitaria Digital de Antioquia IU - Digital | D15: U | E15: 1 | F15: =+$L$16 -> 3.6427663e+08 | G15: 0.004 | J15: =ROUND(PRODUCT(D15:I15),0) -> 1457107 | M15: 0.004
B16: TOTAL COSTOS ADMINISTRATIVOS | G16: =SUM(G7:G15) -> 0.123 | J16: =SUM(J7:J15) -> 44806028 | L16: 3.6427663e+08 | M16: =SUM(M7:M15) -> 0.077

Sheet 4.1-APU Aux
B2: =+'2-Presupuesto'!B4:D4 -> NOMBRE DEL PROYECTO:
B3: SUB-ANALISIS DE PRECIOS UNITARIOS
B4: CLV | C4: DESCRIPCION | D4: UN | E4: CANTIDAD | F4: % | G4: VR. UNIT. | H4: VR. TOTAL
B5: CT080KG | C5: =+VLOOKUP(B5,INSUMOS2,2,FALSE) -> Concreto 80kg/cm² 1:4:7 | D5: M3 | H5: =ROUND((+H6+H9+H13+H16),0) -> 461573
B6: I. EQUIPO Y HERRAMIENTA | H6: =SUM(H7:H8) -> 10388.04
B7: HTAMNR | C7: =+VLOOKUP(B7,'4.2-Insumos '!C:H,2,FALSE) -> Herramienta y equipo menor | D7: =+VLOOKUP(B7,'4.2-Insumos '!C:H,3,FALSE) -> % | F7: =+VLOOKUP($B7,'4.2-Insumos '!C:H,4,FALSE) -> 0.05 | G7: =+H16 -> 87760.8 | H7: =IFERROR(+F7*G7,"") -> 4388.04
B8: EQ1090 | C8: =+VLOOKUP(B8,'4.2-Insumos '!C:H,2,FALSE) -> Concretadora eléctrica 2 sacos | D8: =+VLOOKUP(B8,'4.2-Insumos '!C:H,3,FALSE) -> día | E8: 0.2 | G8: =+VLOOKUP(B8,'4.2-Insumos '!C:H,6,FALSE) -> 30000 | H8: =IFERROR(+E8*G8,"") -> 6000
B9: II. MATERIALES | H9: =SUM(H10:H12) -> 347305.22
B10: MAT1085 | C10: =+VLOOKUP(B10,'4.2-Insumos '!C:H,2,FALSE) -> Cemento gris (50kg) | D10: =+VLOOKUP(B10,'4.2-Insumos '!C:H,3,FALSE) -> saco | E10: 3.25 | G10: =+VLOOKUP(B10,'4.2-Insumos '!C:H,6,FALSE) -> 34500 | H10: =IFERROR(+E10*G10,"") -> 112125
B11: MAT1025 | C11: =+VLOOKUP(B11,'4.2-Insumos '!C:H,2,FALSE) -> Arena para concreto incluye transporte | D11: =+VLOOKUP(B11,'4.2-Insumos '!C:H,3,FALSE) -> m3 | E11: 0.52 | G11: =+VLOOKUP(B11,'4.2-Insumos '!C:H,6,FALSE) -> 148641 | H11: =IFERROR(+E11*G11,"") -> 77293.32
B12: MAT1330 | C12: =+VLOOKUP(B12,'4.2-Insumos '!C:H,2,FALSE) -> Triturado 3/4'' -Incluye Transporte | D12: =+VLOOKUP(B12,'4.2-Insumos '!C:H,3,FALSE) -> m3 | E12: 1.025 | G12: =+VLOOKUP(B12,'4.2-Insumos '!C:H,6,FALSE) -> 154036 | H12: =IFERROR(+E12*G12,"") -> 157886.9
B13: III. TRANSPORTES | H13: =SUM(H14:H15) -> 16119
B14: TR1060 | C14: =+VLOOKUP(B14,'4.2-Insumos '!C:H,2,FALSE) -> Transporte de materiales en volqueta | D14: =+VLOOKUP(B14,'4.2-Insumos '!C:H,3,FALSE) -> viaje | E14: 0 | G14: =+VLOOKUP(B14,'4.2-Insumos '!C:H,6,FALSE) -> 500000 | H14: =IFERROR(+E14*G14,"") -> 0
B15: TR1080 | C15: =+VLOOKUP(B15,'4.2-Insumos '!C:H,2,FALSE) -> Transporte de materiales interno | D15: =+VLOOKUP(B15,'4.2-Insumos '!C:H,3,FALSE) -> m3 | E15: 1 | G15: =+VLOOKUP(B15,'4.2-Insumos '!C:H,6,FALSE) -> 16119 | H15: =IFERROR(+E15*G15,"") -> 16119
B16: IV. MANO DE OBRA | H16: =SUM(H17:H18) -> 87760.8
B17: MOAYUDR | C17: =+VLOOKUP(B17,'4.2-Insumos '!C:H,2,FALSE) -> Ayudante raso | D17: =+VLOOKUP(B17,'4.2-Insumos '!C:H,3,FALSE) -> día | E17: 0.24 | G17: =+VLOOKUP(B17,'4.2-Insumos '!C:H,6,FALSE)*3 -> 257520 | H17: =IFERROR(+E17*G17,"") -> 61804.8
B18: MOAYUDA | C18: =+VLOOKUP(B18,'4.2-Insumos '!C:H,2,FALSE) -> Ayudante entendido | D18: =+VLOOKUP(B18,'4.2-Insumos '!C:H,3,FALSE) -> día | E18: =+E17 -> 0.24 | G18: =+VLOOKUP(B18,'4.2-Insumos '!C:H,6,FALSE) -> 108150 | H18: =IFERROR(+E18*G18,"") -> 25956
B19: CT110KG | C19: =+VLOOKUP(B19,INSUMOS2,2,FALSE) -> Concreto 110kg/cm² 1:3:5 | D19: M3 | H19: =ROUND((+H20+H23+H27+H30),0) -> 493727
B20: I. EQUIPO Y HERRAMIENTA | H20: =SUM(H21:H22) -> 10388.04
B21: HTAMNR | C21: =+VLOOKUP(B21,'4.2-Insumos '!C:H,2,FALSE) -> Herramienta y equipo menor | D21: =+VLOOKUP(B21,'4.2-Insumos '!C:H,3,FALSE) -> % | F21: =+VLOOKUP($B21,'4.2-Insumos '!C:H,4,FALSE) -> 0.05 | G21: =+H30 -> 87760.8 | H21: =IFERROR(+F21*G21,"") -> 4388.04
B22: EQ1090 | C22: =+VLOOKUP(B22,'4.2-Insumos '!C:H,2,FALSE) -> Concretadora eléctrica 2 sacos | D22: =+VLOOKUP(B22,'4.2-Insumos '!C:H,3,FALSE) -> día | E22: 0.2 | G22: =+VLOOKUP(B22,'4.2-Insumos '!C:H,6,FALSE) -> 30000 | H22: =IFERROR(+E22*G22,"") -> 6000
B23: II. MATERIALES | H23: =SUM(H24:H26) -> 379458.88
B24: MAT1085 | C24: =+VLOOKUP(B24,'4.2-Insumos '!C:H,2,FALSE) -> Cemento gris (50kg) | D24: =+VLOOKUP(B24,'4.2-Insumos '!C:H,3,FALSE) -> saco | E24: 4.5 | G24: =+VLOOKUP(B24,'4.2-Insumos '!C:H,6,FALSE) -> 34500 | H24: =IFERROR(+E24*G24,"") -> 155250
B25: MAT1025 | C25: =+VLOOKUP(B25,'4.2-Insumos '!C:H,2,FALSE) -> Arena para concreto incluye transporte | D25: =+VLOOKUP(B25,'4.2-Insumos '!C:H,3,FALSE) -> m3 | E25: 0.555 | G25: =+VLOOKUP(B25,'4.2-Insumos '!C:H,6,FALSE) -> 148641 | H25: =IFERROR(+E25*G25,"") -> 82495.755
B26: MAT1330 | C26: =+VLOOKUP(B26,'4.2-Insumos '!C:H,2,FALSE) -> Triturado 3/4'' -Incluye Transporte | D26: =+VLOOKUP(B26,'4.2-Insumos '!C:H,3,FALSE) -> m3 | E26: 0.92 | G26: =+VLOOKUP(B26,'4.2-Insumos '!C:H,6,FALSE) -> 154036 | H26: =IFERROR(+E26*G26,"") -> 141713.12
B27: III. TRANSPORTES | H27: =SUM(H28:H29) -> 16119
B28: TR1060 | C28: =+VLOOKUP(B28,'4.2-Insumos '!C:H,2,FALSE) -> Transporte de materiales en volqueta | D28: =+VLOOKUP(B28,'4.2-Insumos '!C:H,3,FALSE) -> viaje | E28: 0 | G28: =+VLOOKUP(B28,'4.2-Insumos '!C:H,6,FALSE) -> 500000 | H28: =IFERROR(+E28*G28,"") -> 0
B29: TR1080 | C29: =+VLOOKUP(B29,'4.2-Insumos '!C:H,2,FALSE) -> Transporte de materiales interno | D29: =+VLOOKUP(B29,'4.2-Insumos '!C:H,3,FALSE) -> m3 | E29: 1 | G29: =+VLOOKUP(B29,'4.2-Insumos '!C:H,6,FALSE) -> 16119 | H29: =IFERROR(+E29*G29,"") -> 16119
B30: IV. MANO DE OBRA | H30: =SUM(H31:H32) -> 87760.8
B31: MOAYUDR | C31: =+VLOOKUP(B31,'4.2-Insumos '!C:H,2,FALSE) -> Ayudante raso | D31: =+VLOOKUP(B31,'4.2-Insumos '!C:H,3,FALSE) -> día | E31: 0.24 | G31: =+VLOOKUP(B31,'4.2-Insumos '!C:H,6,FALSE)*3 -> 257520 | H31: =IFERROR(+E31*G31,"") -> 61804.8
B32: MOAYUDA | C32: =+VLOOKUP(B32,'4.2-Insumos '!C:H,2,FALSE) -> Ayudante entendido | D32: =+VLOOKUP(B32,'4.2-Insumos '!C:H,3,FALSE) -> día | E32: =+E31 -> 0.24 | G32: =+VLOOKUP(B32,'4.2-Insumos '!C:H,6,FALSE) -> 108150 | H32: =IFERROR(+E32*G32,"") -> 25956
B33: CT140KG | C33: =+VLOOKUP(B33,INSUMOS2,2,FALSE) -> Concreto 140kg/cm² 1:3:4 | D33: M3 | H33: =ROUND((+H34+H37+H41+H44),0) -> 516914
B34: I. EQUIPO Y HERRAMIENTA | H34: =SUM(H35:H36) -> 10388.04
B35: HTAMNR | C35: =+VLOOKUP(B35,'4.2-Insumos '!C:H,2,FALSE) -> Herramienta y equipo menor | D35: =+VLOOKUP(B35,'4.2-Insumos '!C:H,3,FALSE) -> % | F35: =+VLOOKUP($B35,'4.2-Insumos '!C:H,4,FALSE) -> 0.05 | G35: =+H44 -> 87760.8 | H35: =IFERROR(+F35*G35,"") -> 4388.04
B36: EQ1090 | C36: =+VLOOKUP(B36,'4.2-Insumos '!C:H,2,FALSE) -> Concretadora eléctrica 2 sacos | D36: =+VLOOKUP(B36,'4.2-Insumos '!C:H,3,FALSE) -> día | E36: 0.2 | G36: =+VLOOKUP(B36,'4.2-Insumos '!C:H,6,FALSE) -> 30000 | H36: =IFERROR(+E36*G36,"") -> 6000
B37: II. MATERIALES | H37: =SUM(H38:H40) -> 402645.68
B38: MAT1085 | C38: =+VLOOKUP(B38,'4.2-Insumos '!C:H,2,FALSE) -> Cemento gris (50kg) | D38: =+VLOOKUP(B38,'4.2-Insumos '!C:H,3,FALSE) -> saco | E38: 5.25 | G38: =+VLOOKUP(B38,'4.2-Insumos '!C:H,6,FALSE) -> 34500 | H38: =IFERROR(+E38*G38,"") -> 181125
B39: MAT1025 | C39: =+VLOOKUP(B39,'4.2-Insumos '!C:H,2,FALSE) -> Arena para concreto incluye transporte | D39: =+VLOOKUP(B39,'4.2-Insumos '!C:H,3,FALSE) -> m3 | E39: 0.625 | G39: =+VLOOKUP(B39,'4.2-Insumos '!C:H,6,FALSE) -> 148641 | H39: =IFERROR(+E39*G39,"") -> 92900.625
B40: MAT1330 | C40: =+VLOOKUP(B40,'4.2-Insumos '!C:H,2,FALSE) -> Triturado 3/4'' -Incluye Transporte | D40: =+VLOOKUP(B40,'4.2-Insumos '!C:H,3,FALSE) -> m3 | E40: 0.835 | G40: =+VLOOKUP(B40,'4.2-Insumos '!C:H,6,FALSE) -> 154036 | H40: =IFERROR(+E40*G40,"") -> 128620.06
B41: III. TRANSPORTES | H41: =SUM(H42:H43) -> 16119
B42: TR1060 | C42: =+VLOOKUP(B42,'4.2-Insumos '!C:H,2,FALSE) -> Transporte de materiales en volqueta | D42: =+VLOOKUP(B42,'4.2-Insumos '!C:H,3,FALSE) -> viaje | E42: 0 | G42: =+VLOOKUP(B42,'4.2-Insumos '!C:H,6,FALSE) -> 500000 | H42: =IFERROR(+E42*G42,"") -> 0
B43: TR1080 | C43: =+VLOOKUP(B43,'4.2-Insumos '!C:H,2,FALSE) -> Transporte de materiales interno | D43: =+VLOOKUP(B43,'4.2-Insumos '!C:H,3,FALSE) -> m3 | E43: 1 | G43: =+VLOOKUP(B43,'4.2-Insumos '!C:H,6,FALSE) -> 16119 | H43: =IFERROR(+E43*G43,"") -> 16119
B44: IV. MANO DE OBRA | H44: =SUM(H45:H46) -> 87760.8
B45: MOAYUDR | C45: =+VLOOKUP(B45,'4.2-Insumos '!C:H,2,FALSE) -> Ayudante raso | D45: =+VLOOKUP(B45,'4.2-Insumos '!C:H,3,FALSE) -> día | E45: 0.24 | G45: =+VLOOKUP(B45,'4.2-Insumos '!C:H,6,FALSE)*3 -> 257520 | H45: =IFERROR(+E45*G45,"") -> 61804.8
B46: MOAYUDA | C46: =+VLOOKUP(B46,'4.2-Insumos '!C:H,2,FALSE) -> Ayudante entendido | D46: =+VLOOKUP(B46,'4.2-Insumos '!C:H,3,FALSE) -> día | E46: =+E45 -> 0.24 | G46: =+VLOOKUP(B46,'4.2-Insumos '!C:H,6,FALSE) -> 108150 | H46: =IFERROR(+E46*G46,"") -> 25956
B47: CT170KG | C47: =+VLOOKUP(B47,INSUMOS2,2,FALSE) -> Concreto 170kg/cm² 1:3:3 | D47: M3 | H47: =ROUND((+H48+H51+H55+H58),0) -> 537682
B48: I. EQUIPO Y HERRAMIENTA | H48: =SUM(H49:H50) -> 10388.04
B49: HTAMNR | C49: =+VLOOKUP(B49,'4.2-Insumos '!C:H,2,FALSE) -> Herramienta y equipo menor | D49: =+VLOOKUP(B49,'4.2-Insumos '!C:H,3,FALSE) -> % | F49: =+VLOOKUP($B49,'4.2-Insumos '!C:H,4,FALSE) -> 0.05 | G49: =+H58 -> 87760.8 | H49: =IFERROR(+F49*G49,"") -> 4388.04
B50: EQ1090 | C50: =+VLOOKUP(B50,'4.2-Insumos '!C:H,2,FALSE) -> Concretadora eléctrica 2 sacos | D50: =+VLOOKUP(B50,'4.2-Insumos '!C:H,3,FALSE) -> día | E50: 0.2 | G50: =+VLOOKUP(B50,'4.2-Insumos '!C:H,6,FALSE) -> 30000 | H50: =IFERROR(+E50*G50,"") -> 6000
B51: II. MATERIALES | H51: =SUM(H52:H54) -> 423414.05
B52: MAT1085 | C52: =+VLOOKUP(B52,'4.2-Insumos '!C:H,2,FALSE) -> Cemento gris (50kg) | D52: =+VLOOKUP(B52,'4.2-Insumos '!C:H,3,FALSE) -> saco | E52: 6 | G52: =+VLOOKUP(B52,'4.2-Insumos '!C:H,6,FALSE) -> 34500 | H52: =IFERROR(+E52*G52,"") -> 207000
B53: MAT1025 | C53: =+VLOOKUP(B53,'4.2-Insumos '!C:H,2,FALSE) -> Arena para concreto incluye transporte | D53: =+VLOOKUP(B53,'4.2-Insumos '!C:H,3,FALSE) -> m3 | E53: 0.715 | G53: =+VLOOKUP(B53,'4.2-Insumos '!C:H,6,FALSE) -> 148641 | H53: =IFERROR(+E53*G53,"") -> 106278.32
B54: MAT1330 | C54: =+VLOOKUP(B54,'4.2-Insumos '!C:H,2,FALSE) -> Triturado 3/4'' -Incluye Transporte | D54: =+VLOOKUP(B54,'4.2-Insumos '!C:H,3,FALSE) -> m3 | E54: 0.715 | G54: =+VLOOKUP(B54,'4.2-Insumos '!C:H,6,FALSE) -> 154036 | H54: =IFERROR(+E54*G54,"") -> 110135.74
B55: III. TRANSPORTES | H55: =SUM(H56:H57) -> 16119
B56: TR1060 | C56: =+VLOOKUP(B56,'4.2-Insumos '!C:H,2,FALSE) -> Transporte de materiales en volqueta | D56: =+VLOOKUP(B56,'4.2-Insumos '!C:H,3,FALSE) -> viaje | E56: 0 | G56: =+VLOOKUP(B56,'4.2-Insumos '!C:H,6,FALSE) -> 500000 | H56: =IFERROR(+E56*G56,"") -> 0
B57: TR1080 | C57: =+VLOOKUP(B57,'4.2-Insumos '!C:H,2,FALSE) -> Transporte de materiales interno | D57: =+VLOOKUP(B57,'4.2-Insumos '!C:H,3,FALSE) -> m3 | E57: 1 | G57: =+VLOOKUP(B57,'4.2-Insumos '!C:H,6,FALSE) -> 16119 | H57: =IFERROR(+E57*G57,"") -> 16119
B58: IV. MANO DE OBRA | H58: =SUM(H59:H60) -> 87760.8
B59: MOAYUDR | C59: =+VLOOKUP(B59,'4.2-Insumos '!C:H,2,FALSE) -> Ayudante raso | D59: =+VLOOKUP(B59,'4.2-Insumos '!C:H,3,FALSE) -> día | E59: 0.24 | G59: =+VLOOKUP(B59,'4.2-Insumos '!C:H,6,FALSE)*3 -> 257520 | H59: =IFERROR(+E59*G59,"") -> 61804.8
B60: MOAYUDA | C60: =+VLOOKUP(B60,'4.2-Insumos '!C:H,2,FALSE) -> Ayudante entendido | D60: =+VLOOKUP(B60,'4.2-Insumos '!C:H,3,FALSE) -> día | E60: =+E59 -> 0.24 | G60: =+VLOOKUP(B60,'4.2-Insumos '!C:H,6,FALSE) -> 108150 | H60: =IFERROR(+E60*G60,"") -> 25956
B61: CT180KG | C61: =+VLOOKUP(B61,INSUMOS2,2,FALSE) -> Concreto 180kg/cm² 1:2:4 | D61: M3 | H61: =ROUND((+H62+H65+H69+H72),0) -> 538207
B62: I. EQUIPO Y HERRAMIENTA | H62: =SUM(H63:H64) -> 10388.04
B63: HTAMNR | C63: =+VLOOKUP(B63,'4.2-Insumos '!C:H,2,FALSE) -> Herramienta y equipo menor | D63: =+VLOOKUP(B63,'4.2-Insumos '!C:H,3,FALSE) -> % | F63: =+VLOOKUP($B63,'4.2-Insumos '!C:H,4,FALSE) -> 0.05 | G63: =+H72 -> 87760.8 | H63: =IFERROR(+F63*G63,"") -> 4388.04
B64: EQ1090 | C64: =+VLOOKUP(B64,'4.2-Insumos '!C:H,2,FALSE) -> Concretadora eléctrica 2 sacos | D64: =+VLOOKUP(B64,'4.2-Insumos '!C:H,3,FALSE) -> día | E64: 0.2 | G64: =+VLOOKUP(B64,'4.2-Insumos '!C:H,6,FALSE) -> 30000 | H64: =IFERROR(+E64*G64,"") -> 6000
B65: II. MATERIALES | H65: =SUM(H66:H68) -> 423938.67
B66: MAT1085 | C66: =+VLOOKUP(B66,'4.2-Insumos '!C:H,2,FALSE) -> Cemento gris (50kg) | D66: =+VLOOKUP(B66,'4.2-Insumos '!C:H,3,FALSE) -> saco | E66: 6 | G66: =+VLOOKUP(B66,'4.2-Insumos '!C:H,6,FALSE) -> 34500 | H66: =IFERROR(+E66*G66,"") -> 207000
B67: MAT1025 | C67: =+VLOOKUP(B67,'4.2-Insumos '!C:H,2,FALSE) -> Arena para concreto incluye transporte | D67: =+VLOOKUP(B67,'4.2-Insumos '!C:H,3,FALSE) -> m3 | E67: 0.475 | G67: =+VLOOKUP(B67,'4.2-Insumos '!C:H,6,FALSE) -> 148641 | H67: =IFERROR(+E67*G67,"") -> 70604.475
B68: MAT1330 | C68: =+VLOOKUP(B68,'4.2-Insumos '!C:H,2,FALSE) -> Triturado 3/4'' -Incluye Transporte | D68: =+VLOOKUP(B68,'4.2-Insumos '!C:H,3,FALSE) -> m3 | E68: 0.95 | G68: =+VLOOKUP(B68,'4.2-Insumos '!C:H,6,FALSE) -> 154036 | H68: =IFERROR(+E68*G68,"") -> 146334.2
B69: III. TRANSPORTES | H69: =SUM(H70:H71) -> 16119
B70: TR1060 | C70: =+VLOOKUP(B70,'4.2-Insumos '!C:H,2,FALSE) -> Transporte de materiales en volqueta | D70: =+VLOOKUP(B70,'4.2-Insumos '!C:H,3,FALSE) -> viaje | E70: 0 | G70: =+VLOOKUP(B70,'4.2-Insumos '!C:H,6,FALSE) -> 500000 | H70: =IFERROR(+E70*G70,"") -> 0
B71: TR1080 | C71: =+VLOOKUP(B71,'4.2-Insumos '!C:H,2,FALSE) -> Transporte de materiales interno | D71: =+VLOOKUP(B71,'4.2-Insumos '!C:H,3,FALSE) -> m3 | E71: 1 | G71: =+VLOOKUP(B71,'4.2-Insumos '!C:H,6,FALSE) -> 16119 | H71: =IFERROR(+E71*G71,"") -> 16119
B72: IV. MANO DE OBRA | H72: =SUM(H73:H74) -> 87760.8
B73: MOAYUDR | C73: =+VLOOKUP(B73,'4.2-Insumos '!C:H,2,FALSE) -> Ayudante raso | D73: =+VLOOKUP(B73,'4.2-Insumos '!C:H,3,FALSE) -> día | E73: 0.24 | G73: =+VLOOKUP(B73,'4.2-Insumos '!C:H,6,FALSE)*3 -> 257520 | H73: =IFERROR(+E73*G73,"") -> 61804.8 | J73: =+G73 -> 257520 | K73: 1 | L73: =+J73*K73 -> 257520
B74: MOAYUDA | C74: =+VLOOKUP(B74,'4.2-Insumos '!C:H,2,FALSE) -> Ayudante entendido | D74: =+VLOOKUP(B74,'4.2-Insumos '!C:H,3,FALSE) -> día | E74: =+E73 -> 0.24 | G74: =+VLOOKUP(B74,'4.2-Insumos '!C:H,6,FALSE) -> 108150 | H74: =IFERROR(+E74*G74,"") -> 25956 | J74: =+G74 -> 108150 | K74: 1 | L74: =+J74*K74 -> 108150
B75: CT210KG | C75: =+VLOOKUP(B75,INSUMOS2,2,FALSE) -> Concreto 210kg/cm² 1:2:3 | D75: M3 | H75: =ROUND((+H76+H79+H83+H86),0) -> 577234 | J75: =+'JORNALES Y CUADRILLAS 2024'!C6 -> 85839.639 | K75: 2 | L75: =+J75*K75 -> 171679.28
B76: I. EQUIPO Y HERRAMIENTA | H76: =SUM(H77:H78) -> 10388.04
B77: HTAMNR | C77: =+VLOOKUP(B77,'4.2-Insumos '!C:H,2,FALSE) -> Herramienta y equipo menor | D77: =+VLOOKUP(B77,'4.2-Insumos '!C:H,3,FALSE) -> % | F77: =+VLOOKUP($B77,'4.2-Insumos '!C:H,4,FALSE) -> 0.05 | G77: =+H86 -> 87760.8 | H77: =IFERROR(+F77*G77,"") -> 4388.04 | L77: =SUM(L73:L76) -> 537349.28 | M77: =1/5 -> 0.2 | N77: =+L77*M77 -> 107469.86
B78: EQ1090 | C78: =+VLOOKUP(B78,'4.2-Insumos '!C:H,2,FALSE) -> Concretadora eléctrica 2 sacos | D78: =+VLOOKUP(B78,'4.2-Insumos '!C:H,3,FALSE) -> día | E78: 0.2 | G78: =+VLOOKUP(B78,'4.2-Insumos '!C:H,6,FALSE) -> 30000 | H78: =IFERROR(+E78*G78,"") -> 6000
B79: II. MATERIALES | H79: =SUM(H80:H82) -> 462965.82
B80: MAT1085 | C80: =+VLOOKUP(B80,'4.2-Insumos '!C:H,2,FALSE) -> Cemento gris (50kg) | D80: =+VLOOKUP(B80,'4.2-Insumos '!C:H,3,FALSE) -> saco | E80: 7.3 | G80: =+VLOOKUP(B80,'4.2-Insumos '!C:H,6,FALSE) -> 34500 | H80: =IFERROR(+E80*G80,"") -> 251850
B81: MAT1025 | C81: =+VLOOKUP(B81,'4.2-Insumos '!C:H,2,FALSE) -> Arena para concreto incluye transporte | D81: =+VLOOKUP(B81,'4.2-Insumos '!C:H,3,FALSE) -> m3 | E81: 0.555 | G81: =+VLOOKUP(B81,'4.2-Insumos '!C:H,6,FALSE) -> 148641 | H81: =IFERROR(+E81*G81,"") -> 82495.755
B82: MAT1330 | C82: =+VLOOKUP(B82,'4.2-Insumos '!C:H,2,FALSE) -> Triturado 3/4'' -Incluye Transporte | D82: =+VLOOKUP(B82,'4.2-Insumos '!C:H,3,FALSE) -> m3 | E82: 0.835 | G82: =+VLOOKUP(B82,'4.2-Insumos '!C:H,6,FALSE) -> 154036 | H82: =IFERROR(+E82*G82,"") -> 128620.06
B83: III. TRANSPORTES | H83: =SUM(H84:H85) -> 16119
B84: TR1060 | C84: =+VLOOKUP(B84,'4.2-Insumos '!C:H,2,FALSE) -> Transporte de materiales en volqueta | D84: =+VLOOKUP(B84,'4.2-Insumos '!C:H,3,FALSE) -> viaje | E84: 0 | G84: =+VLOOKUP(B84,'4.2-Insumos '!C:H,6,FALSE) -> 500000 | H84: =IFERROR(+E84*G84,"") -> 0
B85: TR1080 | C85: =+VLOOKUP(B85,'4.2-Insumos '!C:H,2,FALSE) -> Transporte de materiales interno | D85: =+VLOOKUP(B85,'4.2-Insumos '!C:H,3,FALSE) -> m3 | E85: 1 | G85: =+VLOOKUP(B85,'4.2-Insumos '!C:H,6,FALSE) -> 16119 | H85: =IFERROR(+E85*G85,"") -> 16119
B86: IV. MANO DE OBRA | H86: =SUM(H87:H88) -> 87760.8
B87: MOAYUDR | C87: =+VLOOKUP(B87,'4.2-Insumos '!C:H,2,FALSE) -> Ayudante raso | D87: =+VLOOKUP(B87,'4.2-Insumos '!C:H,3,FALSE) -> día | E87: 0.24 | G87: =+VLOOKUP(B87,'4.2-Insumos '!C:H,6,FALSE)*3 -> 257520 | H87: =IFERROR(+E87*G87,"") -> 61804.8
B88: MOAYUDA | C88: =+VLOOKUP(B88,'4.2-Insumos '!C:H,2,FALSE) -> Ayudante entendido | D88: =+VLOOKUP(B88,'4.2-Insumos '!C:H,3,FALSE) -> día | E88: =+E87 -> 0.24 | G88: =+VLOOKUP(B88,'4.2-Insumos '!C:H,6,FALSE) -> 108150 | H88: =IFERROR(+E88*G88,"") -> 25956
B89: CT245KG | C89: =+VLOOKUP(B89,INSUMOS2,2,FALSE) -> Concreto 245kg/cm² 1:2:2 | D89: M3 | H89: =ROUND((+H90+H93+H97+H100),0) -> 603186
B90: I. EQUIPO Y HERRAMIENTA | H90: =SUM(H91:H92) -> 11888.04
B91: HTAMNR | C91: =+VLOOKUP(B91,'4.2-Insumos '!C:H,2,FALSE) -> Herramienta y equipo menor | D91: =+VLOOKUP(B91,'4.2-Insumos '!C:H,3,FALSE) -> % | F91: =+VLOOKUP($B91,'4.2-Insumos '!C:H,4,FALSE) -> 0.05 | G91: =+H100 -> 87760.8 | H91: =IFERROR(+F91*G91,"") -> 4388.04
B92: EQ1090 | C92: =+VLOOKUP(B92,'4.2-Insumos '!C:H,2,FALSE) -> Concretadora eléctrica 2 sacos | D92: =+VLOOKUP(B92,'4.2-Insumos '!C:H,3,FALSE) -> día | E92: 0.25 | G92: =+VLOOKUP(B92,'4.2-Insumos '!C:H,6,FALSE) -> 30000 | H92: =IFERROR(+E92*G92,"") -> 7500
B93: II. MATERIALES | H93: =SUM(H94:H96) -> 487418.59
B94: MAT1085 | C94: =+VLOOKUP(B94,'4.2-Insumos '!C:H,2,FALSE) -> Cemento gris (50kg) | D94: =+VLOOKUP(B94,'4.2-Insumos '!C:H,3,FALSE) -> saco | E94: 8.25 | G94: =+VLOOKUP(B94,'4.2-Insumos '!C:H,6,FALSE) -> 34500 | H94: =IFERROR(+E94*G94,"") -> 284625
B95: MAT1025 | C95: =+VLOOKUP(B95,'4.2-Insumos '!C:H,2,FALSE) -> Arena para concreto incluye transporte | D95: =+VLOOKUP(B95,'4.2-Insumos '!C:H,3,FALSE) -> m3 | E95: 0.67 | G95: =+VLOOKUP(B95,'4.2-Insumos '!C:H,6,FALSE) -> 148641 | H95: =IFERROR(+E95*G95,"") -> 99589.47
B96: MAT1330 | C96: =+VLOOKUP(B96,'4.2-Insumos '!C:H,2,FALSE) -> Triturado 3/4'' -Incluye Transporte | D96: =+VLOOKUP(B96,'4.2-Insumos '!C:H,3,FALSE) -> m3 | E96: 0.67 | G96: =+VLOOKUP(B96,'4.2-Insumos '!C:H,6,FALSE) -> 154036 | H96: =IFERROR(+E96*G96,"") -> 103204.12
B97: III. TRANSPORTES | H97: =SUM(H98:H99) -> 16119
B98: TR1060 | C98: =+VLOOKUP(B98,'4.2-Insumos '!C:H,2,FALSE) -> Transporte de materiales en volqueta | D98: =+VLOOKUP(B98,'4.2-Insumos '!C:H,3,FALSE) -> viaje | E98: 0 | G98: =+VLOOKUP(B98,'4.2-Insumos '!C:H,6,FALSE) -> 500000 | H98: =IFERROR(+E98*G98,"") -> 0
B99: TR1080 | C99: =+VLOOKUP(B99,'4.2-Insumos '!C:H,2,FALSE) -> Transporte de materiales interno | D99: =+VLOOKUP(B99,'4.2-Insumos '!C:H,3,FALSE) -> m3 | E99: 1 | G99: =+VLOOKUP(B99,'4.2-Insumos '!C:H,6,FALSE) -> 16119 | H99: =IFERROR(+E99*G99,"") -> 16119
B100: IV. MANO DE OBRA | H100: =SUM(H101:H102) -> 87760.8
B101: MOAYUDR | C101: =+VLOOKUP(B101,'4.2-Insumos '!C:H,2,FALSE) -> Ayudante raso | D101: =+VLOOKUP(B101,'4.2-Insumos '!C:H,3,FALSE) -> día | E101: 0.24 | G101: =+VLOOKUP(B101,'4.2-Insumos '!C:H,6,FALSE)*3 -> 257520 | H101: =IFERROR(+E101*G101,"") -> 61804.8
...

Sheet 4-APU VIV
A1: MENU!E10
B2: CONSTRUCCIÓN VIVIENDA NUEVA
B3: ="ANALISIS DE PRECIOS UNITARIOS" -> ANALISIS DE PRECIOS UNITARIOS
B4: ITEM | C4: DESCRIPCION | D4: UN | E4: CANTIDAD | F4: % | G4: VR. UNIT. | H4: VR. TOTAL
B5: 1 | C5: PRELIMINARES
B8: 6 | C8: INSTALACIONES HIDRÁULICAS E HIDROSANITARIAS
B13: 9 | C13: ENCHAPES Y ACABADOS
B16: 9.2 | C16: Aplicación de PINTURA ACRÍLICA en muros para Exteriores (hidrorepelente) tipo koraza o similar de primera calidad, incluye sellante para poros tipo Sellomax o similar, 2 manos o las que sean necesarias para obtener una superficie pareja y homogénea. Incluye suministro y transporte de los materiales, preparada y adecuación de la superficie a intervenir. Color a definir aprobado por la interventoría. | D16: m2 | E16: 118.88 | H16: =ROUND((+H17+H20+H27+H29),0) -> 31052
B17: I. EQUIPO Y HERRAMIENTA | H17: =SUM(H18:H19) -> 2747.425
B18: HTAMNR | C18: =+VLOOKUP(B18,'[6]4.2-Insumos 2025'!C:H,2,FALSE) -> Herramienta y equipo menor | D18: =VLOOKUP(B18,'[6]4.2-Insumos 2025'!C:H,3,FALSE) -> % | F18: =+VLOOKUP($B18,INSUMOS2,4,FALSE) -> 0.05 | G18: =+H29 -> 12300.5 | H18: =+F18*G18 -> 615.025
B19: MAT1291 | C19: =+VLOOKUP(B19,'[6]4.2-Insumos 2025'!C:H,2,FALSE) -> Andamio Multidireccional Certificado | D19: =VLOOKUP(B19,'[6]4.2-Insumos 2025'!C:H,3,FALSE) -> dia | E19: =E30*2 -> 0.1 | G19: =+VLOOKUP(B19,'[6]4.2-Insumos 2025'!C:H,6,FALSE) -> 21324 | H19: =+E19*(1+F19)*G19 -> 2132.4
B20: II. MATERIALES | H20: =SUM(H21:H26) -> 15269.45
B21: AD1180 | C21: =+VLOOKUP(B21,'[6]4.2-Insumos 2025'!C:H,2,FALSE) -> Pintura para exteriores alta resistencia para muros y zócalos (tipo bronco, corona, Koraza o similar) | D21: =VLOOKUP(B21,'[6]4.2-Insumos 2025'!C:H,3,FALSE) -> gal | E21: 0.05 | F21: 0.05 | G21: =+VLOOKUP(B21,'[6]4.2-Insumos 2025'!C:H,6,FALSE) -> 122900 | H21: =+E21*(1+F21)*G21 -> 6452.25
B22: MAT1120 | C22: =+VLOOKUP(B22,'[6]4.2-Insumos 2025'!C:H,2,FALSE) -> Estopa blanca -500 gr | D22: =VLOOKUP(B22,'[6]4.2-Insumos 2025'!C:H,3,FALSE) -> bolsa | E22: 0.1 | G22: =+VLOOKUP(B22,'[6]4.2-Insumos 2025'!C:H,6,FALSE) -> 5950 | H22: =+E22*(1+F22)*G22 -> 595
B23: MAT1220 | C23: =+VLOOKUP(B23,'[6]4.2-Insumos 2025'!C:H,2,FALSE) -> Papel de lija | D23: =VLOOKUP(B23,'[6]4.2-Insumos 2025'!C:H,3,FALSE) -> un | E23: 0.5 | G23: =+VLOOKUP(B23,'[6]4.2-Insumos 2025'!C:H,6,FALSE) -> 1400 | H23: =+E23*(1+F23)*G23 -> 700
B24: AD1212 | C24: =+VLOOKUP(B24,'[6]4.2-Insumos 2025'!C:H,2,FALSE) -> Sellomax o similar , recubrimiento acrilico | D24: =VLOOKUP(B24,'[6]4.2-Insumos 2025'!C:H,3,FALSE) -> gal | E24: =1/20 -> 0.05 | G24: =+VLOOKUP(B24,'[6]4.2-Insumos 2025'!C:H,6,FALSE) -> 110768 | H24: =+E24*(1+F24)*G24 -> 5538.4
B25: AD1166 | C25: =+VLOOKUP(B25,'[6]4.2-Insumos 2025'!C:H,2,FALSE) -> Estucor - 30 kg | D25: =VLOOKUP(B25,'[6]4.2-Insumos 2025'!C:H,3,FALSE) -> kg | E25: 0.3 | G25: =+VLOOKUP(B25,'[6]4.2-Insumos 2025'!C:H,6,FALSE) -> 3796 | H25: =+E25*(1+F25)*G25 -> 1138.8
B26: MAT1076 | C26: =+VLOOKUP(B26,'[6]4.2-Insumos 2025'!C:H,2,FALSE) -> Rodillo | D26: =VLOOKUP(B26,'[6]4.2-Insumos 2025'!C:H,3,FALSE) -> un | E26: 0.05 | G26: =+VLOOKUP(B26,'[6]4.2-Insumos 2025'!C:H,6,FALSE) -> 16900 | H26: =+E26*(1+F26)*G26 -> 845
B27: III. TRANSPORTES | H27: =SUM(H28) -> 735
B28: TR1070 | C28: =+VLOOKUP(B28,'[6]4.2-Insumos 2025'!C:H,2,FALSE) -> Transporte de materiales varios | D28: =VLOOKUP(B28,'[6]4.2-Insumos 2025'!C:H,3,FALSE) -> viaje | F28: 0.03 | G28: =+VLOOKUP(B28,'[6]4.2-Insumos 2025'!C:H,6,FALSE) -> 24500 | H28: =+F28*G28 -> 735
B29: IV. MANO DE OBRA | H29: =SUM(H30:H31) -> 12300.5
B30: MOFICIAL | C30: =+VLOOKUP(B30,'[6]4.2-Insumos 2025'!C:H,2,FALSE) -> Mo oficial | D30: =VLOOKUP(B30,'[6]4.2-Insumos 2025'!C:H,3,FALSE) -> día | E30: 0.05 | G30: =+VLOOKUP(B30,'[6]4.2-Insumos 2025'!C:H,6,FALSE) -> 160726 | H30: =+E30*G30 -> 8036.3
B31: MOAYUDR | C31: =+VLOOKUP(B31,'[6]4.2-Insumos 2025'!C:H,2,FALSE) -> Mo ayudante raso | D31: =VLOOKUP(B31,'[6]4.2-Insumos 2025'!C:H,3,FALSE) -> día | E31: =+E30 -> 0.05 | G31: =+VLOOKUP(B31,'[6]4.2-Insumos 2025'!C:H,6,FALSE) -> 85284 | H31: =+E31*G31 -> 4264.2
B37: 9.3 | C37: Suministro, transporte y aplicación de ácido nítrico e hidrosolve proporción 1:1:5 para lavado de muros exteriores, con todos los elementos necesarios para su correcta instalación y funcionamiento. | D37: m2 | E37: 1 | H37: =H38+H41+H46 -> 12342.625
B38: I. EQUIPO Y HERRAMIENTA | H38: =SUM(H39:H40) -> 1690.3833
B39: HTAMNR | C39: =+VLOOKUP(B39,'[6]4.2-Insumos 2025'!C:H,2,FALSE) -> Herramienta y equipo menor | D39: =VLOOKUP(B39,'[6]4.2-Insumos 2025'!C:H,3,FALSE) -> % | F39: =+VLOOKUP($B39,INSUMOS2,4,FALSE) -> 0.05 | G39: =H46 -> 8218.8667 | H39: =+F39*G39 -> 410.94333
B40: MAT1291 | C40: =VLOOKUP(APU_2[[#This Row],[ITEM]],'4.2-Insumos '!C:H,2,FALSE) -> Andamio Multidireccional Certificado | D40: =VLOOKUP(APU_2[[#This Row],[ITEM]],'4.2-Insumos '!C:H,3,FALSE) -> dia | E40: =0.03*2 -> 0.06 | G40: =VLOOKUP(APU_2[[#This Row],[ITEM]],'4.2-Insumos '!C:H,6,FALSE) -> 21324 | H40: =+E40*(1+F40)*G40 -> 1279.44
B41: II. MATERIALES | H41: =SUM(H42:H43) -> 2433.375
B42: MAT1402 | C42: =VLOOKUP(APU_2[[#This Row],[ITEM]],'4.2-Insumos '!C:H,2,FALSE) -> Acido nitrico x 20 litros | D42: =VLOOKUP(APU_2[[#This Row],[ITEM]],'4.2-Insumos '!C:H,3,FALSE) -> un | E42: 0.008 | F42: 0.05 | G42: =VLOOKUP(APU_2[[#This Row],[ITEM]],'4.2-Insumos '!C:H,6,FALSE) -> 95000 | H42: =+E42*(1+F42)*G42 -> 798
B43: MAT1410 | C43: =VLOOKUP(APU_2[[#This Row],[ITEM]],'4.2-Insumos '!C:H,2,FALSE) -> Desengrasante Hidrosolvente 20 litros | D43: =VLOOKUP(APU_2[[#This Row],[ITEM]],'4.2-Insumos '!C:H,3,FALSE) -> un | E43: 0.0125 | F43: 0.05 | G43: =VLOOKUP(APU_2[[#This Row],[ITEM]],'4.2-Insumos '!C:H,6,FALSE) -> 124600 | H43: =+E43*(1+F43)*G43 -> 1635.375
B44: III. TRANSPORTES | H44: =SUM(H45) -> 0
B46: IV. MANO DE OBRA | H46: =SUM(H47:H48) -> 8218.8667
B47: MOFICIAL | C47: =VLOOKUP(APU_2[[#This Row],[ITEM]],'4.2-Insumos '!C:H,2,FALSE) -> Oficial | D47: =VLOOKUP(APU_2[[#This Row],[ITEM]],'4.2-Insumos '!C:H,3,FALSE) -> día | E47: =1/30 -> 0.033333333 | G47: =VLOOKUP(APU_2[[#This Row],[ITEM]],'4.2-Insumos '!C:H,6,FALSE) -> 160726 | H47: =+E47*(1+F47)*G47 -> 5357.5333 | J47: =1/APU_2[[#This Row],[CANTIDAD]] -> 30
B48: MOAYUDR | C48: =VLOOKUP(APU_2[[#This Row],[ITEM]],'4.2-Insumos '!C:H,2,FALSE) -> Ayudante raso | D48: =VLOOKUP(APU_2[[#This Row],[ITEM]],'4.2-Insumos '!C:H,3,FALSE) -> día | E48: =1/30 -> 0.033333333 | G48: =VLOOKUP(APU_2[[#This Row],[ITEM]],'4.2-Insumos '!C:H,6,FALSE) -> 85840 | H48: =+E48*(1+F48)*G48 -> 2861.3333
B54: 9.4 | C54: Suministro, transporte y aplicación de hidrófugo impermeabilizante del tipo siliconite (Sika transparente o equivalente) para mampostería de fachadas, con todos los elementos necesarios para su correcta instalación y funcionamiento. | D54: m2 | E54: 1 | H54: =H55+H58+H62 -> 22692.018
B55: I. EQUIPO Y HERRAMIENTA | H55: =SUM(H56:H57) -> 1975.6244
B56: HTAMNR | C56: =+VLOOKUP(B56,'[6]4.2-Insumos 2025'!C:H,2,FALSE) -> Herramienta y equipo menor | D56: =VLOOKUP(B56,'[6]4.2-Insumos 2025'!C:H,3,FALSE) -> % | F56: =+VLOOKUP($B56,INSUMOS2,4,FALSE) -> 0.05 | G56: =H62 -> 8805.9286 | H56: =+F56*G56 -> 440.29643
B57: MAT1291 | C57: =VLOOKUP(APU_2[[#This Row],[ITEM]],'4.2-Insumos '!C:H,2,FALSE) -> Andamio Multidireccional Certificado | D57: =VLOOKUP(APU_2[[#This Row],[ITEM]],'4.2-Insumos '!C:H,3,FALSE) -> dia | E57: =0.036*2 -> 0.072 | G57: =VLOOKUP(APU_2[[#This Row],[ITEM]],'4.2-Insumos '!C:H,6,FALSE) -> 21324 | H57: =+E57*(1+F57)*G57 -> 1535.328
B58: II. MATERIALES | H58: =SUM(H59:H59) -> 11910.465
B59: MAT1403 | C59: =VLOOKUP(APU_2[[#This Row],[ITEM]],'4.2-Insumos '!C:H,2,FALSE) -> Sika Transparente 10. Repelente de agua transparente de gran durabilidad. Presentacion: 5gl o 16 kg Rendimieto:0.15 kg/m2/capa. Minimo 2 capas | D59: =VLOOKUP(APU_2[[#This Row],[ITEM]],'4.2-Insumos '!C:H,3,FALSE) -> kg | E59: 0.3 | F59: 0.05 | G59: =VLOOKUP(APU_2[[#This Row],[ITEM]],'4.2-Insumos '!C:H,6,FALSE) -> 37811 | H59: =+E59*(1+F59)*G59 -> 11910.465
B60: III. TRANSPORTES | H60: =SUM(H61) -> 0
B62: IV. MANO DE OBRA | H62: =SUM(H63:H64) -> 8805.9286 | J62: =780*E63 -> 27.857143 | K62: =J62/3 -> 9.2857143 | L62: =K62*5 -> 46.428571
B63: MOFICIAL | C63: =VLOOKUP(APU_2[[#This Row],[ITEM]],'4.2-Insumos '!C:H,2,FALSE) -> Oficial | D63: =VLOOKUP(APU_2[[#This Row],[ITEM]],'4.2-Insumos '!C:H,3,FALSE) -> día | E63: =1/28 -> 0.035714286 | G63: =VLOOKUP(APU_2[[#This Row],[ITEM]],'4.2-Insumos '!C:H,6,FALSE) -> 160726 | H63: =+E63*(1+F63)*G63 -> 5740.2143
B64: MOAYUDR | C64: =VLOOKUP(APU_2[[#This Row],[ITEM]],'4.2-Insumos '!C:H,2,FALSE) -> Ayudante raso | D64: =VLOOKUP(APU_2[[#This Row],[ITEM]],'4.2-Insumos '!C:H,3,FALSE) -> día | E64: =1/28 -> 0.035714286 | G64: =VLOOKUP(APU_2[[#This Row],[ITEM]],'4.2-Insumos '!C:H,6,FALSE) -> 85840 | H64: =+E64*(1+F64)*G64 -> 3065.7143

Sheet 4.2-Insumos 
C3: =+'2-Presupuesto'!B4:D4 -> 0
D4: INSUMOS
C5: COD | D5: MATERIALES | E5: UN | F5: VALOR MO SIN FP | G5: FP | H5: VALOR CON IVA O CON FP | J5: 2024
C6: AD0000 | D6: COMBUSTIBLES - ADITIVOS - PINTURAS
C7: AD1010 | D7: Ácido muriático | E7: lt | F7: 5920 | G7: 0 | H7: =ROUND((+F7*(1+G7)),0)*(1+$J$1) -> 5920
C8: AD1020 | D8: ACPM | E8: gal | F8: 10167 | G8: 0 | H8: =ROUND((+F8*(1+G8)),0)*(1+$J$1) -> 10167
C9: AD1030 | D9: Adhesivo Sikadur 32 primer o similar | E9: kg | F9: 152023 | G9: 0 | H9: =ROUND((+F9*(1+G9)),0)*(1+$J$1) -> 152023
C10: AD1040 | D10: Agua | E10: lt | F10: 3924 | G10: 0 | H10: =ROUND((+F10*(1+G10)),0)*(1+$J$1) -> 3924
C11: AD1050 | D11: Boquilla - color blanco/beige | E11: kg | F11: 6440 | G11: 0 | H11: =ROUND((+F11*(1+G11)),0)*(1+$J$1) -> 6440
C12: AD1060 | D12: Cal hidratada | E12: kg | F12: 1690 | G12: 0 | H12: =ROUND((+F12*(1+G12)),0)*(1+$J$1) -> 1690
C13: AD1080 | D13: Gasolina corriente | E13: gal | F13: 16000 | G13: 0 | H13: =ROUND((+F13*(1+G13)),0)*(1+$J$1) -> 16000
C14: AD1100 | D14: Limpiador PVC 300 gramos (1/8 gal) o similar | E14: un | F14: 29500 | G14: 0 | H14: =ROUND((+F14*(1+G14)),0)*(1+$J$1) -> 29500
C15: AD1110 | D15: Limpiador PVC 760 gramos (1/4 gal) o similar | E15: un | F15: 59407 | G15: 0 | H15: =ROUND((+F15*(1+G15)),0)*(1+$J$1) -> 59407
C16: AD1120 | D16: Lubricante de silicona para accesorios Raingo o similar | E16: un | F16: 18900 | G16: 0 | H16: =ROUND((+F16*(1+G16)),0)*(1+$J$1) -> 18900
C17: AD1130 | D17: Lubricante Pavco (x4kg) o similar | E17: Tarro | F17: 158410 | G17: 0 | H17: =ROUND((+F17*(1+G17)),0)*(1+$J$1) -> 158410
C18: AD1140 | D18: Lubricante Pavco (x500gr) o similar | E18: Tarro | F18: 18900 | G18: 0 | H18: =ROUND((+F18*(1+G18)),0)*(1+$J$1) -> 18900
... C42: AD1247 | D42: Sika Plastocrete DM Impermeabilizante para concreto. Presentación: 20kg rendimiento: 1% del peso del cemento ó 250 gr / bulto de cemento de 50 kg. | E42: kg | F42: 25424 | G42: 0 | H42: =ROUND((+F42*(1+G42)),0)*(1+$J$1) -> 25424
C43: AD1248 | D43: Sikafluid- Fluidificante | E43: kg | F43: 20298 | G43: 0 | H43: 20298
C44: AD1250 | D44: Soldadura PVC 1/32 gal o similar | E44: un | F44: 12306 | G44: 0 | H44: =ROUND((+F44*(1+G44)),0)*(1+$J$1) -> 12306
C45: AD1260 | D45: Soldadura PVC 1/16 gal o similar | E45: un | F45: 20641 | G45: 0 | H45: =ROUND((+F45*(1+G45)),0)*(1+$J$1) -> 20641
C46: AD1270 | D46: Soldadura PVC 1/8 gal o similar | E46: un | F46: 33392 | G46: 0 | H46: =ROUND((+F46*(1+G46)),0)*(1+$J$1) -> 33392
C47: AD1280 | D47: Soldadura PVC 1/4 gal o similar | E47: un | F47: 112799 | G47: 0 | H47: =ROUND((+F47*(1+G47)),0)*(1+$J$1) -> 112799
C48: AD1290 | D48: Traba química fuerza alta para sellos de fuga en Tubería | E48: gramo | F48: 1690 | G48: 0 | H48: =ROUND((+F48*(1+G48)),0)*(1+$J$1) -> 1690
C49: AD1295 | D49: Suministro transporte e instalación de Cerramiento Fachada (1 cara) con Placa plana de fibrocemento 8mm tipo Sinding de 244x020 120x020 y 061x020. Placa plana de fibrocemento de 20mm para esquineros y marcos. Placa plana de fibrocemento de 8mm para carteras pintada. Incluye tornillos. | E49: m2 | F49: 92282 | G49: 0 | H49: =ROUND((+F49*(1+G49)),0)*(1+$J$1) -> 92282
C50: AD1296 | D50: Suministro transporte e instalación de Placas de fibrocemento Superficies Eterboard 8mm zonas humedas. Incluye tornillería Estabilizador a una cara mano de obra sellos cintas masillas y todos los elementos de fijación necesario. | E50: m2 | F50: 21227 | G50: 0 | H50: =ROUND((+F50*(1+G50)),0)*(1+$J$1) -> 21227
C51: AD1298 | D51: Suministro transporte e instalación de fajas para vanos en placas de fibrocemento de 10mm lijada con pintura colorcel fachadas blanco. Ancho 8 a 10cm. Incluye tornilería cintas masillas y todos los elementos de fijación necesario. | E51: m2 | F51: 34460 | G51: 0 | H51: =ROUND((+F51*(1+G51)),0)*(1+$J$1) -> 34460
C52: CT0000 | D52: CONCRETOS Y MORTEROS | G52: 0
C53: CT080KG | D53: Concreto 80kg/cm² 1:4:7 | E53: m3 | F53: =+VLOOKUP(C53,APU_AUX,7,FALSE) -> 461573 | G53: 0 | H53: =ROUND((+F53*(1+G53)),0) -> 461573
C54: CT110KG | D54: Concreto 110kg/cm² 1:3:5 | E54: m3 | F54: =+VLOOKUP(C54,APU_AUX,7,FALSE) -> 493727 | G54: 0 | H54: =ROUND((+F54*(1+G54)),0) -> 493727
C55: CT140KG | D55: Concreto 140kg/cm² 1:3:4 | E55: m3 | F55: =+VLOOKUP(C55,APU_AUX,7,FALSE) -> 516914 | G55: 0 | H55: =ROUND((+F55*(1+G55)),0) -> 516914
C56: CT170KG | D56: Concreto 170kg/cm² 1:3:3 | E56: m3 | F56: =+VLOOKUP(C56,'4.1-APU Aux'!B:H,7,FALSE) -> 537682 | G56: 0 | H56: =ROUND((+F56*(1+G56)),0) -> 537682
C57: CT180KG | D57: Concreto 180kg/cm² 1:2:4 | E57: m3 | F57: =+VLOOKUP(C57,'4.1-APU Aux'!B:H,7,FALSE) -> 538207 | G57: 0 | H57: =ROUND((+F57*(1+G57)),0) -> 538207
C58: CT210KG | D58: Concreto 210kg/cm² 1:2:3 | E58: m3 | F58: =+VLOOKUP(C58,'4.1-APU Aux'!B:H,7,FALSE) -> 577234 | G58: 0 | H58: =ROUND((+F58*(1+G58)),0) -> 577234
C59: CT245KG | D59: Concreto 245kg/cm² 1:2:2 | E59: m3 | F59: =+VLOOKUP(C59,'4.1-APU Aux'!B:H,7,FALSE) -> 603186 | G59: 0 | H59: =ROUND((+F59*(1+G59)),0) -> 603186
C60: CT280KG | D60: Concreto280kg/cm² | E60: M3 | F60: =+VLOOKUP(C60,'4.1-APU Aux'!B:H,7,FALSE) -> 614197 | G60: 0 | H60: =ROUND((+F60*(1+G60)),0) -> 614197
C61: CTCAJA50 | D61: Caja de inspección 0.50mx0.50m hprom=0.60m | E61: un | G61: 0 | H61: =ROUND((+F61*(1+G61)),0) -> 0
C62: CTM143 | D62: Aux mortero de pega | E62: m3 | F62: =+VLOOKUP(C62,'4.1-APU Aux'!B:H,7,FALSE) -> 442588 | G62: 0 | H62: =ROUND((+F62*(1+G62)),0) -> 442588
C63: CTM144 | D63: Aux mortero de revoque 1:4 | E63: m3 | F63: =+VLOOKUP(C63,'4.1-APU Aux'!B:H,7,FALSE) -> 461148 | G63: 0 | H63: =ROUND((+F63*(1+G63)),0) -> 461148
C64: CTM145 | D64: Aux mortero grouting 17.5 | E64: m3 | F64: =+VLOOKUP(C64,'4.1-APU Aux'!B:H,7,FALSE) -> 387923 | G64: 0 | H64: =ROUND((+F64*(1+G64)),0) -> 387923
C65: CTM146 | D65: Aux mortero de revoque 1:5 | E65: m3 | F65: =+VLOOKUP(C65,'4.1-APU Aux'!B:H,7,FALSE) -> 405363 | G65: 0 | H65: =ROUND((+F65*(1+G65)),0) -> 405363
C66: CTM147 | D66: Adoquín de 10x20x6 cm, Color (B) amarillo, jaspeado, salmón, champaña, negro y blanco arena | E66: un | F66: 1600 | G66: 0 | H66: =ROUND((+F66*(1+G66)),0)*(1+$J$1) -> 1600
C67: CUB0000 | D67: CUBIERTAS - ACCESORIOS - SOPORTES | G67: 0 | H67: =ROUND((+F67*(1+G67)),0) -> 0
C68: CUB1010 | D68: Anclaje a cubierta x 100u | E68: un | F68: 439 | G68: 0 | H68: =ROUND((+F68*(1+G68)),0)*(1+$J$1) -> 439
C69: CUB1020 | D69: Caballete para cubierta Ecoroof 37 UPC 25 mm blanco de 1.07 mt | E69: un | F69: 44900 | G69: 0 | H69: =ROUND((+F69*(1+G69)),0)*(1+$J$1) -> 44900
C70: CUB1030 | D70: Canal plástico tipo Raingo o similar | E70: m | F70: 15271 | G70: 0 | H70: =ROUND((+F70*(1+G70)),0)*(1+$J$1) -> 15271
C71: CUB1031 | D71: Canal - canoa amazonas | E71: m | F71: 22800 | G71: 0 | H71: =ROUND((+F71*(1+G71)),0)*(1+$J$1) -> 22800
C72: CUB1040 | D72: Unión Canal tipo Raingo | E72: un | F72: 9535 | G72: 0 | H72: =ROUND((+F72*(1+G72)),0)*(1+$J$1) -> 9535
C73: CUB1050 | D73: Canal - unión canal a bajante | E73: un | F73: 10200 | G73: 0 | H73: =ROUND((+F73*(1+G73)),0)*(1+$J$1) -> 10200
C74: CUB1060 | D74: Canal - soporte de canal | E74: un | F74: 2506 | G74: 0 | H74: =ROUND((+F74*(1+G74)),0)*(1+$J$1) -> 2506
C75: CUB1070 | D75: Soporte de bajante | E75: un | F75: 2100 | G75: 0 | H75: =ROUND((+F75*(1+G75)),0)*(1+$J$1) -> 2100
C76: CUB1072 | D76: Canal - soporte canal | E76: un | F76: 2782 | G76: 0 | H76: =ROUND((+F76*(1+G76)),0)*(1+$J$1) -> 2782
C77: CUB1073 | D77: Soporte para canoas | E77: un | F77: 13425 | G77: 0 | H77: =ROUND((+F77*(1+G77)),0)*(1+$J$1) -> 13425
C78: CUB1080 | D78: Canal - tapa externa canal Raingo | E78: un | F78: 7137 | G78: 0 | H78: =ROUND((+F78*(1+G78)),0)*(1+$J$1) -> 7137
C79: CUB1082 | D79: Canal - tapa interna canal Raingo | E79: un | F79: 5665 | G79: 0 | H79: =ROUND((+F79*(1+G79)),0)*(1+$J$1) -> 5665
... C94: CUB1171 | D94: Perfil IPE del 160 al 200 | E94: kg | F94: 6686 | G94: 0 | H94: =ROUND((+F94*(1+G94)),0)*(1+$J$1) -> 6686
C95: CUB1180 | D95: Perfil metálico c gr 50 de 100x50x1.5 mm x 6 m - anticorrosivo | E95: un | F95: =72600 -> 72600 | G95: 0 | H95: =ROUND((+F95*(1+G95)),0)*(1+$J$1) -> 72600
C96: CUB1181 | D96: Perfil metálico PTE 70x70-2mm | E96: kg | F96: 7609 | G96: 0 | H96: =ROUND((+F96*(1+G96)),0)*(1+$J$1) -> 7609
C97: CUB1182 | D97: Perfil metálico PTE 90x50-2mm | E97: kg | F97: 7000 | G97: 0 | H97: =ROUND((+F97*(1+G97)),0)*(1+$J$1) -> 7000
C98: CUB1183 | D98: Perfil metálico PTE 100x50-2.5mm | E98: kg | F98: 7000 | G98: 0 | H98: =ROUND((+F98*(1+G98)),0)*(1+$J$1) -> 7000
C99: CUB1184 | D99: Perfil metálico PTE 100x100-3mm | E99: kg | F99: 7000 | G99: 0 | H99: =ROUND((+F99*(1+G99)),0)*(1+$J$1) -> 7000
C100: CUB1185 | D100: Platina metálica de 1/8" | E100: kg | F100: 7000 | G100: 0 | H100: =ROUND((+F100*(1+G100)),0)*(1+$J$1) -> 7000
C101: CUB1186 | D101: Platina metálica de 3/8" | E101: kg | F101: 7000 | G101: 0 | H101: =ROUND((+F101*(1+G101)),0)*(1+$J$1) -> 7000
C102: CUB1187 | D102: Estructura en steel framing para muros y cubierta incluye suministro transporte a cabecera municipal. | E102: m2 | F102: 207000 | G102: 0 | H102: =ROUND((+F102*(1+G102)),0)*(1+$J$1) -> 207000
C103: CUB1189 | D103: LAMINA GAL. 1.15 mm 1220X2440 mm A653 (9,5 km x m2) | E103: kg | F103: 194000 | G103: 0 | H103: =ROUND((+F103*(1+G103)),0)*(1+$J$1) -> 194000
C104: CUB1190 | D104: Soldadura | E104: kg | F104: 21613 | G104: 0 | H104: =ROUND((+F104*(1+G104)),0)*(1+$J$1) -> 21613
C105: CUB1200 | D105: Soportes y anclajes para cubierta | E105: un | F105: 5600 | G105: 0 | H105: =ROUND((+F105*(1+G105)),0)*(1+$J$1) -> 5600
C106: CUB1201 | D106: Caballete Forte Blanco 0.6X0.94mt 2mm UPVC | E106: ml | F106: 42900 | G106: 0 | H106: =ROUND((+F106*(1+G106)),0)*(1+$J$1) -> 42900
C107: CUB1209 | D107: Teja termoacústica Ecoroof UPVC 2.0mm verde | E107: m2 | F107: 53305 | G107: 0 | H107: =ROUND((+F107*(1+G107)),0)*(1+$J$1) -> 53305
... C124: CUB1252 | D124: Cubierta en teja Policarbonato alveolar de 8mm de espesor. incluye transporte | E124: m2 | F124: 47127 | G124: 0 | H124: =ROUND((+F124*(1+G124)),0)*(1+$J$1) -> 47127
C125: EL1000 | D125: INSTALACIONES ELÉCTRICAS - ACCESORIOS | G125: 0
C126: EL1010 | D126: Alambre nro 12 THHN | E126: m | F126: 3500 | G126: 0 | H126: =ROUND((+F126*(1+G126)),0)*(1+$J$1) -> 3500
C127: EL1020 | H127: =ROUND((+F127*(1+G127)),0)*(1+$J$1) -> 0
C128: EL1021 | D128: Alambrón en Aluminio de 8mm | E128: m | F128: 4950 | G128: 0 | H128: =ROUND((+F128*(1+G128)),0)*(1+$J$1) -> 4950
C129: EL1025 | D129: Varilla conector y cable para instalación de polo a tierra | E129: un | F129: 120000 | G129: 0 | H129: =ROUND((+F129*(1+G129)),0)*(1+$J$1) -> 120000
C130: EL1030 | D130: Breaker de 1x20A enchufable | E130: un | F130: 14310 | G130: 0 | H130: =ROUND((+F130*(1+G130)),0)*(1+$J$1) -> 14310
C131: EL1040 | D131: Breaker de 1x30A enchufable | E131: un | F131: 14900 | G131: 0 | H131: =ROUND((+F131*(1+G131)),0)*(1+$J$1) -> 14900
C132: EL1041 | D132: Breaker de 2x20A enchufable | E132: un | F132: 25000 | G132: 0 | H132: =ROUND((+F132*(1+G132)),0)*(1+$J$1) -> 25000
C133: EL1042 | D133: Breaker de 2x40A enchufable | E133: un | F133: 48001 | G133: 0 | H133: =ROUND((+F133*(1+G133)),0)*(1+$J$1) -> 48001
C134: EL1043 | D134: Breaker totalizador de 2x75A | E134: und | F134: 130000 | G134: 0 | H134: =ROUND((+F134*(1+G134)),0)*(1+$J$1) -> 130000
C135: EL1050 | D135: Cable antifraude N° 8 | E135: m | F135: 15930 | G135: 0 | H135: =ROUND((+F135*(1+G135)),0)*(1+$J$1) -> 15930
C136: EL1051 | D136: Cable nro 8 THHN | E136: m | F136: 7800 | G136: 0 | H136: =ROUND((+F136*(1+G136)),0)*(1+$J$1) -> 7800
C137: EL1052 | D137: Cable nro 10 THHN | E137: m | F137: 7640 | G137: 0 | H137: =ROUND((+F137*(1+G137)),0)*(1+$J$1) -> 7640
C138: EL1059 | D138: Cable de Cobre 1/0 | E138: m | F138: 45626 | G138: 0 | H138: =ROUND((+F138*(1+G138)),0)*(1+$J$1) -> 45626
C139: EL1060 | D139: Cable de cobre 12 AWG-Cu-THHN-THWN 90°c | E139: m | F139: =259860/100 -> 2598.6 | G139: 0 | H139: =ROUND((+F139*(1+G139)),0)*(1+$J$1) -> 2599
C140: EL1061 | D140: Cable TV RG-6 al 90% | E140: m | F140: 2000 | G140: 0 | H140: =ROUND((+F140*(1+G140)),0)*(1+$J$1) -> 2000
C141: EL1070 | D141: Cable encauchetado 3x12 AWG | E141: m | F141: 10500 | G141: 0 | H141: =ROUND((+F141*(1+G141)),0)*(1+$J$1) -> 10500
C142: EL1080 | D142: Caja para contador eléctrico | E142: un | F142: 65463 | G142: 0 | H142: =ROUND((+F142*(1+G142)),0)*(1+$J$1) -> 65463
C143: EL1090 | D143: Caja sencilla PVC con suplemento | E143: un | F143: 3600 | G143: 0 | H143: =ROUND((+F143*(1+G143)),0)*(1+$J$1) -> 3600
C144: EL1091 | D144: Caja doble PVC con suplemento | E144: un | F144: 4228 | G144: 0 | H144: =ROUND((+F144*(1+G144)),0)*(1+$J$1) -> 4228
C145: EL1095 | D145: Caja octogonal 100*100*47 mm | E145: un | F145: 2400 | G145: 0 | H145: =ROUND((+F145*(1+G145)),0)*(1+$J$1) -> 2400
C146: EL1096 | D146: Caja toma de Usuario Ritel 10x10 | E146: un | F146: 5100 | G146: 0 | H146: =ROUND((+F146*(1+G146)),0)*(1+$J$1) -> 5100
C147: EL1097 | D147: Conector RG-6 | E147: un | F147: 500 | G147: 0 | H147: =ROUND((+F147*(1+G147)),0)*(1+$J$1) -> 500
C148: EL1100 | D148: Contador eléctrico 10-60A bifásico | E148: un | F148: 100000 | G148: 0 | H148: =ROUND((+F148*(1+G148)),0)*(1+$J$1) -> 100000
C149: EL1109 | D149: Uniones Terminal PVC 2" (eléctrico) | E149: un | F149: 4000 | G149: 0 | H149: =ROUND((+F149*(1+G149)),0)*(1+$J$1) -> 4000
C150: EL1110 | D150: Curvas PVC 1/2" (eléctrico) | E150: un | F150: 1598 | G150: 0 | H150: =ROUND((+F150*(1+G150)),0)*(1+$J$1) -> 1598
C151: EL1111 | D151: Curvas PVC 1/2" (eléctrico) | E151: un | F151: 600 | G151: 0 | H151: =ROUND((+F151*(1+G151)),0)*(1+$J$1) -> 600
... C233: EL1286 | D233: Poste de madera de 8 m para energia | E233: und | F233: 500000 | G233: 0 | H233: =ROUND((+F233*(1+G233)),0)*(1+$J$1) -> 500000
C234: ENS1000 | D234: ENSAYOS DE LABORATORIO | G234: 0
C235: ENS100 | D235: Diseño de mezclas de concreto dos agregados | E235: un | F235: 993257 | G235: 0 | H235: =ROUND((+F235*(1+G235)),0)*(1+$J$1) -> 993257
C236: ENS105 | D236: Diseño de mezclas de concreto para resistencia adicional | E236: un | F236: 292488 | G236: 0 | H236: =ROUND((+F236*(1+G236)),0) -> 292488
...

Sheet 2-Parque infantil
B2: Nota: | C2: Diliegenciar los espacios que se encuentren resaltados de color gris claro
C3: Las actividades no deben tener la unidad de medida "global"
B4: NOMBRE DEL PROYECTO:
B5: ESPACIO PÚBLICO
B6: FORMULARIO DE PRESUPUESTO
H7: Proyecto gl | I7: 1
B8: Ítem | C8: Descripción | D8: Unidad | E8: Cantidad | F8: Vr Unitario | G8: Vr. Total/U.V | H8: Vr. Total | I8: Vr Aproximado al peso
A10: 12 | B10: A | C10: PARQUE INFANTIL
A11: 12.6 | B11: 7 | C11: EQUIPAMENTO URBANO- CARPINTERIAS | I11: =SUM(H12:H18) -> #REF!
A12: 12.6.3.1 | B12: 7.5 | C12: =VLOOKUP(A12,#REF!,2,0) -> #REF! | D12: =VLOOKUP(A12,#REF!,3,0) -> #REF! | E12: =+'CANT URBANISMO'!H1475 -> 0 | F12: =+VLOOKUP(A12,#REF!,7,FALSE) -> #REF! | G12: =ROUND((+F12*$E12),0) -> #REF! | H12: =+G12*$I$7 -> #REF!
A13: 12.2.1 | B13: 7.6 | C13: =VLOOKUP(A13,#REF!,2,0) -> #REF! | D13: =VLOOKUP(A13,#REF!,3,0) -> #REF! | E13: =+'CANT URBANISMO'!H1488 -> 0 | F13: =+VLOOKUP(A13,#REF!,7,FALSE) -> #REF! | G13: =ROUND((+F13*$E13),0) -> #REF! | H13: =+G13*$I$7 -> #REF!
A14: 12,3,1,11 | B14: 7.7 | C14: =VLOOKUP(A14,#REF!,2,0) -> #REF! | D14: =VLOOKUP(A14,#REF!,3,0) -> #REF! | E14: =+'CANT URBANISMO'!H1501 -> 0 | F14: =+VLOOKUP(A14,#REF!,7,FALSE) -> #REF! | G14: =ROUND((+F14*$E14),0) -> #REF! | H14: =+G14*$I$7 -> #REF!
A15: 12.6.7 | B15: 7.8 | C15: =VLOOKUP(A15,#REF!,2,0) -> #REF! | D15: =VLOOKUP(A15,#REF!,3,0) -> #REF! | E15: =+'CANT URBANISMO'!H1514 -> 0 | F15: =+VLOOKUP(A15,#REF!,7,FALSE) -> #REF! | G15: =ROUND((+F15*$E15),0) -> #REF! | H15: =+G15*$I$7 -> #REF!
A16: 12.6.4 | B16: 7.9 | C16: =VLOOKUP(A16,#REF!,2,0) -> #REF! | D16: =VLOOKUP(A16,#REF!,3,0) -> #REF! | E16: =+'CANT URBANISMO'!H1527 -> 0 | F16: =+VLOOKUP(A16,#REF!,7,FALSE) -> #REF! | G16: =ROUND((+F16*$E16),0) -> #REF! | H16: =+G16*$I$7 -> #REF!
A17: 12.3.24 | B17: 7.9.1 | C17: =VLOOKUP(A17,#REF!,2,0) -> #REF! | D17: =VLOOKUP(A17,#REF!,3,0) -> #REF! | E17: =+'CANT URBANISMO'!H1540 -> 0 | F17: =+VLOOKUP(A17,#REF!,7,FALSE) -> #REF! | G17: =ROUND((+F17*$E17),0) -> #REF! | H17: =+G17*$I$7 -> #REF!
A18: 12.6.3.2 | B18: 7.9.2 | C18: =VLOOKUP(A18,#REF!,2,0) -> #REF! | D18: =VLOOKUP(A18,#REF!,3,0) -> #REF! | E18: =+'CANT URBANISMO'!H1553 -> 0 | F18: =+VLOOKUP(A18,#REF!,7,FALSE) -> #REF! | G18: =ROUND((+F18*$E18),0) -> #REF! | H18: =+G18*$I$7 -> #REF!
A19: 12.9.17 | B19: 7.10 | C19: =VLOOKUP(A19,#REF!,2,0) -> #REF! | D19: =VLOOKUP(A19,#REF!,3,0) -> #REF! | E19: =+'CANT URBANISMO'!H1567 -> 0 | F19: =+VLOOKUP(A19,#REF!,7,FALSE) -> #REF! | G19: =ROUND((+F19*$E19),0) -> #REF! | H19: =+G19*$I$7 -> #REF!
A20: 12.9.18 | B20: 7.11 | C20: =VLOOKUP(A20,#REF!,2,0) -> #REF! | D20: =VLOOKUP(A20,#REF!,3,0) -> #REF! | E20: =+'CANT URBANISMO'!H1581 -> 0 | F20: =+VLOOKUP(A20,#REF!,7,FALSE) -> #REF! | G20: =ROUND((+F20*$E20),0) -> #REF! | H20: =+G20*$I$7 -> #REF!
A21: 12.9.19 | B21: 7.12 | C21: =VLOOKUP(A21,#REF!,2,0) -> #REF! | D21: =VLOOKUP(A21,#REF!,3,0) -> #REF! | E21: =+'CANT URBANISMO'!H1592 -> 0 | F21: =+VLOOKUP(A21,#REF!,7,FALSE) -> #REF! | G21: =ROUND((+F21*$E21),0) -> #REF! | H21: =+G21*$I$7 -> #REF!
A22: 12.9.20 | B22: 7.13 | C22: =VLOOKUP(A22,#REF!,2,0) -> #REF! | D22: =VLOOKUP(A22,#REF!,3,0) -> #REF! | E22: =+'CANT URBANISMO'!H1605 -> 0 | F22: =+VLOOKUP(A22,#REF!,7,FALSE) -> #REF! | G22: =ROUND((+F22*$E22),0) -> #REF! | H22: =+G22*$I$7 -> #REF!
A23: 12.9.21 | B23: 7.14 | C23: =VLOOKUP(A23,#REF!,2,0) -> #REF! | D23: =VLOOKUP(A23,#REF!,3,0) -> #REF! | E23: =+'CANT URBANISMO'!H1618 -> 0 | F23: =+VLOOKUP(A23,#REF!,7,FALSE) -> #REF! | G23: =ROUND((+F23*$E23),0) -> #REF! | H23: =+G23*$I$7 -> #REF!
A24: 12.9.22 | B24: 7.15 | C24: =VLOOKUP(A24,#REF!,2,0) -> #REF! | D24: =VLOOKUP(A24,#REF!,3,0) -> #REF! | E24: =+'CANT URBANISMO'!H1631 -> 0 | F24: =+VLOOKUP(A24,#REF!,7,FALSE) -> #REF! | G24: =ROUND((+F24*$E24),0) -> #REF! | H24: =+G24*$I$7 -> #REF!
A25: 12.9.23 | B25: 7.16 | C25: =VLOOKUP(A25,#REF!,2,0) -> #REF! | D25: =VLOOKUP(A25,#REF!,3,0) -> #REF! | E25: =+'CANT URBANISMO'!H1644 -> 0 | F25: =+VLOOKUP(A25,#REF!,7,FALSE) -> #REF! | G25: =ROUND((+F25*$E25),0) -> #REF! | H25: =+G25*$I$7 -> #REF!
A26: 12.9.24 | B26: 7.17 | C26: =VLOOKUP(A26,#REF!,2,0) -> #REF! | D26: =VLOOKUP(A26,#REF!,3,0) -> #REF! | E26: =+'CANT URBANISMO'!H1657 -> 0 | F26: =+VLOOKUP(A26,#REF!,7,FALSE) -> #REF! | G26: =ROUND((+F26*$E26),0) -> #REF! | H26: =+G26*$I$7 -> #REF!
C27: TOTAL COSTO DIRECTO URBANISMO | G27: =SUM(G12:G18) -> #REF! | H27: =SUM(H11:H18) -> #REF! | I27: =SUM(I11:I15) -> #REF!
C31: Juego de barras
C32: Juego de tronquitos | D32: 2
C33: Maquina gimnasio A | D33: 1
C34: Maquina Gimnasio B
C36: CERRAMIENTO ZONA DE PERROS

Sheet JORNALES Y CUADRILLAS 2024
D1: personal con vivienda, alimentacion y tpte
A2: MANO DE OBRA PRESUPUESTO 2024 | D2: 0
A4: CARGO | B4: JORNALES | C4: JORNALES CON VIV, ALIM, TTE
A5: OFICIAL | B5: =+'CÁLCULO DE F. PRESTACIONAL'!I49 -> 160725.83 | C5: =B5+'VIVIENDA-ALIMENTACION-TTE'!$F$22*'JORNALES Y CUADRILLAS 2024'!$D$2 -> 160725.83
A6: AYUDANTE RASO | B6: =+'CÁLCULO DE F. PRESTACIONAL'!C49 -> 85839.639 | C6: =B6+'VIVIENDA-ALIMENTACION-TTE'!$F$22*'JORNALES Y CUADRILLAS 2024'!$D$2 -> 85839.639
A7: AYUDANTE ENTENDIDO | B7: ='CÁLCULO DE F. PRESTACIONAL'!E49 -> 108149.94 | C7: =B7+'VIVIENDA-ALIMENTACION-TTE'!$F$22*'JORNALES Y CUADRILLAS 2024'!$D$2 -> 108149.94 | G7: 77000 | H7: 24000 | I7: =G7/H7 -> 3.2083333
A8: TOPÓGRAFO | B8: ='CÁLCULO DE F. PRESTACIONAL'!M49 -> 220463.35 | C8: =B8+'VIVIENDA-ALIMENTACION-TTE'!$F$22*'JORNALES Y CUADRILLAS 2024'!$D$2 -> 220463.35 | E8: =C6+59956 -> 145795.64
A9: CARPINTERO ESPECIALIZADO | B9: ='CÁLCULO DE F. PRESTACIONAL'!K49 -> 189668.9 | C9: =B9+'VIVIENDA-ALIMENTACION-TTE'!$F$22*'JORNALES Y CUADRILLAS 2024'!$D$2 -> 189668.9
A10: SOLDADOR | B10: =+'CÁLCULO DE F. PRESTACIONAL'!K49 -> 189668.9 | C10: =B10+'VIVIENDA-ALIMENTACION-TTE'!$F$22*'JORNALES Y CUADRILLAS 2024'!$D$2 -> 189668.9 | E10: =B9+B7 -> 297818.84
A11: CADENERO 2 | B11: =+'CÁLCULO DE F. PRESTACIONAL'!C49 -> 85839.639 | C11: =B11+'VIVIENDA-ALIMENTACION-TTE'!$F$22*'JORNALES Y CUADRILLAS 2024'!$D$2 -> 85839.639
A12: CADENERO 1 | B12: =+'CÁLCULO DE F. PRESTACIONAL'!I49 -> 160725.83 | C12: =B12+'VIVIENDA-ALIMENTACION-TTE'!$F$22*'JORNALES Y CUADRILLAS 2024'!$D$2 -> 160725.83
A13: OFICIAL ELECTRICO | B13: =+'CÁLCULO DE F. PRESTACIONAL'!I49 -> 160725.83 | C13: =B13+'VIVIENDA-ALIMENTACION-TTE'!$F$22*'JORNALES Y CUADRILLAS 2024'!$D$2 -> 160725.83 | E13: =B13*2 -> 321451.66
A14: AYUDANTE DE INSTALACIÓN | B14: =+'CÁLCULO DE F. PRESTACIONAL'!E49 -> 108149.94 | C14: =B14+'VIVIENDA-ALIMENTACION-TTE'!$F$22*'JORNALES Y CUADRILLAS 2024'!$D$2 -> 108149.94
A15: AYUDANTE DE OBRA NEGRA | B15: =+'CÁLCULO DE F. PRESTACIONAL'!C49 -> 85839.639 | C15: =B15+'VIVIENDA-ALIMENTACION-TTE'!$F$22*'JORNALES Y CUADRILLAS 2024'!$D$2 -> 85839.639
A16: OFICIAL OBRA BLANCA | B16: =+'CÁLCULO DE F. PRESTACIONAL'!I49 -> 160725.83 | C16: =B16+'VIVIENDA-ALIMENTACION-TTE'!$F$22*'JORNALES Y CUADRILLAS 2024'!$D$2 -> 160725.83
A17: JARDINERO- EXP EN SIEMBRA Y SILVICULTURA | B17: =+'CÁLCULO DE F. PRESTACIONAL'!G49 -> 123171.62 | C17: =B17+'VIVIENDA-ALIMENTACION-TTE'!$F$22*'JORNALES Y CUADRILLAS 2024'!$D$2 -> 123171.62
A18: OBRERO | B18: =+'CÁLCULO DE F. PRESTACIONAL'!C49 -> 85839.639 | C18: =B18+'VIVIENDA-ALIMENTACION-TTE'!$F$22*'JORNALES Y CUADRILLAS 2024'!$D$2 -> 85839.639
A19: AYUDANTE ACARREO INTERNO | B19: =+'CÁLCULO DE F. PRESTACIONAL'!C49 -> 85839.639 | C19: =B19+'VIVIENDA-ALIMENTACION-TTE'!$F$22*'JORNALES Y CUADRILLAS 2024'!$D$2 -> 85839.639
A21: CUADRILLAS | B21: JORNALES | C21: JORNALES CON VIV, ALIM, TTE
A22: Cuadrilla de Instalaciones Hidrosanitarias: Oficial+ Ayudante entendido | B22: =+B5+B7 -> 268875.77 | C22: =+C5+C7 -> 268875.77
A23: Cuadrilla 1Oficial + 1 Ayudante de Obra Negra | B23: =+B5+B15 -> 246565.47 | C23: =+C5+C15 -> 246565.47
A24: Cuadrilla Eléctrica 1: 1Oficial Electrico + 1 ayudante entendido | B24: =+B13+B7 -> 268875.77 | C24: =+C13+C7 -> 268875.77
A25: Cuadrilla 1Oficial + 1 Ayudante de Instalación | B25: =+B5+B14 -> 268875.77 | C25: =+C5+C14 -> 268875.77
A26: Cuadrilla Demoliciones: 1 Oficial+ 2 Ayudantes rasos | B26: =+B5+2*B6 -> 332405.11 | C26: =+C5+2*C6 -> 332405.11
A27: Cuadrilla Retiros: Ayudante entendido+ 2 Ayudante rasos | B27: =+B7+2*B6 -> 279829.22 | C27: =+C7+2*C6 -> 279829.22
A28: Cuadrilla 1Of Obra Blanca+ 1 Ayudante Entendido | B28: =+B16+B7 -> 268875.77 | C28: =+C16+C7 -> 268875.77
A29: Cuadrilla Mampostería: 1 Oficial+ 2 Ayudantes rasos | B29: =B5+2*B7 -> 377025.71 | C29: =C5+2*C7 -> 377025.71
A30: Cuadrilla armado y vaciado de concreto en estructuras: 1 oficial+1 ayudante entendido+4 ayudantes rasos | B30: =B5+B7+4*B6 -> 612234.33 | C30: =C5+C7+4*C6 -> 612234.33
A31: 1 Oficial+ ayudante entendido+ ayudantes rasos | B31: =+B5+B6+B7 -> 354715.41 | C31: =+C5+C6+C7 -> 354715.41
A32: 1 Oficial+ 3 ayudante Rasos | B32: =B5+3*B6 -> 418244.75 | C32: =C5+3*C6 -> 418244.75
A33: 1 oficial + ayudante entendido | B33: =B5+B7 -> 268875.77 | C33: =C5+C7 -> 268875.77
A34: Cuadrilla 1Oficial de Obra Blanca+ 3 Ayudante Entendido+2 ayudante de obra negra | B34: =B16+3*B7+2*B15 -> 656854.93 | C34: =C16+3*C7+2*C15 -> 656854.93
A35: Cuadrilla Urbanismo:ay entendido+ayudante raso+oficial | B35: =+B5+B6+B7 -> 354715.41 | C35: =+C5+C6+C7 -> 354715.41
A36: Cuadrilla movimiento de tierra= 1 oficial + 2 ayudante rasos | B36: =+B5+2*B6 -> 332405.11 | C36: =+C5+2*C6 -> 332405.11
A37: Cuadrilla Pavimento Rigido: 2 Of + 4 Ay Obra Negra | B37: =2*B5+4*B6 -> 664810.22

Sheet Costos Administracion
B3: ANÁLISIS DE COSTOS ADMINISTRATIVOS
I4: PLAZO | J4: 2
B5: ITEM | C5: DESCRIPCIÓN | D5: UNIDAD | E5: CANT | F5: SALARIO MENSUAL BÁSICO | G5: F.P | H5: DEDICACIÓN | I5: DURACIÓN (MESES) | J5: VALOR PARCIAL
B6: 1 | C6: Personal Profesional y Técnico
B7: 1.1 | C7: Director | D7: Mes | E7: 1 | F7: =+'CÁLCULO DE F. PRESTACIONAL'!AG12 -> 7923776 | G7: =+'CÁLCULO DE F. PRESTACIONAL'!AG45 -> 1.5900814 | H7: 0.25 | I7: =+$J$4 -> 2 | J7: =ROUND(PRODUCT(D7:I7),0) -> 6299725
B8: 1.2 | C8: Residente de obra | D8: Mes | F8: =+'CÁLCULO DE F. PRESTACIONAL'!AA12 -> 5339472 | G8: =+'CÁLCULO DE F. PRESTACIONAL'!AA45 -> 1.5935592 | H8: 0.5 | I8: =+J4 -> 2
B9: 1.3 | C9: Residente SST (Tecnólogo) | D9: Mes | E9: 1 | F9: =+'CÁLCULO DE F. PRESTACIONAL'!U12 -> 3203683 | G9: =+'CÁLCULO DE F. PRESTACIONAL'!W45 -> 1.5995614 | H9: 1 | I9: =+$J$4 -> 2 | J9: =+E9*F9*G9*I9 -> 10248976
B10: 1.4 | C10: Otros (prima de localización) | D10: Mes | E10: 1 | F10: 500000 | H10: 0.5 | I10: =+$J$4 -> 2 | J10: =ROUND(PRODUCT(D10:I10),0) -> 500000
B11: 2 | C11: Personal Operativo y Administrativo
B12: 2.1 | C12: Maestro de Obra (Encargado) | D12: Mes | E12: 1 | F12: =+'CÁLCULO DE F. PRESTACIONAL'!Q12 -> 2612528 | G12: =+'CÁLCULO DE F. PRESTACIONAL'!Q45 -> 1.6820088 | H12: 1 | I12: =+$J$4 -> 2 | J12: =ROUND(PRODUCT(D12:I12),0) -> 8788590
B13: 2.2 | C13: Auxiliar Administrativo - Almacenista | D13: Mes | E13: 1 | F13: =+'CÁLCULO DE F. PRESTACIONAL'!O12 -> 2291835 | G13: =+'CÁLCULO DE F. PRESTACIONAL'!O45 -> 1.713189 | H13: 1 | I13: =+$J$4 -> 2 | J13: =ROUND(PRODUCT(D13:I13),0) -> 7852693
B14: 2.4 | C14: Otros (prima de localización) | D14: Mes | E14: 2 | F14: 500000 | H14: 0.25 | I14: =+$J$4 -> 2 | J14: =ROUND(PRODUCT(D14:I14),0) -> 500000
B15: 3 | C15: Personal Socio - ambiental
B16: 3.1 | C16: Tecnólogo Socio | D16: Mes | F16: =+'CÁLCULO DE F. PRESTACIONAL'!W12 -> 3416400 | G16: =+'CÁLCULO DE F. PRESTACIONAL'!W45 -> 1.5995614 | H16: 0.5 | I16: =+$J$4 -> 2
C17: Tecnólogo Ambiental | D17: Mes | E17: 1 | F17: =+'CÁLCULO DE F. PRESTACIONAL'!W12 -> 3416400 | G17: =+'CÁLCULO DE F. PRESTACIONAL'!W45 -> 1.5995614 | H17: 0.25 | I17: =+$J$4 -> 2
B18: 3.2 | C18: Otros (prima de localización) | D18: Mes | E18: 1 | F18: 500000 | H18: 0.4 | I18: =+$J$4 -> 2
B19: 4 | C19: Papelería, Equipos de Oficina y otros
B20: 4.1 | C20: Instalaciones provisionales (Incluye arrendamiento, enseres, servicios públicos y personal de aseo) | D20: Mes | E20: 1 | F20: 1500000 | H20: 0.5 | I20: =+$J$4 -> 2 | J20: =ROUND(PRODUCT(D20:I20),0) -> 1500000
B21: 4.1 | C21: Reconocimiento por disposición de puesto de trabajo del personal de oficina de campo, incluye: alquiler de un (1) equipo de computo completo, escritorio, silla y otros enseres de oficina por puesto de trabajo | D21: Mes | E21: 1 | F21: 243208 | H21: 0.5 | I21: =+$J$4 -> 2 | J21: =ROUND(PRODUCT(D21:I21),0) -> 243208
B22: 4.2 | C22: Reconocimiento por disposición de impresora laser multifuncional para el personal de administrativo de obra (se realiza reconocimiento por una sola vez) | D22: Mes | F22: 97283 | H22: 0.5 | I22: =+$J$4 -> 2
B23: 4.3 | C23: Reconocimiento por disposición de Comunicaciones (Teléfono, Fax, Celular, Internet, Etc.) mensual en campo | D23: Mes | F23: 71266 | H23: 0.5 | I23: =+$J$4 -> 2
B24: 4.4 | C24: Fotocopias, edición informes, registros fotográficos entre otros en oficina en campo | D24: Mes | E24: 1 | F24: 211000 | H24: 0.5 | I24: =+$J$4 -> 2 | J24: =ROUND(PRODUCT(D24:I24),0) -> 211000
B25: 5 | C25: Ensayos de Laboratorio
B26: 5.1 | C26: Diseños de mezcla para una resistencia determinada (Incluye ensayos a agregados y verificación de resistencia) | D26: Un | E26: 1 | F26: 993257 | H26: 1
B27: 5.2 | C27: Resistencia a la compresión de cilindros de concreto (método normal) | D27: Un | E27: 9 | F27: 7854
B28: 5.3 | C28: Ensayo Proctor modificado | D28: Un | F28: 147078
B29: 5.4 | C29: Ensayo densidades de campo | D29: Un | F29: 48232
B30: 5.5 | C30: Estudio de suelos para vias según norma invias | D30: Un | F30: 4000000
B31: 5.6 | C31: relacion de soporte de suelo en el laboratorio(CBR) remoldeado y sumergido. Suelos granulares (3 puntos | D31: Un | F31: 400000
B32: 6 | C32: Gastos de Perfeccionamiento | G32: Porcentaje
B33: 6.1 | C33: Valla (3,0X2,0m). Incluye estructura metálica para fijación y soporte | D33: U | E33: 1 | F33: 1814445
B34: 7 | C34: Otros Costos administrativos
B35: 7.1 | C35: Otros Costos administrativos | D35: Gl | E35: ='Otros Costos Admin'!G16 -> 0.123 | F35: =+'Otros Costos Admin'!J16 -> 44806028 | J35: =F35 -> 44806028 | L35: =J35/L41 -> 0.12804255
B36: TOTAL COSTOS ADMINISTRATIVOS | J36: =SUM(J6:J35) -> 80950220
B37: COSTO DIRECTO | J37: ='1-Resumen Ejecutivo'!F14 -> 267650905
B38: ADMINISTRACIÓN | D38: % | G38: =ROUND(J36/J37,4) -> 0.3024 | J38: =ROUND(J37*G38,0) -> 80937634
B39: UTILIDAD | D39: % | G39: 0.05 | J39: =ROUND(J37*G39,0) -> 13382545
B40: TOTAL AU (Suma de A + U) | D40: % | G40: =SUM(G38:G39) -> 0.3524 | J40: =SUM(J38:J39) -> 94320179
B41: COSTO TOTAL (Costo Directo + Total AU) | J41: =+J37+J40 -> 361971084 | L41: 349930761
L42: =+J41-L41 -> 12040323
B44: NOTA | C44: LOS COSTOS ADMINISTRATIVOS SE ASUMEN ENTRE EL URBANISMO Y LA CONSTRUCCION DE LAS VIVIENDAS POR LO TANTO EN ESTE CALCULO LA DEDICACION DE LOS PROFESIONALES Y SU SERVCIOS ADICIONALES NO TIENEN UNA DEDICACION DEL 100% DEBIDO QUE SOLO SE CALCULA PARA EL COSTO DEL URBANISMO. | N44: 8895497611
N45: 702996162
N46: =+OBRA_PÓLIZAS!H30 -> 1272777
N47: =SUM(N44:N46) -> 9599766550

Sheet VIVIENDA-ALIMENTACION-TTE
A1: CÁLCULO VIVIENDA PARA PERSONAL DE OBRA
A2: DESCRIPCIÓN | C2: UNIDAD | D2: CANTIDAD | E2: VR. UNIT. | F2: VR. TOTAL
A3: ALQUILER MENSUAL (VIVIENDA PARA 4 PERSONAS) | C3: UN | D3: =1/4 -> 0.25 | E3: 500000 | F3: =+D3*E3 -> 125000
A4: SERVICIOS PUBLICOS (4 PERSONAS) | C4: UN | D4: =1/4 -> 0.25 | E4: 300000 | F4: =+D4*E4 -> 75000
A5: SERVICIO DE ASEO (4 PERSONAS) (1 ASEO SEMANALES) | C5: UN | D5: =1*4.33/4 -> 1.0825 | E5: 70000 | F5: =+D5*E5 -> 75775
A6: TOTAL VIVIENDA MENSUAL | F6: =SUM(F3:F5) -> 275775
A8: CÁLCULO ALIMENTACIÓN PARA PERSONAL DE OBRA
A9: DESCRIPCIÓN | C9: UNIDAD | D9: CANTIDAD | E9: VR. UNIT. | F9: VR. TOTAL
A10: DESAYUNO | C10: UN | D10: 26 | E10: 8000 | F10: =+D10*E10 -> 208000
A11: ALMUERZO | C11: UN | D11: 26 | E11: 12000 | F11: =+D11*E11 -> 312000
A12: COMIDA | C12: UN | D12: 22 | E12: 10000 | F12: =+D12*E12 -> 220000
A13: TOTAL ALIMENTACIÓN MENSUAL | F13: =SUM(F10:F12) -> 740000
A15: CÁLCULO TRANSPORTE INTERMUNICIPAL PARA PERSONAL DE OBRA
A16: DESCRIPCIÓN | C16: UNIDAD | D16: CANTIDAD | E16: VR. UNIT. | F16: VR. TOTAL
A17: MEDELLIN- OBRA | C17: UN | D17: 2 | E17: 30000 | F17: =+D17*E17 -> 60000
A18: OBRA - MEDELLIN | C18: UN | D18: 2 | E18: 30000 | F18: =+D18*E18 -> 60000
A19: TOTAL ALIMENTACIÓN MENSUAL | F19: =SUM(F17:F18) -> 120000
A21: TOTAL MENSUAL | F21: =+F19+F13+F6 -> 1135775
A22: TOTAL JORNAL | F22: =(F21/30)*70% -> 26501.417

Sheet CÁLCULO DE F. PRESTACIONAL
A1: CALCULO DEL FACTOR PRESTACIONAL PERSONAL OPERATIVO Y ADMINISTRATIVO
A2: VALOR REAL DEL SALARIO 2023 - AFECTACIÓN PRESTACIONAL ANUAL
A4: Salario minimo vigente | B4: 1423500 | C4: 2025
A5: Subsidio de transporte | B5: 200000 | C5: 2025
A6: AFECTACIÓN PRESTACIONAL ANUAL
A8: Concepto | B8: Factor | C8: Ayudante raso / Liguero / Cadenero 2 | E8: Ayudante entendido / Ayudante electricista / Operario de equipo liviano / Vigía en salud | G8: Jardinero / Cadenero 1 | I8: Oficial / Oficial Electricista / Oficial minero / Oficial demoliciones / Oficial Mvto Tierra / Oficial Impermeabilizaciones / Oficial para llenos de filtros / Oficial para pisos varios / Oficial Pintura / Oficial Refuerzo / Oficial Urbanismo / Oficial obra blanca/ Operario de inyección / Operario de perforación / Rastrillero / Cadenero 1 | K8: Carpintero especializado / Soldador | M8: Topógrafo Experiencia > 3 años | O8: Auxiliar (H) / Almacenista Experiencia > 0 < 5 años | Q8: Maestro Encargado de campamento / Técnico en Contabilidad / Finanzas / Administración de Empresas Experiencia > 0 < 1 año | S8: Inspectores de obra / Operario Especializado / Técnico Experiencia > 3 años | U8: Tecnólogo 1 -Tecnólogo en Construcciones Civiles, Tecnólogo Ambiental, Tecnólogo social, Tecnólogo SISO, Dibujante. Experiencia > 0 < 1 años | W8: Tecnólogo 2 - Tecnólogo en Construcciones Civiles, Tecnólogo Ambiental, Tecnólogo social, Tecnólogo SISO. Tecnólogo en: Administración de Empresas y/o Contabilidad y/o Finanzas y/o Gestión de Mercados o afines. Experiencia >1 < 2 años | Y8: Tecnólogo 3 - Tecnólogo en Construcciones Civiles, Tecnólogo Ambiental, Tecnólogo social, Tecnólogo SISO. Experiencia > 3 años | AA8: Profesional B Pregrado 1 - Profesional Residente Ambiental, Profesional Residente Social, Profesional prediador, Antropólogo. Profesional SISO Experiencia >0 < 3 años | AC8: Profesional C Pregrado 2 - Profesional Residente de obra e interventoría, Profesional Residente Ambiental, Profesional Residente Social, Profesional prediador, Antropólogo. Experiencia >3 < 5 años | AE8: Profesional D Pregrado 3 -Asesor contable y triburario, Asesor jurídico (Abogado), Abogado gestión predial, Ingeniero Forestal, Ingeniero Civil, Geólogo, Biologo, Arqueologo, Economista, Profesional Residente de Obra Experiencia >5 < 10 años | AG8: Profesional E Especialista Director 1 - Director de Obra e interventoría, Ingeniero Especialista (en todos los campos) y Profesional SIG. Profesional Universitario en: Contaduría Pública y/o Administración de Empresas y/o Contabilidad y Finanzas, Ingeniería Civil o de Vías y Transportes Experiencia >5 < 10 años >2 < 4 años Específica | AI8: Profesional Especialista Director 2 - Profesional Director de Obra y Profesional Director de Interventoría. Profesional SIG Experiencia > 10 años >2 < 4 años Específica | AK8: Profesional Especialista Director General Experiencia > 10 años >4 < 6 años Específica
A9: Vr. Sueldo día | C9: =ROUND(C10*$B$4*12/360,0) -> 47450 | E9: =ROUND(E10*$B$4*12/360,0) -> 61685 | G9: =ROUND(G10*$B$4*12/360,0) -> 71175 | I9: =ROUND(I10*$B$4*12/360,0) -> 94900 | K9: =ROUND(K10*$B$4*12/360,0) -> 118625 | M9: =ROUND(M10*$B$4*12/360,0) -> 138080 | O9: =ROUND(O10*$B$4*12/360,0) -> 76395 | Q9: =ROUND(Q10*$B$4*12/360,0) -> 87084 | S9: =ROUND(S10*$B$4*12/360,0) -> 121947 | U9: =ROUND(U10*$B$4*12/360,0) -> 106789 | W9: =ROUND(W10*$B$4*12/360,0) -> 113880 | Y9: =ROUND(Y10*$B$4*12/360,0) -> 127130 | AA9: =ROUND(AA10*$B$4*12/360,0) -> 177982 | AC9: =ROUND(AC10*$B$4*12/360,0) -> 210223 | AE9: =ROUND(AE10*$B$4*12/360,0) -> 233929 | AG9: =ROUND(AG10*$B$4*12/360,0) -> 264126 | AI9: =ROUND(AI10*$B$4*12/360,0) -> 311747 | AK9: =ROUND(AK10*$B$4*12/360,0) -> 410443
A10: Vr. En Salarios Mínimos | C10: 1 | D10: SMMLV | E10: 1.3 | F10: SMMLV | G10: 1.5 | H10: SMMLV | I10: 2 | J10: SMMLV | K10: 2.5 | L10: SMMLV | M10: 2.91 | N10: SMMLV | O10: 1.61 | P10: SMMLV | Q10: =Q12/B4 -> 1.8352849 | R10: SMMLV | S10: 2.57 | T10: SMMLV | U10: =U12/B4 -> 2.2505676 | V10: SMMLV | W10: 2.4 | X10: SMMLV | Y10: =Y12/B4 -> 2.6792469 | Z10: SMMLV | AA10: =AA12/B4 -> 3.7509463 | AB10: SMMLV | AC10: =AC12/B4 -> 4.4304032 | AD10: SMMLV | AE10: 4.93 | AF10: SMMLV | AG10: =AG12/B4 -> 5.5664039 | AH10: SMMLV | AI10: 6.57 | AJ10: SMMLV | AK10: 8.65 | AL10: SMMLV
A11: SALARIO | D11: % | F11: % | H11: % | J11: % | L11: % | N11: % | P11: % | R11: % | T11: % | V11: % | X11: % | Z11: % | AB11: % | AD11: % | AF11: % | AH11: % | AJ11: % | AL11: %
A12: Mensual | C12: =$B$4*C10 -> 1423500 | E12: =$B$4*E10 -> 1850550 | G12: =$B$4*G10 -> 2135250 | I12: =$B$4*I10 -> 2847000 | K12: =$B$4*K10 -> 3558750 | M12: =$B$4*M10 -> 4142385 | O12: =$B$4*O10 -> 2291835 | Q12: 2612528 | S12: =$B$4*S10 -> 3658395 | U12: 3203683 | W12: =W10*B4 -> 3416400 | Y12: 3813908 | AA12: 5339472 | AC12: 6306679 | AE12: 6865035 | AG12: 7923776 | AI12: =$B$4*AI10 -> 9352395 | AK12: =$B$4*AK10 -> 12313275
A13: Subsidio de transporte | C13: =IF(C8="",0,IF(C10<=2,$B$5,0)) -> 200000 | E13: =IF(E8="",0,IF(E10<=2,$B$5,0)) -> 200000 | G13: =IF(G8="",0,IF(G10<=2,$B$5,0)) -> 200000 | I13: =IF(I8="",0,IF(I10<=2,$B$5,0)) -> 200000 | K13: =IF(K8="",0,IF(K10<=2,$B$5,0)) -> 0 | M13: =IF(M8="",0,IF(M10<=2,$B$5,0)) -> 0 | O13: =IF(O8="",0,IF(O10<=2,$B$5,0)) -> 200000 | Q13: =IF(Q8="",0,IF(Q10<=2,$B$5,0)) -> 200000 | S13: =IF(S8="",0,IF(S10<=2,$B$5,0)) -> 0 | U13: =IF(U8="",0,IF(U10<=2,$B$5,0)) -> 0 | W13: =IF(W8="",0,IF(W10<=2,$B$5,0)) -> 0 | Y13: =IF(Y8="",0,IF(Y10<=2,$B$5,0)) -> 0 | AA13: =IF(AA8="",0,IF(AA10<=2,$B$5,0)) -> 0 | AC13: =IF(AC8="",0,IF(AC10<=2,$B$5,0)) -> 0 | AE13: =IF(AE8="",0,IF(AE10<=2,$B$5,0)) -> 0 | AG13: =IF(AG8="",0,IF(AG10<=2,$B$5,0)) -> 0 | AI13: =IF(AI8="",0,IF(AI10<=2,$B$5,0)) -> 0 | AK13: =IF(AK8="",0,IF(AK10<=2,$B$5,0)) -> 0
A14: Total mensual | C14: =C12+C13 -> 1623500 | E14: =E12+E13 -> 2050550 | G14: =G12+G13 -> 2335250 | I14: =I12+I13 -> 3047000 | K14: =K12+K13 -> 3558750 | M14: =M12+M13 -> 4142385 | O14: =O12+O13 -> 2491835 | Q14: =Q12+Q13 -> 2812528 | S14: =S12+S13 -> 3658395 | U14: =U12+U13 -> 3203683 | W14: =W12+W13 -> 3416400 | Y14: =Y12+Y13 -> 3813908 | AA14: =AA12+AA13 -> 5339472 | AC14: =AC12+AC13 -> 6306679 | AE14: =AE12+AE13 -> 6865035 | AG14: =AG12+AG13 -> 7923776 | AI14: =AI12+AI13 -> 9352395 | AK14: =AK12+AK13 -> 12313275
A15: JORNAL | C15: =C14/30 -> 54116.667 | E15: =E14/30 -> 68351.667 | G15: =G14/30 -> 77841.667 | I15: =I14/30 -> 101566.67 | K15: =K14/30 -> 118625 | M15: =M14/30 -> 138079.5 | O15: =O14/30 -> 83061.167 | Q15: =Q14/30 -> 93750.933 | S15: =S14/30 -> 121946.5 | U15: =U14/30 -> 106789.43 | W15: =W14/30 -> 113880 | Y15: =Y14/30 -> 127130.27 | AA15: =AA14/30 -> 177982.4 | AC15: =AC14/30 -> 210222.63 | AE15: =AE14/30 -> 228834.5 | AG15: =AG14/30 -> 264125.87 | AI15: =AI14/30 -> 311746.5 | AK15: =AK14/30 -> 410442.5
A16: Total anual (A/30*360) | B16: =ROUND(360/360*12,2) -> 12 | C16: =C12*$B$16 -> 17082000 | D16: 1 | E16: =E12*$B$16 -> 22206600 | F16: 1 | G16: =G12*$B$16 -> 25623000 | H16: 1 | I16: =I12*$B$16 -> 34164000 | J16: 1 | K16: =K12*$B$16 -> 42705000 | L16: 1 | M16: =M12*$B$16 -> 49708620 | N16: 1 | O16: =O12*$B$16 -> 27502020 | P16: 1 | Q16: =Q12*$B$16 -> 31350336 | R16: 1 | S16: =S12*$B$16 -> 43900740 | T16: 1 | U16: =U12*$B$16 -> 38444196 | V16: 1 | W16: =W12*$B$16 -> 40996800 | X16: 1 | Y16: =Y12*$B$16 -> 45766896 | Z16: 1 | AA16: =AA12*$B$16 -> 64073664 | AB16: 1 | AC16: =AC12*$B$16 -> 75680148 | AD16: 1 | AE16: =AE12*$B$16 -> 82380420 | AF16: 1 | AG16: =AG12*$B$16 -> 95085312 | AH16: 1 | AI16: =AI12*$B$16 -> 112228740 | AJ16: 1 | AK16: =AK12*$B$16 -> 147759300 | AL16: 1
A17: Subsidio de transporte anual | B17: =ROUND(360/360*12,2) -> 12 | C17: =C13*$B$17 -> 2400000 | D17: =+C17/C16 -> 0.14049877 | E17: =E13*$B$17 -> 2400000 | F17: =+E17/E16 -> 0.10807598 | G17: =G13*$B$17 -> 2400000 | H17: =+G17/G16 -> 0.093665847 | I17: =I13*$B$17 -> 2400000 | J17: =+I17/I16 -> 0.070249385 | K17: =K13*$B$17 -> 0 | L17: =+K17/K16 -> 0 | M17: =M13*$B$17 -> 0 | N17: =+M17/M16 -> 0 | O17: =O13*$B$17 -> 2400000 | P17: =+O17/O16 -> 0.087266317 | Q17: =Q13*$B$17 -> 2400000 | R17: =+Q17/Q16 -> 0.076554203 | S17: =S13*$B$17 -> 0 | T17: =+S17/S16 -> 0 | U17: =U13*$B$17 -> 0 | V17: =+U17/U16 -> 0 | W17: =W13*$B$17 -> 0 | X17: =+W17/W16 -> 0 | Y17: =Y13*$B$17 -> 0 | Z17: =+Y17/Y16 -> 0 | AA17: =AA13*$B$17 -> 0 | AB17: =+AA17/AA16 -> 0 | AC17: =AC13*$B$17 -> 0 | AD17: =+AC17/AC16 -> 0 | AE17: =AE13*$B$17 -> 0 | AF17: =+AE17/AE16 -> 0 | AG17: =AG13*$B$17 -> 0 | AH17: =+AG17/AG16 -> 0 | AI17: =AI13*$B$17 -> 0 | AJ17: =+AI17/AI16 -> 0 | AK17: =AK13*$B$17 -> 0 | AL17: =+AK17/AK16 -> 0
A18: Salario anual con sub. de transporte | C18: =C16+C17 -> 19482000 | E18: =E16+E17 -> 24606600 | G18: =G16+G17 -> 28023000 | I18: =I16+I17 -> 36564000 | K18: =K16+K17 -> 42705000 | M18: =M16+M17 -> 49708620 | O18: =O16+O17 -> 29902020 | Q18: =Q16+Q17 -> 33750336 | S18: =S16+S17 -> 43900740 | U18: =U16+U17 -> 38444196 | W18: =W16+W17 -> 40996800 | Y18: =Y16+Y17 -> 45766896 | AA18: =AA16+AA17 -> 64073664 | AC18: =AC16+AC17 -> 75680148 | AE18: =AE16+AE17 -> 82380420 | AG18: =AG16+AG17 -> 95085312 | AI18: =AI16+AI17 -> 112228740 | AK18: =AK16+AK17 -> 147759300
A19: SALARIO NOMINAL (365 días)
A20: Salario anual
A21: Subsidio de transporte
A22: PRESTACIONES SOCIALES | D22: % | F22: % | H22: % | J22: % | L22: % | N22: % | P22: % | R22: % | T22: % | V22: % | X22: % | Z22: % | AB22: % | AD22: % | AF22: % | AH22: % | AJ22: % | AL22: %
A23: Cesantias anuales | B23: =ROUND(30/360,4) -> 0.0833 | C23: =+$B$23*C18 -> 1622850.6 | D23: =C23/$C$18 -> 0.0833 | E23: =+$B$23*E18 -> 2049729.8 | F23: =E23/E$18 -> 0.0833 | G23: =+$B$23*G18 -> 2334315.9 | H23: =G23/G$18 -> 0.0833 | I23: =+$B$23*I18 -> 3045781.2 | J23: =I23/I$18 -> 0.0833 | K23: =+$B$23*K18 -> 3557326.5 | L23: =K23/K$18 -> 0.0833 | M23: =+$B$23*M18 -> 4140728 | N23: =M23/M$18 -> 0.0833 | O23: =+$B$23*O18 -> 2490838.3 | P23: =O23/O$18 -> 0.0833 | Q23: =+$B$23*Q18 -> 2811403 | R23: =Q23/Q$18 -> 0.0833 | S23: =+$B$23*S18 -> 3656931.6 | T23: =S23/S$18 -> 0.0833 | U23: =+$B$23*U18 -> 3202401.5 | V23: =U23/U$18 -> 0.0833 | W23: =+$B$23*W18 -> 3415033.4 | X23: =W23/W$18 -> 0.0833 | Y23: =+$B$23*Y18 -> 3812382.4 | Z23: =Y23/Y$18 -> 0.0833 | AA23: =+$B$23*AA18 -> 5337336.2 | AB23: =AA23/AA$18 -> 0.0833 | AC23: =+$B$23*AC18 -> 6304156.3 | AD23: =AC23/AC$18 -> 0.0833 | AE23: =+$B$23*AE18 -> 6862289 | AF23: =AE23/AE$18 -> 0.0833 | AG23: =+$B$23*AG18 -> 7920606.5 | AH23: =AG23/AG$18 -> 0.0833 | AI23: =+$B$23*AI18 -> 9348654 | AJ23: =AI23/AI$18 -> 0.0833 | AK23: =+$B$23*AK18 -> 12308350 | AL23: =AK23/AK$18 -> 0.0833
A24: Interes sobre cesantia | B24: 0.12 | C24: =+C23*$B$24 -> 194742.07 | D24: =C24/$C$16 -> 0.011400426 | E24: =+E23*$B$24 -> 245967.57 | F24: =E24/$E$16 -> 0.011076327 | G24: =+G23*$B$24 -> 280117.91 | H24: =G24/$G$16 -> 0.010932284 | I24: =+I23*$B$24 -> 365493.74 | J24: =I24/$I$16 -> 0.010698213 | K24: =+K23*$B$24 -> 426879.18 | L24: =K24/$K$16 -> 0.009996 | M24: =+M23*$B$24 -> 496887.37 | N24: =M24/$M$16 -> 0.009996 | O24: =+O23*$B$24 -> 298900.59 | P24: =O24/O16 -> 0.010868314 | Q24: =+Q23*$B$24 -> 337368.36 | R24: =Q24/Q16 -> 0.010761236 | S24: =+S23*$B$24 -> 438831.8 | T24: =S24/S16 -> 0.009996 | U24: =+U23*$B$24 -> 384288.18 | V24: =U24/U16 -> 0.009996 | W24: =+W23*$B$24 -> 409804.01 | X24: =W24/W16 -> 0.009996 | Y24: =+Y23*$B$24 -> 457485.89 | Z24: =Y24/Y16 -> 0.009996 | AA24: =+AA23*$B$24 -> 640480.35 | AB24: =AA24/AA16 -> 0.009996 | AC24: =+AC23*$B$24 -> 756498.76 | AD24: =AC24/AC16 -> 0.009996 | AE24: =+AE23*$B$24 -> 823474.68 | AF24: =AE24/AE16 -> 0.009996 | AG24: =+AG23*$B$24 -> 950472.78 | AH24: =AG24/AG16 -> 0.009996 | AI24: =+AI23*$B$24 -> 1121838.5 | AJ24: =AI24/AI16 -> 0.009996 | AK24: =+AK23*$B$24 -> 1477002 | AL24: =AK24/AK16 -> 0.009996
A25: Prima - 30 días | B25: 1 | C25: =+$B$25*C14 -> 1623500 | D25: =C25/$C$18 -> 0.083333333 | E25: =+$B$25*E12 -> 1850550 | F25: =E25/$E$16 -> 0.083333333 | G25: =+$B$25*G12 -> 2135250 | H25: =G25/$G$16 -> 0.083333333 | I25: =+$B$25*I12 -> 2847000 | J25: =I25/$I$16 -> 0.083333333 | K25: =+$B$25*K12 -> 3558750 | L25: =K25/$K$16 -> 0.083333333 | M25: =+$B$25*M12 -> 4142385 | N25: =M25/$M$16 -> 0.083333333 | O25: =+$B$25*O12 -> 2291835 | P25: =O25/O16 -> 0.083333333 | Q25: =+$B$25*Q12 -> 2612528 | R25: =Q25/Q16 -> 0.083333333 | S25: =+$B$25*S12 -> 3658395 | T25: =S25/S16 -> 0.083333333 | U25: =+$B$25*U12 -> 3203683 | V25: =U25/U16 -> 0.083333333 | W25: =+$B$25*W12 -> 3416400 | X25: =W25/W16 -> 0.083333333 | Y25: =+$B$25*Y12 -> 3813908 | Z25: =Y25/Y16 -> 0.083333333 | AA25: =+$B$25*AA12 -> 5339472 | AB25: =AA25/AA16 -> 0.083333333 | AC25: =+$B$25*AC12 -> 6306679 | AD25: =AC25/AC16 -> 0.083333333 | AE25: =+$B$25*AE12 -> 6865035 | AF25: =AE25/AE16 -> 0.083333333 | AG25: =+$B$25*AG12 -> 7923776 | AH25: =AG25/AG16 -> 0.083333333 | AI25: =+$B$25*AI12 -> 9352395 | AJ25: =AI25/AI16 -> 0.083333333 | AK25: =+$B$25*AK12 -> 12313275 | AL25: =AK25/AK16 -> 0.083333333
A26: Vacaciones - 15 días | B26: 0.5 | C26: =+C12*$B$26 -> 711750 | D26: =C26/$C$16 -> 0.041666667 | E26: =+E12*$B$26 -> 925275 | F26: =E26/$E$16 -> 0.041666667 | G26: =+G12*$B$26 -> 1067625 | H26: =G26/$G$16 -> 0.041666667 | I26: =+I12*$B$26 -> 1423500 | J26: =I26/$I$16 -> 0.041666667 | K26: =+K12*$B$26 -> 1779375 | L26: =K26/$K$16 -> 0.041666667 | M26: =+M12*$B$26 -> 2071192.5 | N26: =M26/$M$16 -> 0.041666667 | O26: =+O12*$B$26 -> 1145917.5 | P26: =O26/O16 -> 0.041666667 | Q26: =+Q12*$B$26 -> 1306264 | R26: =Q26/Q16 -> 0.041666667 | S26: =+S12*$B$26 -> 1829197.5 | T26: =S26/S16 -> 0.041666667 | U26: =+U12*$B$26 -> 1601841.5 | V26: =U26/U16 -> 0.041666667 | W26: =+W12*$B$26 -> 1708200 | X26: =W26/W16 -> 0.041666667 | Y26: =+Y12*$B$26 -> 1906954 | Z26: =Y26/Y16 -> 0.041666667 | AA26: =+AA12*$B$26 -> 2669736 | AB26: =AA26/AA16 -> 0.041666667 | AC26: =+AC12*$B$26 -> 3153339.5 | AD26: =AC26/AC16 -> 0.041666667 | AE26: =+AE12*$B$26 -> 3432517.5 | AF26: =AE26/AE16 -> 0.041666667 | AG26: =+AG12*$B$26 -> 3961888 | AH26: =AG26/AG16 -> 0.041666667 | AI26: =+AI12*$B$26 -> 4676197.5 | AJ26: =AI26/AI16 -> 0.041666667 | AK26: =+AK12*$B$26 -> 6156637.5 | AL26: =AK26/AK16 -> 0.041666667
A27: SUBTOTAL PRESTACIONES SOCIALES | C27: =SUM(C23:C26) -> 4152842.7 | E27: =SUM(E23:E26) -> 5071522.4 | G27: =SUM(G23:G26) -> 5817308.8 | I27: =SUM(I23:I26) -> 7681774.9 | K27: =SUM(K23:K26) -> 9322330.7 | M27: =SUM(M23:M26) -> 10851193 | O27: =SUM(O23:O26) -> 6227491.4 | Q27: =SUM(Q23:Q26) -> 7067563.3 | S27: =SUM(S23:S26) -> 9583355.9 | U27: =SUM(U23:U26) -> 8392214.2 | W27: =SUM(W23:W26) -> 8949437.5 | Y27: =SUM(Y23:Y26) -> 9990730.3 | AA27: =SUM(AA23:AA26) -> 13987025 | AC27: =SUM(AC23:AC26) -> 16520674 | AE27: =SUM(AE23:AE26) -> 17983316 | AG27: =SUM(AG23:AG26) -> 20756743 | AI27: =SUM(AI23:AI26) -> 24499085 | AK27: =SUM(AK23:AK26) -> 32255264
A28: SEGURIDAD SOCIAL | D28: % | F28: % | H28: % | J28: % | L28: % | N28: % | P28: % | R28: % | T28: % | V28: % | X28: % | Z28: % | AB28: % | AD28: % | AF28: % | AH28: % | AJ28: % | AL28: %
A29: Pensiones | B29: 0.12 | C29: =+$B$29*C16 -> 2049840 | D29: =C29/$C$16 -> 0.12 | E29: =+$B$29*E16 -> 2664792 | F29: =E29/$E$16 -> 0.12 | G29: =+$B$29*G16 -> 3074760 | H29: =G29/$G$16 -> 0.12 | I29: =+$B$29*I16 -> 4099680 | J29: =I29/$I$16 -> 0.12 | K29: =+$B$29*K16 -> 5124600 | L29: =K29/$K$16 -> 0.12 | M29: =+$B$29*M16 -> 5965034.4 | N29: =M29/$M$16 -> 0.12 | O29: =+$B$29*O16 -> 3300242.4 | P29: =O29/O16 -> 0.12 | Q29: =+$B$29*Q16 -> 3762040.3 | R29: =Q29/Q16 -> 0.12 | S29: =+$B$29*S16 -> 5268088.8 | T29: =S29/S16 -> 0.12 | U29: =+$B$29*U16 -> 4613303.5 | V29: =U29/U16 -> 0.12 | W29: =+$B$29*W16 -> 4919616 | X29: =W29/W16 -> 0.12 | Y29: =+$B$29*Y16 -> 5492027.5 | Z29: =Y29/Y16 -> 0.12 | AA29: =+$B$29*AA16 -> 7688839.7 | AB29: =AA29/AA16 -> 0.12 | AC29: =+$B$29*AC16 -> 9081617.8 | AD29: =AC29/AC16 -> 0.12 | AE29: =+$B$29*AE16 -> 9885650.4 | AF29: =AE29/AE16 -> 0.12 | AG29: =+$B$29*AG16 -> 11410237 | AH29: =AG29/AG16 -> 0.12 | AI29: =+$B$29*AI16 -> 13467449 | AJ29: =AI29/AI16 -> 0.12 | AK29: =+$B$29*AK16 -> 17731116 | AL29: =AK29/AK16 -> 0.12
A30: Salud (Afectado por la reforma tributaria) (8,5%) | B30: =8.5% -> 0.085 | C30: =+$B$30*C$16 -> 1451970 | D30: =C30/C$16 -> 0.085 | E30: =+$B$30*E$16 -> 1887561 | F30: =E30/E$16 -> 0.085 | G30: =+$B$30*G$16 -> 2177955 | H30: =G30/G$16 -> 0.085 | I30: =+$B$30*I$16 -> 2903940 | J30: =I30/I$16 -> 0.085 | K30: =+$B$30*K$16 -> 3629925 | L30: =K30/K$16 -> 0.085 | M30: =+$B$30*M$16 -> 4225232.7 | N30: =M30/M$16 -> 0.085 | O30: =+$B$30*O$16 -> 2337671.7 | P30: =O30/O$16 -> 0.085 | Q30: =+$B$30*Q$16 -> 2664778.6 | R30: =Q30/Q$16 -> 0.085 | S30: =+$B$30*S$16 -> 3731562.9 | T30: =S30/S$16 -> 0.085 | U30: =+$B$30*U$16 -> 3267756.7 | V30: =U30/U$16 -> 0.085 | W30: =+$B$30*W$16 -> 3484728 | X30: =W30/W$16 -> 0.085 | Y30: =+$B$30*Y$16 -> 3890186.2 | Z30: =Y30/Y$16 -> 0.085 | AA30: =+$B$30*AA$16 -> 5446261.4 | AB30: =AA30/AA$16 -> 0.085 | AC30: =+$B$30*AC$16 -> 6432812.6 | AD30: =AC30/AC$16 -> 0.085 | AE30: =+$B$30*AE$16 -> 7002335.7 | AF30: =AE30/AE$16 -> 0.085 | AG30: =+$B$30*AG$16 -> 8082251.5 | AH30: =AG30/AG$16 -> 0.085 | AI30: =+$B$30*AI$16 -> 9539442.9 | AJ30: =AI30/AI$16 -> 0.085 | AK30: =+$B$30*AK$16 -> 12559540 | AL30: =AK30/AK$16 -> 0.085 | AM30: 0 | AO30: De acuerdo al artículo 114-1 del Estatuto Tributario
A31: Riesgos Laborales (ARL) | B31: 0.0696 | C31: =+$B$31*C16 -> 1188907.2 | D31: =C31/$C$16 -> 0.0696 | E31: =+$B$31*E16 -> 1545579.4 | F31: =E31/$E$16 -> 0.0696 | G31: =+$B$31*G16 -> 1783360.8 | H31: =G31/$G$16 -> 0.0696 | I31: =+$B$31*I16 -> 2377814.4 | J31: =I31/$I$16 -> 0.0696 | K31: =+$B$31*K16 -> 2972268 | L31: =K31/$K$16 -> 0.0696 | M31: =+$B$31*M16 -> 3459720 | N31: =M31/$M$16 -> 0.0696 | O31: =+$B$31*O16 -> 1914140.6 | P31: =O31/O16 -> 0.0696 | Q31: =+$B$31*Q16 -> 2181983.4 | R31: =Q31/Q16 -> 0.0696 | S31: =+$B$31*S16 -> 3055491.5 | T31: =S31/S16 -> 0.0696 | U31: =+$B$31*U16 -> 2675716 | V31: =U31/U16 -> 0.0696 | W31: =+$B$31*W16 -> 2853377.3 | X31: =W31/W16 -> 0.0696 | Y31: =+$B$31*Y16 -> 3185376 | Z31: =Y31/Y16 -> 0.0696 | AA31: =+$B$31*AA16 -> 4459527 | AB31: =AA31/AA16 -> 0.0696 | AC31: =+$B$31*AC16 -> 5267338.3 | AD31: =AC31/AC16 -> 0.0696 | AE31: =+$B$31*AE16 -> 5733677.2 | AF31: =AE31/AE16 -> 0.0696 | AG31: =+$B$31*AG16 -> 6617937.7 | AH31: =AG31/AG16 -> 0.0696 | AI31: =+$B$31*AI16 -> 7811120.3 | AJ31: =AI31/AI16 -> 0.0696 | AK31: =+$B$31*AK16 -> 10284047 | AL31: =AK31/AK16 -> 0.0696
A32: SUBTOTAL SEGURIDAD SOCIAL | C32: =SUM(C29:C31) -> 4690717.2 | E32: =SUM(E29:E31) -> 6097932.4 | G32: =SUM(G29:G31) -> 7036075.8 | I32: =SUM(I29:I31) -> 9381434.4 | K32: =SUM(K29:K31) -> 11726793 | M32: =SUM(M29:M31) -> 13649987 | O32: =SUM(O29:O31) -> 7552054.7 | Q32: =SUM(Q29:Q31) -> 8608802.3 | S32: =SUM(S29:S31) -> 12055143 | U32: =SUM(U29:U31) -> 10556776 | W32: =SUM(W29:W31) -> 11257721 | Y32: =SUM(Y29:Y31) -> 12567590 | AA32: =SUM(AA29:AA31) -> 17594628 | AC32: =SUM(AC29:AC31) -> 20781769 | AE32: =SUM(AE29:AE31) -> 22621663 | AG32: =SUM(AG29:AG31) -> 26110427 | AI32: =SUM(AI29:AI31) -> 30818012 | AK32: =SUM(AK29:AK31) -> 40574704
A33: APORTES PARAFISCALES | D33: % | F33: % | H33: % | J33: % | L33: % | N33: % | P33: % | R33: % | T33: % | V33: % | X33: % | Z33: % | AB33: % | AD33: % | AF33: % | AH33: % | AJ33: % | AL33: %
A34: SENA (Afectado por la reforma tributaria) - asumido por el CREE (2,0%) | B34: =2% -> 0.02 | C34: =+$B$34*C$16 -> 341640 | D34: =C34/C$16 -> 0.02 | E34: =+$B$34*E$16 -> 444132 | F34: =E34/E$16 -> 0.02 | G34: =+$B$34*G$16 -> 512460 | H34: =G34/G$16 -> 0.02 | I34: =+$B$34*I$16 -> 683280 | J34: =I34/I$16 -> 0.02 | K34: =+$B$34*K$16 -> 854100 | L34: =K34/K$16 -> 0.02 | M34: =+$B$34*M$16 -> 994172.4 | N34: =M34/M$16 -> 0.02 | O34: =+$B$34*O$16 -> 550040.4 | P34: =O34/O$16 -> 0.02 | Q34: =+$B$34*Q$16 -> 627006.72 | R34: =Q34/Q$16 -> 0.02 | S34: =+$B$34*S$16 -> 878014.8 | T34: =S34/S$16 -> 0.02 | U34: =+$B$34*U$16 -> 768883.92 | V34: =U34/U$16 -> 0.02 | W34: =+$B$34*W$16 -> 819936 | X34: =W34/W$16 -> 0.02 | Y34: =+$B$34*Y$16 -> 915337.92 | Z34: =Y34/Y$16 -> 0.02 | AA34: =+$B$34*AA$16 -> 1281473.3 | AB34: =AA34/AA$16 -> 0.02 | AC34: =+$B$34*AC$16 -> 1513603 | AD34: =AC34/AC$16 -> 0.02 | AE34: =+$B$34*AE$16 -> 1647608.4 | AF34: =AE34/AE$16 -> 0.02 | AG34: =+$B$34*AG$16 -> 1901706.2 | AH34: =AG34/AG$16 -> 0.02 | AI34: =+$B$34*AI$16 -> 2244574.8 | AJ34: =AI34/AI$16 -> 0.02 | AK34: =+$B$34*AK$16 -> 2955186 | AL34: =AK34/AK$16 -> 0.02 | AM34: 0 | AO34: De acuerdo al artículo 114-1 del Estatuto Tributario
A35: ICBF (Afectado por la reforma tributaria) - asumido por el CREE (3,0%) | B35: 0.03 | C35: =+$B$35*C$16 -> 512460 | D35: =C35/C$16 -> 0.03 | E35: =+$B$35*E$16 -> 666198 | F35: =E35/E$16 -> 0.03 | G35: =+$B$35*G$16 -> 768690 | H35: =G35/G$16 -> 0.03 | I35: =+$B$35*I$16 -> 1024920 | J35: =I35/I$16 -> 0.03 | K35: =+$B$35*K$16 -> 1281150 | L35: =K35/K$16 -> 0.03 | M35: =+$B$35*M$16 -> 1491258.6 | N35: =M35/M$16 -> 0.03 | O35: =+$B$35*O$16 -> 825060.6 | P35: =O35/O$16 -> 0.03 | Q35: =+$B$35*Q$16 -> 940510.08 | R35: =Q35/Q$16 -> 0.03 | S35: =+$B$35*S$16 -> 1317022.2 | T35: =S35/S$16 -> 0.03 | U35: =+$B$35*U$16 -> 1153325.9 | V35: =U35/U$16 -> 0.03 | W35: =+$B$35*W$16 -> 1229904 | X35: =W35/W$16 -> 0.03 | Y35: =+$B$35*Y$16 -> 1373006.9 | Z35: =Y35/Y$16 -> 0.03 | AA35: =+$B$35*AA$16 -> 1922209.9 | AB35: =AA35/AA$16 -> 0.03 | AC35: =+$B$35*AC$16 -> 2270404.4 | AD35: =AC35/AC$16 -> 0.03 | AE35: =+$B$35*AE$16 -> 2471412.6 | AF35: =AE35/AE$16 -> 0.03 | AG35: =+$B$35*AG$16 -> 2852559.4 | AH35: =AG35/AG$16 -> 0.03 | AI35: =+$B$35*AI$16 -> 3366862.2 | AJ35: =AI35/AI$16 -> 0.03 | AK35: =+$B$35*AK$16 -> 4432779 | AL35: =AK35/AK$16 -> 0.03 | AM35: 0 | AO35: De acuerdo al artículo 114-1 del Estatuto Tributario
A36: Caja de compensación familiar | B36: 0.04 | C36: =$B$36*C16 -> 683280 | D36: =C36/$C$16 -> 0.04 | E36: =$B$36*E16 -> 888264 | F36: =E36/$E$16 -> 0.04 | G36: =$B$36*G16 -> 1024920 | H36: =G36/$G$16 -> 0.04 | I36: =$B$36*I16 -> 1366560 | J36: =I36/$I$16 -> 0.04 | K36: =$B$36*K16 -> 1708200 | L36: =K36/$I$16 -> 0.05 | M36: =$B$36*M16 -> 1988344.8 | N36: =M36/$M$16 -> 0.04 | O36: =$B$36*O16 -> 1100080.8 | P36: =O36/O16 -> 0.04 | Q36: =$B$36*Q16 -> 1254013.4 | R36: =Q36/Q16 -> 0.04 | S36: =$B$36*S16 -> 1756029.6 | T36: =S36/S16 -> 0.04 | U36: =$B$36*U16 -> 1537767.8 | V36: =U36/U16 -> 0.04 | W36: =$B$36*W16 -> 1639872 | X36: =W36/W16 -> 0.04 | Y36: =$B$36*Y16 -> 1830675.8 | Z36: =Y36/Y16 -> 0.04 | AA36: =$B$36*AA16 -> 2562946.6 | AB36: =AA36/AA16 -> 0.04 | AC36: =$B$36*AC16 -> 3027205.9 | AD36: =AC36/AC16 -> 0.04 | AE36: =$B$36*AE16 -> 3295216.8 | AF36: =AE36/AE16 -> 0.04 | AG36: =$B$36*AG16 -> 3803412.5 | AH36: =AG36/AG16 -> 0.04 | AI36: =$B$36*AI16 -> 4489149.6 | AJ36: =AI36/AI16 -> 0.04 | AK36: =$B$36*AK16 -> 5910372 | AL36: =AK36/AK16 -> 0.04
A37: FIC (Fondo Nacional de Formación Profesional de la Industria de la Construcción) | C37: =$B$37/40*$B$4 -> 0 | D37: =C37/$C$16 -> 0 | E37: =$B$37/40*$B$4 -> 0 | F37: =E37/$E$16 -> 0 | G37: =$B$37/40*$B$4 -> 0 | H37: =G37/$G$16 -> 0 | I37: =$B$37/40*$B$4 -> 0 | J37: =I37/$I$16 -> 0 | K37: =$B$37/40*$B$4 -> 0 | L37: =K37/$I$16 -> 0 | M37: =$B$37/40*$B$4 -> 0 | N37: =M37/$M$16 -> 0 | O37: =$B$37/40*$B$4 -> 0 | P37: =O37/O16 -> 0 | Q37: =$B$37/40*$B$4 -> 0 | R37: =Q37/Q16 -> 0 | S37: =$B$37/40*$B$4 -> 0 | T37: =S37/S16 -> 0 | U37: =$B$37/40*$B$4 -> 0 | V37: =U37/U16 -> 0 | W37: =$B$37/40*$B$4 -> 0 | X37: =W37/W16 -> 0 | Y37: =$B$37/40*$B$4 -> 0 | Z37: =Y37/Y16 -> 0 | AA37: =$B$37/40*$B$4 -> 0 | AB37: =AA37/AA16 -> 0 | AC37: =$B$37/40*$B$4 -> 0 | AD37: =AC37/AC16 -> 0 | AE37: =$B$37/40*$B$4 -> 0 | AF37: =AE37/AE16 -> 0 | AG37: =$B$37/40*$B$4 -> 0 | AH37: =AG37/AG16 -> 0 | AI37: =$B$37/40*$B$4 -> 0 | AJ37: =AI37/AI16 -> 0 | AK37: =$B$37/40*$B$4 -> 0 | AL37: =AK37/AK16 -> 0
A38: SUBTOTAL PARAFISCALES | C38: =SUM(C34:C37) -> 1537380 | E38: =SUM(E34:E37) -> 1998594 | G38: =SUM(G34:G37) -> 2306070 | I38: =SUM(I34:I37) -> 3074760 | K38: =SUM(K34:K37) -> 3843450 | M38: =SUM(M34:M37) -> 4473775.8 | O38: =SUM(O34:O37) -> 2475181.8 | Q38: =SUM(Q34:Q37) -> 2821530.2 | S38: =SUM(S34:S37) -> 3951066.6 | U38: =SUM(U34:U37) -> 3459977.6 | W38: =SUM(W34:W37) -> 3689712 | Y38: =SUM(Y34:Y37) -> 4119020.6 | AA38: =SUM(AA34:AA37) -> 5766629.8 | AC38: =SUM(AC34:AC37) -> 6811213.3 | AE38: =SUM(AE34:AE37) -> 7414237.8 | AG38: =SUM(AG34:AG37) -> 8557678.1 | AI38: =SUM(AI34:AI37) -> 10100587 | AK38: =SUM(AK34:AK37) -> 13298337
A39: DOTACIÓN - EPP - EXAMENES DE INGRESO | D39: % | F39: % | H39: % | J39: % | L39: % | N39: % | P39: % | R39: % | T39: % | V39: % | X39: % | Z39: % | AB39: % | AD39: % | AF39: % | AH39: % | AJ39: % | AL39: %
A40: Dotación | C40: =+C63 -> 476100 | D40: =C40/$C$16 -> 0.027871444 | E40: =+$C$40 -> 476100 | F40: =E40/$E$16 -> 0.021439572 | G40: =+$C$40 -> 476100 | H40: =G40/$G$16 -> 0.018580962 | I40: =+$C$40 -> 476100 | J40: =I40/$I$16 -> 0.013935722 | K40: 0 | L40: =K40/$I$16 -> 0 | M40: 0 | N40: =M40/$M$16 -> 0 | O40: =+$C$40 -> 476100 | P40: =O40/O16 -> 0.017311456 | Q40: 0 | R40: =Q40/Q16 -> 0 | S40: 0 | T40: =S40/S16 -> 0 | U40: 0 | V40: =U40/U16 -> 0 | W40: 0 | X40: =W40/W16 -> 0 | Y40: 0 | Z40: =Y40/Y16 -> 0 | AA40: 0 | AB40: =AA40/AA16 -> 0 | AC40: 0 | AD40: =AC40/AC16 -> 0 | AE40: 0 | AF40: =AE40/AE16 -> 0 | AG40: 0 | AH40: =AG40/AG16 -> 0 | AI40: 0 | AJ40: =AI40/AI16 -> 0 | AK40: 0 | AL40: =AK40/AK16 -> 0
A41: Implementos de Seguridad | C41: =+F78 -> 563230 | D41: =C41/$C$16 -> 0.032972134 | E41: =+$C$41 -> 563230 | F41: =E41/$E$16 -> 0.02536318 | G41: =+$C$41 -> 563230 | H41: =G41/$G$16 -> 0.021981423 | I41: =+$C$41 -> 563230 | J41: =I41/$I$16 -> 0.016486067 | K41: =+$C$41 -> 563230 | L41: =K41/$I$16 -> 0.016486067 | M41: =+$C$41 -> 563230 | N41: =M41/$M$16 -> 0.01133063 | O41: =+$C$41 -> 563230 | P41: =O41/O16 -> 0.020479587 | Q41: =+$C$41 -> 563230 | R41: =Q41/Q16 -> 0.017965677 | S41: =+$C$41 -> 563230 | T41: =S41/S16 -> 0.012829624 | U41: =+$C$41 -> 563230 | V41: =U41/U16 -> 0.014650586 | W41: =+$C$41 -> 563230 | X41: =W41/W16 -> 0.013738389 | Y41: =+$C$41 -> 563230 | Z41: =Y41/Y16 -> 0.012306493 | AA41: =+$C$41 -> 563230 | AB41: =AA41/AA16 -> 0.0087903511 | AC41: =+$C$41 -> 563230 | AD41: =AC41/AC16 -> 0.0074422423 | AE41: =+$C$41 -> 563230 | AF41: =AE41/AE16 -> 0.0068369401 | AG41: =+$C$41 -> 563230 | AH41: =AG41/AG16 -> 0.0059234175 | AI41: =+$C$41 -> 563230 | AJ41: =AI41/AI16 -> 0.0050185897 | AK41: =+$C$41 -> 563230 | AL41: =AK41/AK16 -> 0.0038118074
A42: Examenes de ingreso y egreso | C42: 120000 | D42: =C42/C16 -> 0.0070249385 | E42: =+$C$42 -> 120000 | F42: =E42/E16 -> 0.0054037989 | G42: =+$C$42 -> 120000 | H42: =G42/G16 -> 0.0046832924 | I42: =+$C$42 -> 120000 | J42: =I42/I16 -> 0.0035124693 | K42: =+$C$42 -> 120000 | L42: =K42/K16 -> 0.0028099754 | M42: =+$C$42 -> 120000 | N42: =M42/M16 -> 0.0024140682 | O42: =+$C$42 -> 120000 | P42: =O42/O16 -> 0.0043633159 | Q42: =+$C$42 -> 120000 | R42: =Q42/Q16 -> 0.0038277102 | S42: =+$C$42 -> 120000 | T42: =S42/S16 -> 0.0027334391 | U42: =+$C$42 -> 120000 | V42: =U42/U16 -> 0.0031214075 | W42: =+$C$42 -> 120000 | X42: =W42/W16 -> 0.0029270577 | Y42: =+$C$42 -> 120000 | Z42: =Y42/Y16 -> 0.0026219825 | AA42: =+$C$42 -> 120000 | AB42: =AA42/AA16 -> 0.0018728444 | AC42: =+$C$42 -> 120000 | AD42: =AC42/AC16 -> 0.0015856206 | AE42: =+$C$42 -> 120000 | AF42: =AE42/AE16 -> 0.0014566568 | AG42: =+$C$42 -> 120000 | AH42: =AG42/AG16 -> 0.0012620246 | AI42: =+$C$42 -> 120000 | AJ42: =AI42/AI16 -> 0.0010692448 | AK42: =+$C$42 -> 120000 | AL42: =AK42/AK16 -> 0.00081213162
A43: SUBTOTAL DOTACIÓN | C43: =SUM(C40:C41) -> 1039330 | E43: =SUM(E40:E42) -> 1159330 | G43: =SUM(G40:G42) -> 1159330 | I43: =SUM(I40:I42) -> 1159330 | K43: =SUM(K40:K42) -> 683230 | M43: =SUM(M40:M42) -> 683230 | O43: =SUM(O40:O42) -> 1159330 | Q43: =SUM(Q40:Q42) -> 683230 | S43: =SUM(S40:S42) -> 683230 | U43: =SUM(U40:U42) -> 683230 | W43: =SUM(W40:W42) -> 683230 | Y43: =SUM(Y40:Y42) -> 683230 | AA43: =SUM(AA40:AA42) -> 683230 | AC43: =SUM(AC40:AC42) -> 683230 | AE43: =SUM(AE40:AE42) -> 683230 | AG43: =SUM(AG40:AG42) -> 683230 | AI43: =SUM(AI40:AI42) -> 683230 | AK43: =SUM(AK40:AK42) -> 683230
A44: VALOR REAL DEL SALARIO | C44: =SUM(C43,C38,C32,C27,C18) -> 30902270 | D44: =SUM(D16:D43) -> 1.7926677 | E44: =SUM(E43,E38,E32,E27,E18) -> 38933979 | F44: =SUM(F16:F43) -> 1.7442589 | G44: =SUM(G43,G38,G32,G27,G18) -> 44341785 | H44: =SUM(H16:H43) -> 1.7227438 | I44: =SUM(I43,I38,I32,I27,I18) -> 57861299 | J44: =SUM(J16:J43) -> 1.6877819 | K44: =SUM(K43,K38,K32,K27,K18) -> 68280804 | L44: =SUM(L16:L43) -> 1.612192 | M44: =SUM(M43,M38,M32,M27,M18) -> 79366806 | N44: =SUM(N16:N43) -> 1.5966407 | O44: =SUM(O43,O38,O32,O27,O18) -> 47316078 | P44: =SUM(P16:P43) -> 1.713189 | Q44: =SUM(Q43,Q38,Q32,Q27,Q18) -> 52931462 | R44: =SUM(R16:R43) -> 1.6820088 | S44: =SUM(S43,S38,S32,S27,S18) -> 70173536 | T44: =SUM(T16:T43) -> 1.5984591 | U44: =SUM(U43,U38,U32,U27,U18) -> 61536394 | V44: =SUM(V16:V43) -> 1.600668 | W44: =SUM(W43,W38,W32,W27,W18) -> 65576901 | X44: =SUM(X16:X43) -> 1.5995614 | Y44: =SUM(Y43,Y38,Y32,Y27,Y18) -> 73127467 | Z44: =SUM(Z16:Z43) -> 1.5978245 | AA44: =SUM(AA43,AA38,AA32,AA27,AA18) -> 1.0210518e+08 | AB44: =SUM(AB16:AB43) -> 1.5935592 | AC44: =SUM(AC43,AC38,AC32,AC27,AC18) -> 1.2047703e+08 | AD44: =SUM(AD16:AD43) -> 1.5919239 | AE44: =SUM(AE43,AE38,AE32,AE27,AE18) -> 1.3108287e+08 | AF44: =SUM(AF16:AF43) -> 1.5911896 | AG44: =SUM(AG43,AG38,AG32,AG27,AG18) -> 1.5119339e+08 | AH44: =SUM(AH16:AH43) -> 1.5900814 | AI44: =SUM(AI43,AI38,AI32,AI27,AI18) -> 1.7832965e+08 | AJ44: =SUM(AJ16:AJ43) -> 1.5889838 | AK44: =SUM(AK43,AK38,AK32,AK27,AK18) -> 2.3457083e+08 | AL44: =SUM(AL16:AL43) -> 1.5875199
A45: FACTOR PRESTACIONAL NOMINAL A USAR | C45: =+D44 -> 1.7926677 | E45: =+F44 -> 1.7442589 | G45: =+H44 -> 1.7227438 | I45: =+J44 -> 1.6877819 | K45: =+L44 -> 1.612192 | M45: =+N44 -> 1.5966407 | O45: =+P44 -> 1.713189 | Q45: =+R44 -> 1.6820088 | S45: =+T44 -> 1.5984591 | U45: =+V44 -> 1.600668 | W45: =+X44 -> 1.5995614 | Y45: =+Z44 -> 1.5978245 | AA45: =+AB44 -> 1.5935592 | AC45: =+AD44 -> 1.5919239 | AE45: =+AF44 -> 1.5911896 | AG45: =+AH44 -> 1.5900814 | AI45: =+AJ44 -> 1.5889838 | AK45: =+AL44 -> 1.5875199
A47: RECUPERACIÓN SALARIAL
A48: Valor hora efectiva (FP + FR) | C48: =(C44/12/240) -> 10729.955 | E48: =E44/12/240 -> 13518.743 | G48: =G44/12/240 -> 15396.453 | I48: =I44/12/240 -> 20090.729 | K48: =K44/12/240 -> 23708.612 | M48: =M44/12/240 -> 27557.919 | O48: =O44/12/240 -> 16429.194 | Q48: =Q44/12/240 -> 18378.98 | S48: =S44/12/240 -> 24365.811 | U48: =U44/12/240 -> 21366.803 | W48: =W44/12/240 -> 22769.757 | Y48: =Y44/12/240 -> 25391.481 | AA48: =AA44/12/240 -> 35453.186 | AC48: =AC44/12/240 -> 41832.303 | AE48: =AE44/12/240 -> 45514.884 | AG48: =AG44/12/240 -> 52497.705 | AI48: =AI44/12/240 -> 61920.019 | AK48: =AK44/12/240 -> 81448.207
A49: Valor Jornal | C49: =+C48*8 -> 85839.639 | E49: =+E48*8 -> 108149.94 | G49: =+G48*8 -> 123171.62 | I49: =+I48*8 -> 160725.83 | K49: =+K48*8 -> 189668.9 | M49: =+M48*8 -> 220463.35 | O49: =+O48*8 -> 131433.55 | Q49: =+Q48*8 -> 147031.84 | S49: =+S48*8 -> 194926.49 | U49: =+U48*8 -> 170934.43 | W49: =+W48*8 -> 182158.06 | Y49: =+Y48*8 -> 203131.85 | AA49: =+AA48*8 -> 283625.49 | AC49: =+AC48*8 -> 334658.43 | AE49: =+AE48*8 -> 364119.08 | AG49: =+AG48*8 -> 419981.64 | AI49: =+AI48*8 -> 495360.15 | AK49: =+AK48*8 -> 651585.65
A50: Valor real del salario | C50: =C49*30 -> 2575189.2 | E50: =E49*30 -> 3244498.2 | G50: =G49*30 -> 3695148.7 | I50: =I49*30 -> 4821774.9 | K50: =K49*30 -> 5690067 | M50: =M49*30 -> 6613900.5 | O50: =O49*30 -> 3943006.5 | Q50: =Q49*30 -> 4410955.2 | S50: =S49*30 -> 5847794.6 | U50: =U49*30 -> 5128032.8 | W50: =W49*30 -> 5464741.7 | Y50: =Y49*30 -> 6093955.6 | AA50: =AA49*30 -> 8508764.7 | AC50: =AC49*30 -> 10039753 | AE50: =AE49*30 -> 10923572 | AG50: =AG49*30 -> 12599449 | AI50: =AI49*30 -> 14860804 | AK50: =AK49*30 -> 19547570
A51: FACTOR PRESTACIONAL | C51: =ROUND(((C50-C14)/C14)+1,2) -> 1.59 | E51: =ROUND(((E50-E14)/E14)+1,2) -> 1.58 | G51: =ROUND(((G50-G14)/G14)+1,2) -> 1.58 | I51: =ROUND(((I50-I14)/I14)+1,2) -> 1.58 | K51: =ROUND(((K50-K14)/K14)+1,2) -> 1.6 | M51: =ROUND(((M50-M14)/M14)+1,2) -> 1.6 | O51: =ROUND(((O50-O14)/O14)+1,2) -> 1.58 | Q51: =ROUND(((Q50-Q14)/Q14)+1,2) -> 1.57 | S51: =ROUND(((S50-S14)/S14)+1,2) -> 1.6 | U51: =ROUND(((U50-U14)/U14)+1,2) -> 1.6 | W51: =ROUND(((W50-W14)/W14)+1,2) -> 1.6 | Y51: =ROUND(((Y50-Y14)/Y14)+1,2) -> 1.6 | AA51: =ROUND(((AA50-AA14)/AA14)+1,2) -> 1.59 | AC51: =ROUND(((AC50-AC14)/AC14)+1,2) -> 1.59 | AE51: =ROUND(((AE50-AE14)/AE14)+1,2) -> 1.59 | AG51: =ROUND(((AG50-AG14)/AG14)+1,2) -> 1.59 | AI51: =ROUND(((AI50-AI14)/AI14)+1,2) -> 1.59 | AK51: =ROUND(((AK50-AK14)/AK14)+1,2) -> 1.59
A53: El subsidio de transporte se reconoce hasta dos (2) SMMLV
AA54: =AA50/1.4 -> 6077689.1 | AG54: =AG50/1.59 -> 7924181.9
A56: CÁLCULO DOTACIÓN
A57: DESCRIPCIÓN | B57: UNIDAD | C57: VALOR / UN | D57: OBSERVACIONES
A58: CALZADO | B58: PAR | C58: 77900 | D58: BOTA TRABAJO PUNTA ACERO MIAMI
A59: PANTALÓN | B59: UNIDAD | C59: 40800 | D59: JEAN CLASICO LABORAL INDIGO AZUL
A60: CAMISA | B60: UNIDAD | C60: 40000 | D60: BLUSA 3/4 MANGA LARGA CAQUI
A61: TOTAL DOTACIÓN | C61: =SUM(C58:C60) -> 158700
A62: FRECUENCIA | C62: 3
A63: TOTAL ANUAL | C63: =+C62*C61 -> 476100
A65: CÁLCULO EPP PARA PERSONAL DE OBRA (NO INCLUYE DOTACIÓN PAPSO)
A66: DESCRIPCIÓN | C66: UNIDAD | D66: CANTIDAD | E66: VR. UNIT. | F66: VR. TOTAL | G66: OBSERVACIONES
A67: CASCO | C67: UN | D67: 1 | E67: 14000 | F67: =+D67*E67 -> 14000 | G67: CASCO ECO TIPO I CREMALLERA 1 ANUAL POR PERSONA
A68: TAFILETES | C68: UN | D68: 2 | E68: 10000 | F68: =+D68*E68 -> 20000 | G68: TAFILETE CINTA CASCO 2 ANUALES ADICIONAL POR PERSONA
A69: GUANTES CARNAZA | C69: PAR | D69: =ROUND(52/2/10,1) -> 2.6 | E69: 15000 | F69: =+D69*E69 -> 39000 | G69: GUANTE CARNAZA REFORZADO LARGO 1 QUINCENAL CADA 10 PERSONAS (FIERREROS)
A70: GUANTES GENERALES | C70: PAR | D70: 12 | E70: 5490 | F70: =+D70*E70 -> 65880 | G70: GUANTE ALGODÓN LATEX 1 MENSUAL A CADA TRABAJADOR
A71: GUANTES LARGOS | C71: PAR | D71: =ROUND(52/2/20,1) -> 1.3 | E71: 43000 | F71: =+D71*E71 -> 55900 | G71: GUANTE PVC SEMICORRUGADO AZUL MANGA 60CM 1 QUINCENAL CADA 20 PERSONAS (CORTADORES)
A72: CHALECOS REFLECTIVOS | C72: UN | D72: 4 | E72: 24325 | F72: =+D72*E72 -> 97300 | G72: CHALECO CONSTRUCCIÓN 1 TRIMESTRAL A CADA TRABAJADOR
A73: DELANTAL IMPERMEABLE | C73: UN | D73: 0.6 | E73: 26000 | F73: =+D73*E73 -> 15600 | G73: DELANTAL NEGRO VESTIFLEX 81X118CM 1 MENSUAL CADA 20 PERSONAS (CONCRETADORA -CORTADORES)
A74: MONOGAFAS | C74: UN | D74: 10.4 | E74: 8500 | F74: =+D74*E74 -> 88400 | G74: GAFAS DE SEGURIDAD LENTE CLARO 1 SEMANAL CADA 5 TRABAJADORES (DEMOLICIÓN)
A75: TAPONES AUDITIVOS SENCILLOS | C75: UN | D75: 52 | E75: =MROUND(86900/50,100) -> 1700 | F75: =+D75*E75 -> 88400 | G75: TAPON OIDO 32 DECÍBELES DESECHABLE CORDON 1 SEMANAL POR CADA TRABAJADOR
A76: PROTECTORES AUDITIVOS DE COPA | C76: UN | D76: =ROUND(52/4/30,1) -> 0.4 | E76: 121900 | F76: =+D76*E76 -> 48760 | G76: PROTECTOR OIDO COPA 23 DECÍBELES 1 MENSUAL CADA 30 TRABAJADORES
A77: ARNÉS DE SEGURIDAD + ESLINGA | C77: UN | D77: =ROUND(1/20,1) -> 0.1 | E77: 299900 | F77: =+D77*E77 -> 29990 | G77: KIT DE ARNÉS CON ESLINGA INTEGRADA - 3M 1 ANUAL CADA 20 PERSONAS POR TRATARSE DE PROYECTOS EN GENERAL EN PISO
A78: TOTAL EPP ANUAL | F78: =SUM(F67:F77) -> 563230
A80: CÁLCULO EPP PARA PERSONAL DE OFICINA (NO INCLUYE DOTACIÓN PAPSO) | K80: Solo informativo
A81: DESCRIPCIÓN | C81: UNIDAD | D81: CANTIDAD | E81: VR. UNIT. | F81: VR. TOTAL | G81: OBSERVACIONES
A82: CASCO | C82: UN | D82: 1 | E82: 24000 | F82: =+D82*E82 -> 24000 | G82: CASCO ECO DIELECTRICO RATCHET BLANCO 1 ANUAL POR PERSONA
A83: TAFILETES | C83: UN | D83: 2 | E83: 10000 | F83: =+D83*E83 -> 20000 | G83: TAFILETE CINTA CASCO 2 ANUALES ADICIONAL POR PERSONA
A84: MONOGAFAS | C84: UN | D84: 2 | E84: 8500 | F84: =+D84*E84 -> 17000 | G84: GAFAS SEGURIDAD CREONTE LENTE OSCURO AF 2 ANUALES POR PERSONA
A85: TAPABOCAS | C85: UN | D85: 2 | E85: 15000 | F85: =+D85*E85 -> 30000 | G85: RESPIRADOR N95 VÁLVULA CARBÓN ACTIVADO 2 ANUALES POR PERSONA
A86: TAPONES AUDITIVOS SENCILLOS | C86: UN | D86: 12 | E86: =MROUND(86900/50,100) -> 1700 | F86: =+D86*E86 -> 20400 | G86: TAPON OIDO SILICONADO 1 MENSUAL POR CADA TRABAJADOR
A87: CHALECOS REFLECTIVOS | C87: UN | D87: 2 | E87: 95000 | F87: =+D87*E87 -> 190000 | G87: CHALECO MULTIFUNCIONAL 1 SEMESTRAL A CADA TRABAJADOR
A88: ARNÉS DE SEGURIDAD + ESLINGA | C88: UN | D88: =ROUND(1/20,1) -> 0.1 | E88: 264000 | F88: =+D88*E88 -> 26400 | G88: KIT DE ARNÉS CON ESLINGA INTEGRADA - 3M 1 ANUAL CADA 20 PERSONAS POR TRATARSE DE PROYECTOS EN GENERAL EN PISO
A89: TOTAL EPP ANUAL | F89: =SUM(F82:F88) -> 327800

Sheet OBRA_PÓLIZAS
C1: VALOR GASTOS LEGALIZACION - PÓLIZAS
C5: VALOR DEL CONTRATO ( $ ) | D5: 3.5643549e+08
C6: PLAZO DEL CONTRATO (Dias) | D6: =+F6*30 -> 60 | F6: =+'Costos Administracion'!J4 -> 2 | G6: meses
C7: ANTICIPO | D7: 0 | E7: Digitar % de anticipo | F7: =+D5*D7 -> 0 | G7: Pesos
C10: TIPO DE GARANTÍA | D10: VALOR ASEGURADO | F10: COBERTURA (Dias ) | G10: TASA anual | H10: PRIMA
D11: % | E11: VALOR
C12: Cumplimiento | D12: 0.2 | E12: =$D$5*D12 -> 71287099 | F12: =IF(D6=0,0,D6+(6*30)) -> 240 | G12: 0.002 | H12: =((E12*G12)/360)*F12 -> 95049.465 | J12: PORCENTAJES A ASEGURAR Y VIGENCIA DE ACUERDO A LO DEFINIDO EN LOS ESTUDIOS PREVIOS Y OTROS DOCUMENTOS CONTRACTUALES.
C13: Seriedad | D13: 0 | E13: =$D$5*D13 -> 0 | F13: =IF(D6=0,0,D6+(3*30)) -> 150 | G13: 0.001 | H13: =((E13*G13)/360)*F13 -> 0
C14: Buen Manejo y Correcta Inversión del Anticipo | D14: 1 | E14: =D5*D7 -> 0 | F14: =IF(D6=0,0,D6+(6*30)) -> 240 | G14: 0.0015 | H14: =((E14*G14)/360)*F14 -> 0
C15: Salarios y Prestaciones Sociales | D15: 0.1 | E15: =$D$5*D15 -> 35643549 | F15: =IF(D6=0,0,D6+(3*360)) -> 1140 | G15: 0.0015 | H15: =((E15*G15)/360)*F15 -> 169306.86
C16: Estabilidad y Calidad de la Obras | D16: 0.2 | E16: =$D$5*D16 -> 71287099 | F16: =IF(D6=0,0,(5*360)) -> 1800 | G16: 0.002 | H16: =((E16*G16)/360)*F16 -> 712870.99
C17: Calidad del servicio | D17: 0 | E17: =$D$5*D17 -> 0 | F17: =IF(D6=0,0,5*360) -> 1800 | G17: 0.0022 | H17: =((E17*G17)/360)*F17 -> 0
C18: DECRETO 1082 SMMLV Responsabilidad Civil | D18: SMMLV | E18: MONTO ASEGURABLE | F18: PLAZO MESES | G18: TASA
C19: =IF(D5=0,"",IF(J29<1500,200,IF(J29<2500,300,IF(J29<5000,400,IF(J29<10000,500,IF(J29>10000,0.05)))))) -> 200 | D19: 1160000 | E19: =IFERROR(IF(C19<200,C19*D5,D19*C19),0) -> 232000000 | F19: =+F6 -> 2 | G19: 0.002 | H19: =ROUND(G19*(F19/12*E19),0) -> 77333
C20: Subtotal Prima | H20: =+SUM(H12:H17)+H19 -> 1054560.3
C21: Gastos de expedición | H21: =+IF(D5=0,0,15000) -> 15000
C22: I.V.A. | H22: =ROUND(IFERROR((H20+H21)*19%,0),0) -> 203216
C23: TOTAL POLIZAS | H23: =IF(F6="","",IFERROR(ROUNDUP(H20+H21+H22,0),0)) -> 1272777
C25: Relación | D25: =IFERROR(H23/D5,0) -> 0.0035708481 | I25: 1023415256
J29: =ROUND(+D5/D19,0) -> 307 | L29: CONCEPTO | M29: Valor
C30: TOTAL GASTOS LEGALIZACION | H30: =H23 -> 1272777 | L30: MANO DE OBRA
J31: 1. Doscientos (200) SMMLV para contratos cuyo valor sea inferior o igual a mil quinientos (1.500) SMMLV. | L31: PERSONAL ADMINISTRACION | M31: 0
J32: 2. Trescientos (300) SMMLV para contratos cuyo valor sea superior a mil quinientos (1.500) SMMLV e inferior o igual a dos mil quinientos (2.500) SMMLV. | L32: SUMA PERSONAL | M32: =+SUM(M30:M31) -> 0
J33: 3. Cuatrocientos (400) SMMLV para contratos cuyo valor sea superior a dos mil quinientos (2.500) SMMLV e inferior o igual a cinco mil (5.000) SMMLV. | L33: VALOR INCUMPLIMIENTP 100% incumplim SAL Y PRES | M33: =+M32 -> 0
J34: 4. Quinientos (500) SMMLV para contratos cuyo valor sea superior a cinco mil (5.000) SMMLV e inferior o igual a diez mil (10.000) SMMLV. | L34: % RESPECTO A VALOR TOTAL | M34: 0
J35: 5. El cinco por ciento (5%) del valor del contrato cuando este sea superior a diez mil (10.000) SMMLV, caso en el cual el valor asegurado debe ser máximo setenta y cinco mil (75.000) SMMLV. | L35: =+IF(D5>=5000000000,50%,100%) -> 1 | M35: =+M34*L35 -> 0 | N35: * Valor del contrato es igual o superior a cinco mil (5.000) millones se toma el 50% del valor para asegurar. * Valor del contrato es inferior a cinco mil (5.000) millones se toma el 100% del valor para asegurar.
J36: La vigencia de esta garantía deberá ser igual al período de ejecución del contrato.

Sheet 6.2 PMGSA
B2: EMPRESA DE VIVIENDA E INFRAESTRUCTURA DE ANTIOQUIA - VIVA
B3: CONSTRUCCIÓN DE VIVIENDA NUEVA RURAL - VIVALAB
B4: COSTO DE IMPLEMENTACIÓN DEL PLAN DE MANEJO AMBIENTAL
B5: NÚMERO DE VIVIENDAS EN EL PROYECTO | J5: =+'[7]2-Presupuesto'!I4 -> 1
B6: PROG. | C6: DESCRIPCIÓN | D6: UNIDAD | E6: CANT | F6: VR. UNIT | G6: VR. TOTAL | H6: VR. TOTAL | I6: VR PROG. | J6: OBSERVACIONES
B7: 1 | C7: GESTIÓN INTEGRAL DE RESIDUOS SÓLIDOS PELIGROSOS, NO PELIGROSOS Y RCD | H7: Ajustado al peso | I7: =+ROUND(SUM(H8:H16),0) -> 348894
B8: 1.1 | C8: Caneca de 55 galones | D8: un | E8: 1 | F8: 35000 | G8: =+E8*F8 -> 35000 | H8: =ROUND((F8*E8),0) -> 35000 | J8: Instalación de puntos ecológicos por frente de obra, conformados por dos (2) canecas (residuos ordianarios y reciclables).
B9: 1.2 | C9: Bolsa plástica negra 90x130 cm PAQ. X 100 UND. | D9: PAQ | E9: 0.3 | F9: 81753 | G9: =+E9*F9 -> 24525.9 | H9: =ROUND((F9*E9),0) -> 24526 | J9: Bolsa plástica para la recolección y disposición final de residuos ordinarios e inertes.
B10: 1.3 | C10: Bolsa plástica blanca 60x80 cm PAQ. X 10 UND. | D10: PAQ | E10: 1 | F10: 2618 | G10: =+E10*F10 -> 2618 | H10: =ROUND((F10*E10),0) -> 2618 | J10: Bolsa plástica para la recolección y disposición final de residuos reciclables.
B11: 1.4 | C11: Recipiente plástico hermético 53 L Tapa Vaivén ROJA | D11: un | E11: 0 | F11: 71800 | G11: =+E11*F11 -> 0 | H11: =ROUND((F11*E11),0) -> 0 | J11: Almacenamiento temporal de residuos peligrosos.
B12: 1.5 | C12: Bolsa plástica color rojo 70X100cm PAQ. X 6 UND. | D12: PAQ | E12: 0 | F12: 9996 | G12: =+E12*F12 -> 0 | H12: =ROUND((F12*E12),0) -> 0 | J12: Bolsa plástica para la recolección y disposición final de residuos peligrosos.
B13: 1.6 | C13: Sacos o lonas de fibra | D13: un | E13: 50 | F13: 700 | G13: =+E13*F13 -> 35000 | H13: =ROUND((F13*E13),0) -> 35000 | J13: Almacentamiento temporal de residuos de construcción y demolición - RCD.
B14: 1.7 | C14: Recolección y disposición final de RCD por la empresa gestora autorizada por la Autoridad Ambiental competente | D14: vje | E14: 1 | F14: 62000 | G14: =+E14*F14 -> 62000 | H14: =ROUND((F14*E14),0) -> 62000 | J14: Tarifa base de cobro por el servicio de recolección y disposición final de RCD, por parte de una empresa gestora autorizada.
B15: 1.8 | C15: Recolección y disposición final de residuos peligrosos por la empresa gestora autorizada por la Autoridad Ambiental competente | D15: kg | E15: 5 | F15: 1950 | G15: =+E15*F15 -> 9750 | H15: =ROUND((F15*E15),0) -> 9750 | J15: Tarifa base de cobro por el servicio de recolección y disposiciión final de residuos peligrosos, por parte de una empresa gestora autorizada.
B16: 1.9 | C16: Estiba plástica 1x1,2m | D16: un | E16: 1 | F16: 180000 | G16: =+E16*F16 -> 180000 | H16: =ROUND((F16*E16),0) -> 180000
B17: 2 | C17: GESTIÓN DEL RECURSO HÍDRICO | I17: =+ROUND(SUM(H18:H18),0) -> 243951
B18: 2.1 | C18: Alquiler de aseo portátil de polietileno por 6 meses | D18: un | E18: =1/6 -> 0.16666667 | F18: =243951*6 -> 1463706 | G18: =F18*E18 -> 243951 | H18: =G18 -> 243951
B19: 3 | C19: ESTABILIZACIÓN Y PROTECCIÓN DEL SUELO | I19: =H20 -> 35000
B20: 3.1 | C20: Plástico o lona impermeable | D20: m | E20: 10 | F20: 3500 | G20: =+E20*F20 -> 35000 | H20: =ROUND((F20*E20),0) -> 35000 | J20: Permite cubrir el suelo durante la realización de actividades que involucren el uso de sustancias químicas y/o generación de RCD.
B21: 4 | C21: MANEJO DE DESCAPOTE, COBERTURA VEGETAL Y RESTAURACIÓN PAISAJÍSTICA | I21: =+ROUND(SUM(H22),0) -> 0
B22: 4.1 | C22: Plástico o lona impermeable | D22: m | E22: 0 | F22: 7500 | G22: =+E22*F22 -> 0 | H22: =ROUND((F22*E22),0) -> 0 | J22: Permite proteger la capa orgánica (cobertura vegetal) del suelo durante la realización de actividades, para su posterior reincorporación en la restauración paisajistica.
B23: 5 | C23: PROTECCIÓN A LA CALIDAD DEL AIRE Y PREVENCIÓN DEL RUIDO | I23: =+ROUND(SUM(H24:H26),0) -> 44655
B24: 5.1 | C24: Plástico o lona impermeable | D24: m | E24: 10 | F24: 3500 | G24: =+E24*F24 -> 35000 | H24: =ROUND((F24*E24),0) -> 35000 | J24: Recubrimiento de materiales y de RCD generados en el frente de obra para evitar la dispersión de material particulado.
B25: 5.2 | C25: Escoba dura | D25: un | E25: 1 | F25: 6126 | G25: =F25*E25 -> 6126 | H25: =G25 -> 6126 | J25: Limpieza de los frente de obra
B26: 5.3 | C26: Recogedor | D26: un | E26: 1 | F26: 3529 | G26: =F26*E26 -> 3529 | H26: =G26 -> 3529
B27: 6 | C27: MANEJO TRANSPORTE DE MATERIALES DE CONSTRUCCIÓN Y RCD | I27: =+ROUND(SUM(H28:H28),0) -> 17500
B28: 6.1 | C28: Plástico o lona impermeable | D28: m | E28: 5 | F28: 3500 | G28: =+E28*F28 -> 17500 | H28: =ROUND((F28*E28),0) -> 17500 | J28: Recubrimiento del volco de los vehículos para el transporte de materiales y de RCD generados.
B29: 7 | C29: MANEJO DE MATERIALES DE CONSTRUCCIÓN Y SUSTANCIAS QUÍMICAS | I29: =+ROUND(SUM(H30),0) -> 0
C30: Los costos asociados a este programa de manejo están cubiertos dentro de otros programas.
B31: 8 | C31: MANEJO DE INSTALACIONES TEMPORALES | I31: =+ROUND(SUM(H32),0) -> 0
C32: Los costos asociados a este programa de manejo están cubiertos dentro de otros programas.
B33: 9 | C33: GENERACIÓN TEMPORAL DE EMPLEO Y ONTRATACIÓN DE MANO DE OBRA CALIFICADA Y NO CALIFICADA | I33: =+ROUND(SUM(H34),0) -> 0
C34: Los costos asociados a este programa de manejo están cubiertos dentro de otros programas.
B35: 10 | C35: CAPACITACIÓN PARA EL PERSONAL VINCULADO AL PROYECTO | I35: =+ROUND(SUM(H36:H39),0) -> 140000
B36: 10.1 | C36: Capacitación sobre los lineamientos del proyecto | D36: hrs | E36: =4/12 -> 0.33333333 | F36: 140000 | G36: =F36*E36 -> 46666.667 | H36: =G36 -> 46666.667 | J36: Capacitación sobre los lineamientos generales del proyecto.
B37: 10.2 | C37: Capacitación ambiental | D37: hrs | F37: 140000 | G37: =F37*E37 -> 0 | H37: =G37 -> 0 | J37: Capacitacion sobre gestión integral de residuos sólidos, protección del recurso hídrico, flora, fauna y manejo de materiales de construcción.
B38: 10.3 | C38: Capacitación social | D38: hrs | E38: =4/12 -> 0.33333333 | F38: 140000 | G38: =F38*E38 -> 46666.667 | H38: =G38 -> 46666.667 | J38: Capacitación acerca del relacionamiento con la comunidad y manejo de conflictos.
B39: 10.4 | C39: Capacitación en salud ocupacional y bioseguridad | D39: hrs | E39: =4/12 -> 0.33333333 | F39: 140000 | G39: =F39*E39 -> 46666.667 | H39: =G39 -> 46666.667 | J39: Capacitación en prácticas de bioseguridad, uso de elementos de protección personal y señalización.
B40: 11 | C40: INFORMACIÓN, ATENCIÓN A LA COMUNIDAD, Y PREVENCIÓN DE DAÑOS A LA PROPIEDAD PRIVADA | I40: =+ROUND(SUM(H41:H44),0) -> 10750
B41: 11.1 | C41: Formato de acta de vecindad | D41: un | E41: 0 | F41: 200 | G41: =F41*E41 -> 0 | H41: =G41 -> 0 | J41: Formato de registro de posible afectación a los predios aledaños y respectivo paz y salvo.
B42: 11.2 | C42: Tabla de apoyo | D42: un | E42: 0.5 | F42: 13000 | G42: =F42*E42 -> 6500 | H42: =G42 -> 6500
B43: 11.3 | C43: Formato de atención a la comunidad - PQRS | D43: un | E43: 5 | F43: 200 | G43: =F43*E43 -> 1000 | H43: =G43 -> 1000 | J43: Este formato indicará si el ciudano requiere realizar una solicitud, queja, reclamo o petición (PQRS).
B44: 11.4 | C44: Lapiceros (Caja x12 UND) | D44: Caja | E44: 0.5 | F44: 6500 | G44: =F44*E44 -> 3250 | H44: =G44 -> 3250
B45: 12 | C45: DOTACION DE SEGURIDAD INDUSTRIAL | I45: =+ROUND(SUM(H46:H50),0) -> 56343
B46: 12.1 | C46: Camilla rígida en polietileno de alta densidad, impermeable, con arnés de seguridad e inmovilizador de cabeza. | D46: un | E46: 0.05 | F46: 146965 | G46: =+E46*F46 -> 7348.25 | H46: =G46 -> 7348.25 | J46: Se considera que aplica para todos los programas de manejo, por lo que se incluye como un apartado.
B47: 12.2 | C47: Botiquín básico de primeros auxilios | D47: un | E47: 0.2 | F47: 80000 | G47: =+E47*F47 -> 16000 | H47: =G47 -> 16000
B48: 12.3 | C48: Extintor de 20 lbs ABC (Incluye dos recargas) | D48: un | E48: 0.05 | F48: 69900 | G48: =+E48*F48 -> 3495 | H48: =G48 -> 3495
B49: 12.4 | C49: Manguera para agua x 50 metros. Incluye boquillas | D49: un | E49: 0.1 | F49: 120000 | G49: =+E49*F49 -> 12000 | H49: =G49 -> 12000
B50: 12.5 | C50: Kit Linea de vida plus. Inlcuye: Arnés multipropósito 4 argollas, línea de vida de 20 metros, frenos arrestador, contrapeso y punto fijo. | D50: un | E50: 0.05 | F50: 350000 | G50: =+E50*F50 -> 17500 | H50: =G50 -> 17500
B51: 13 | C51: DEMARCACIÓN Y SEÑALIZACIÓN | I51: =+ROUND(SUM(H52:H56),0) -> 72500
B52: 13.1 | C52: Señales informativas (aproximación a obra, inicio, fin, carril cerrado, sendero peatonal). Tablero rectangular fondo naranja, símbolos y orla negros, lamina galvanizada, calibre 20, altura de 3,50 m. | D52: un | F52: 25000 | G52: =+E52*F52 -> 0 | H52: =ROUND((F52*E52),0) -> 0 | J52: Se considera que aplica para todos los programas de manejo, por lo que se incluye como un apartado.
B53: 13.2 | C53: Señales preventivas (entrada y salida de volquetas, Trabajos en la vía, maquinaria en vía). En forma de rombo, fondo naranja, color negro para símbolos, tamaño 75 x 90. | D53: un | E53: 1 | F53: 25000 | G53: =+E53*F53 -> 25000 | H53: =ROUND((F53*E53),0) -> 25000
B54: 13.3 | C54: Señales preventivas (señales de protección, señales de obra, entre otras). En forma de rombo, fondo naranja, color negro para símbolos, tamaño 75 x 90. | D54: un | E54: 1 | F54: 25000 | G54: =+E54*F54 -> 25000 | H54: =ROUND((F54*E54),0) -> 25000
B55: 13.4 | C55: Paleta de pare y siga (papel grado diamante 45 cm de diametro y paral de 1,50 m de largo) | D55: un | F55: 24900 | G55: =+E55*F55 -> 0 | H55: =ROUND((F55*E55),0) -> 0
B56: 13.5 | C56: Rollo de Cinta de demarcación Peligro X 500m | D56: Rollo | E56: 0.5 | F56: 45000 | G56: =F56*E56 -> 22500 | H56: =G56 -> 22500
B57: 14 | C57: ELEMENTOS DE PROTECCION VARIABLE | I57: =SUM(H58:H62) -> 33100 | J57: Por persona
B58: 14.1 | C58: Guantes de carnaza | D58: par | E58: 1 | F58: 8200 | G58: =+E58*F58 -> 8200 | H58: =ROUND((F58*E58),0) -> 8200 | J58: Se considera que aplica para todos los programas de manejo, por lo que se incluye como un apartado. El costo se presenta por persona.
B59: 14.2 | C59: Guantes de caucho | D59: par | E59: 1 | F59: 4500 | G59: =+E59*F59 -> 4500 | H59: =ROUND((F59*E59),0) -> 4500
B60: 14.3 | C60: Gafas protectoras | D60: un | E60: 1 | F60: 4300 | G60: =+E60*F60 -> 4300 | H60: =ROUND((F60*E60),0) -> 4300
B61: 14.4 | C61: Protectores auditivos | D61: par | E61: 1 | F61: 1700 | G61: =+E61*F61 -> 1700 | H61: =ROUND((F61*E61),0) -> 1700
B62: 14.5 | C62: Cascos | D62: un | E62: 1 | F62: 14400 | G62: =+E62*F62 -> 14400 | H62: =ROUND((F62*E62),0) -> 14400
B63: TOTAL | I63: =SUM(I7:I62) -> 1002693
C64: COSTO DIRECTO DEL PROYECTO | H64: =+'[7]5-Costos Administracion'!J39 -> 95362277
C65: INVERSIÓN AMBIENTAL | H65: =+I63 -> 1002693 | I65: + costos variables
C66: PORCENTAJE INVERSIÓN AMBIENTAL
H68: =H65*1.03 -> 1032773.8 | I68: 2025

Sheet Interventoría
B2: EMPRESA DE VIVIENDA DE ANTIOQUIA - VIVA
B3: CONSTRUCCIÓN DE ESPACIO PÚBLICO
B4: COSTO ESTIMADO DE INTERVENTORÍA
F5: PLAZO | G5: (meses) | H5: =+'Costos Administracion'!J4 -> 2 | I5: 9
B6: ITEM | C6: CARGO/OFICIO | D6: SUELDO Y/O JORNAL MENSUAL | E6: CANT. | G6: DURACIÓN (Meses) | H6: VALOR PARCIAL ($)
D7: (1) | E7: (2) | F7: (3) | G7: (4) | H7: (1)*(2)*(3)*(4) = (5)
B8: A | C8: COSTOS DIRECTOS DE PERSONAL
B9: 1. | C9: Personal Profesional :
B10: 1.1 | C10: Residencia
B11: 1.1.1 | C11: Director | D11: =+'CÁLCULO DE F. PRESTACIONAL'!AG12 -> 7923776 | E11: 1 | F11: 0.5 | G11: =+$H$5 -> 2 | H11: =ROUND(E11*D11*F11*G11,0) -> 7923776 | K11: =H11/$H$19 -> 0.12799494 | L11: =H11*H18 -> 25098560 | M11: =L11*1.19 -> 29867287
B12: 1.1.2 | C12: residente de obra | D12: =+'CÁLCULO DE F. PRESTACIONAL'!AC12 -> 6306679 | E12: 1 | F12: 1 | G12: =+$H$5 -> 2 | H12: =ROUND(E12*D12*F12*G12,0) -> 12613358
B13: 1.2 | C13: Auxiliares | K13: =H13/$H$30 -> 0
B14: 1.2.1 | C14: Tecnólogo SST | D14: =+'CÁLCULO DE F. PRESTACIONAL'!W12 -> 3416400 | E14: 1 | F14: 1 | G14: =+$H$5 -> 2 | H14: =ROUND(E14*D14*F14*G14,0) -> 6832800 | K14: =H14/$H$19 -> 0.1103721 | L14: =H14*H17 -> 233700440875200 | M14: =L14*1.19 -> 278103524641488
B15: 1.2.2 | C15: Tecnólogo Social | D15: =+'CÁLCULO DE F. PRESTACIONAL'!W12 -> 3416400 | E15: 1 | F15: 0.5 | G15: =+$H$5 -> 2 | H15: =ROUND(E15*D15*F15*G15,0) -> 3416400 | K15: =H15/$H$19 -> 0.05518605 | L15: =H15*H18 -> 10821447 | M15: =L15*1.19 -> 12877522
B16: 1.2.3 | C16: Tecnólogo - Ambiental | D16: =+'CÁLCULO DE F. PRESTACIONAL'!W12 -> 3416400 | E16: 1 | F16: 0.5 | G16: =+$H$5 -> 2 | H16: =ROUND(E16*D16*F16*G16,0) -> 3416400 | K16: =H16/$H$19 -> 0.05518605 | L16: =H16*H19 -> 647715384470700 | M16: =L16*1.19 -> 770781307520133
B17: 5. | C17: SUBTOTAL COSTOS DE PERSONAL = (5) | H17: =SUM(H11:H16) -> 34202734
B18: 6. | C18: FACTOR MULTIPLICADOR = (6) | H18: =+'Base Calculo FM'!D61 -> 1.81 | I18: 2.0875
B19: A. | C19: TOTAL COSTOS DE PERSONAL = (5) * (6) = (A) | H19: =ROUND(H17*H18,0) -> 108337161
B20: B | C20: GASTOS REEMBOLSABLES | D20: UNIDAD | E20: CANT | F20: VALOR UN
B21: 1 | C21: Instalaciones provisionales (Incluye arrendamiento, enseres, servicios públicos y personal de aseo) | D21: mes | E21: 1 | F21: 1583680 | G21: =+$H$5 -> 2 | H21: =ROUND(E21*F21*G21,0) -> 3167360 | K21: =H21/$H$30 -> 0.039553307 | L21: =$H$30*K21 -> 5542880 | M21: =L21*1.19 -> 6596027.2
B22: 2 | C22: Reconocimiento por disposición de puesto de trabajo del personal de oficina de campo, incluye: alquiler de un (1) equipo de computo completo, escritorio, silla y otros enseres de oficina por puesto de trabajo | D22: mes | E22: =+E11+E14+E15 -> 3 | F22: 243208 | G22: =+$H$5 -> 2 | H22: =ROUND(E22*F22*G22,0) -> 1459248
B23: 3 | C23: Reconocimiento por disposición de impresora laser multifuncional para el personal de administrativo de obra (se realiza reconocimiento por una sola vez) | D23: mes | E23: 1 | F23: 97283 | G23: =+$H$5 -> 2 | H23: =ROUND(E23*F23*G23,0) -> 194566
B24: 4 | C24: Reconocimiento por disposición de Comunicaciones (Teléfono, Fax, Celular, Internet, Etc.) mensual en campo | D24: mes | E24: 1 | F24: 71266 | G24: =+$H$5 -> 2 | H24: =ROUND(E24*F24*G24,0) -> 142532
B25: 5 | C25: Fotocopias, edición informes, registros fotográficos entre otros en oficina en campo | D25: mes | E25: 1 | F25: 211000 | G25: =+$H$5 -> 2 | H25: =ROUND(E25*F25*G25,0) -> 422000
B26: 6 | C26: Asesorias Arquitectónicas, eléctricas, estructurales, hidrosanitarias, geotécnicas, carpintería metálica, estructuras en acero, asesoria arqueologíca o Monitoreo en obra y las demás requeridas en la obra; todas las anteriores previa aprobación de la entidad contratante | D26: Global | E26: 0 | F26: 0 | G26: 1 | H26: =ROUND(E26*F26*G26,0) -> 0
B27: B | C27: SUBTOTAL GASTOS REEMBOLSABLES = (B) | H27: =SUM(H21:H26) -> 5385706
B28: C | C28: COSTO BÁSICO MENSUAL = (A) + (B) = (C) | H28: =ROUND(H27+H19,0) -> 117762147 | L28: MO CALIF | M28: =M11+M15+#REF! -> #REF!
B29: D | C29: IVA = 19% * (C) = ( D) | G29: 0.19 | H29: =ROUND(H28*G29,0) -> 22374808 | L29: OTROS GTOS | M29: =M21 -> 6596027.2
B30: E | C30: COSTO TOTAL (B) + (C) = (E) | H30: =H28+H29 -> 140136955 | M30: =SUM(M28:M29) -> #REF!
C31: Notas:
C32: 1. El factor multiplicador incluye los costos de una oficina en el sitio de las obras.
C33: 2. El valor contenido en el sobre de la OFERTA ECONÓMICA (IVA incluido) del oferente no puede exceder el Costo Estimado de los Servicios.
C34: 3. El valor corregido del Factor Multiplicador (FM) presentado por el oferente, no puede ser superior a: Valor redondeado a dos (2) cifras decimales. | H34: ='Base Calculo FM'!D61 -> 1.81

Sheet Base Calculo FM
A1: MENU!E17
B2: CALCULO DEL FACTOR MULTIPLICADOR
B4: SOLO SE DEBEN MODIFICAR LAS CELDAS SOMBREADAS (GRIS) Y EL TEXTO EN COLOR ROJO
C6: VALOR DEL CONTRATO | D6: =+Interventoría!H30 -> 140136955 | H6: 3000000
C7: NUMERO DE VIVIENDAS | D7: 1 | H7: =+H6-D6 -> -137136955
C8: PLAZO | D8: =+Interventoría!H5 -> 2 | H8: MESES
C9: PERSONAL EN OBRA CON DEDICACION 100% | D9: =+SUM(Interventoría!E11,Interventoría!E14:E16) -> 4
C10: % MINIMO DE DEDUCCIONES POR IMPUESTOS | D10: 0.07 | H10: NO MODIFICAR ESTE DATO
C11: VALOR CONSIDERADO DE ARRIENDO | D11: 250000
C12: VALOR CONSIDERADO POR TRANSPORTE | D12: 150000
C13: VALOR CONSIDERADO POR ALIMENTACION | D13: 600000
B15: 1 | C15: Salario Básico (Nómina Total Mensual) | D15: 1
B17: 2 | C17: Prestaciones Sociales | D17: =ROUND(SUM(D18:D32),4) -> 0.6229 | H17: COSTO MENSUAL | I17: COSTO TOTAL | J17: % DEL COSTO
C18: Prima anual | D18: 0.083333333 | I18: =($D$6/$D$8)*J18 -> 3336594.2 | J18: =D18 -> 0.083333333
C19: Cesantía Anual | D19: 0.0833 | I19: =($D$6/$D$8)*J19 -> 3335259.5 | J19: =D19 -> 0.0833
C20: Intereses sobre cesantías (12% anual) | D20: 0.009996 | I20: =($D$6/$D$8)*J20 -> 400231.14 | J20: =D20 -> 0.009996
C21: Vacaciones | D21: 0.041666667 | I21: =($D$6/$D$8)*J21 -> 1668297.1 | J21: =D21 -> 0.041666667
C22: Sistema de Seguridad Social Integral | I22: =($D$6/$D$8)*J22 -> 0
C23: ARL | D23: 0.0696 | I23: =($D$6/$D$8)*J23 -> 2786723.4 | J23: =D23 -> 0.0696
C24: AFP | D24: 0.12 | I24: =($D$6/$D$8)*J24 -> 4804695.6 | J24: =D24 -> 0.12
C25: EPS | D25: 0.085 | I25: =($D$6/$D$8)*J25 -> 3403326.1 | J25: =D25 -> 0.085
C26: Caja de Compensación | D26: 0.04 | I26: =($D$6/$D$8)*J26 -> 1601565.2 | J26: =D26 -> 0.04
C27: SENA | D27: 0.02 | I27: =($D$6/$D$8)*J27 -> 800782.6 | J27: =D27 -> 0.02
C28: I.C.B.F. | D28: 0.03 | I28: =($D$6/$D$8)*J28 -> 1201173.9 | J28: =D28 -> 0.03
C29: Dotación (3 veces al año), incluye seguridad industrial y ocupacional | D29: 0 | I29: =($D$6/$D$8)*J29 -> 0 | J29: =D29 -> 0
C30: Otros
C31: Indemnizaciones | D31: 0.01 | I31: =($D$6/$D$8)*J31 -> 400391.3 | J31: =D31 -> 0.01
C32: Otros INCAPCIDAD NO RECONOCIDA | D32: 0.03 | I32: =($D$6/$D$8)*J32 -> 1201173.9 | J32: =D32 -> 0.03
B34: 3 | C34: GASTOS GENERALES Y DE ADMINISTRACIÓN (expresadas como porcentaje de 1) | D34: =ROUND(SUM(D35:D58),4) -> 0.1454 | H34: COSTO MENSUAL | I34: COSTO TOTAL | J34: % DEL COSTO | K34: MIN | L34: MAX
C35: Gastos directos no reembolsables
C36: Capacitación del personal | D36: =J36 -> 0.005 | H36: 200000 | I36: =ROUND(H36*$D$8,0) -> 400000 | J36: =ROUND(I36/$D$6,5) -> 0.005 | K36: 0.005 | L36: 0.05 | M36: =IF(J36<K36,"VER","OK") -> OK | N36: =IF(J36>L36,"VER","OK") -> OK
C37: Servicios publicos e internet | D37: =J37 -> 0.00375 | H37: 150000 | I37: =ROUND(H37*$D$8,0) -> 300000 | J37: =ROUND(I37/$D$6,5) -> 0.00375 | K37: 0.01 | L37: 0.04 | M37: =IF(J37<K37,"VER","OK") -> VER | N37: =IF(J37>L37,"VER","OK") -> OK
C38: Viaticos personal profesional | D38: =J38 -> 0.00125 | H38: 600000 | I38: =(ROUND(H38*$D$8,0)/12)*D7 -> 100000 | J38: =ROUND(I38/$D$6,5) -> 0.00125 | K38: 0.005 | L38: 0.07 | M38: =IF(J38<K38,"VER","OK") -> VER | N38: =IF(J38>L38,"VER","OK") -> OK
C39: Gastos legales incluye impuestos | D39: =J39 -> 0.07 | H39: =($D$6/$D$8)*$D$10 -> 2802739.1 | I39: =ROUND(H39*$D$8,0) -> 9809587 | J39: =ROUND(I39/$D$6,5) -> 0.07 | K39: 0.07 | L39: 0.281 | M39: =IF(J39<K39,"VER","OK") -> OK | N39: =IF(J39>L39,"VER","OK") -> OK
C40: Gastos bancarios y financieros | D40: =J40 -> 0.003 | H40: 120000 | I40: =ROUND(H40*$D$8,0) -> 240000 | J40: =ROUND(I40/$D$6,5) -> 0.003 | K40: 0.0154 | L40: 0.0704 | M40: =IF(J40<K40,"VER","OK") -> VER | N40: =IF(J40>L40,"VER","OK") -> OK
C41: Equipos de cómputo y software | D41: =J41 -> 0.00475 | H41: 190000 | I41: =ROUND(H41*$D$8,0) -> 380000 | J41: =ROUND(I41/$D$6,5) -> 0.00475 | K41: 0.005 | L41: 0.015 | M41: =IF(J41<K41,"VER","OK") -> VER | N41: =IF(J41>L41,"VER","OK") -> OK
C42: Mantenimiento y reparación de oficinas | D42: =J42 -> 0.00225 | H42: 90000 | I42: =ROUND(H42*$D$8,0) -> 180000 | J42: =ROUND(I42/$D$6,5) -> 0.00225 | K42: 0.002 | L42: 0.01 | M42: =IF(J42<K42,"VER","OK") -> OK | N42: =IF(J42>L42,"VER","OK") -> OK
C43: Vigilancia, aseo y cafetería | D43: =J43 -> 0.00112 | H43: 45000 | I43: =ROUND(H43*$D$8,0) -> 90000 | J43: =ROUND(I43/$D$6,5) -> 0.00112 | K43: 0.001 | L43: 0.01 | M43: =IF(J43<K43,"VER","OK") -> OK | N43: =IF(J43>L43,"VER","OK") -> OK
C44: Útiles, papelería y fotocopias | D44: =J44 -> 0.0025 | H44: 100000 | I44: =ROUND(H44*$D$8,0) -> 200000 | J44: =ROUND(I44/$D$6,5) -> 0.0025 | K44: 0.005 | L44: 0.04 | M44: =IF(J44<K44,"VER","OK") -> VER | N44: =IF(J44>L44,"VER","OK") -> OK
C45: Transporte y vehículos | D45: =J45 -> 0.01499 | H45: =$D$12*$D$9 -> 600000 | I45: =ROUND(H45*$D$8,0) -> 1200000 | J45: =ROUND(I45/$D$6,5) -> 0.01499 | K45: 0.01 | L45: 0.1 | M45: =IF(J45<K45,"VER","OK") -> OK | N45: =IF(J45>L45,"VER","OK") -> OK
C46: Revistas, publicaciones y asociaciones | D46: =J46 -> 0 | H46: 0 | I46: =ROUND(H46*$D$8,0) -> 0 | J46: =ROUND(I46/$D$6,5) -> 0 | K46: 0.001 | L46: 0.01 | M46: =IF(J46<K46,"VER","OK") -> VER | N46: =IF(J46>L46,"VER","OK") -> OK
C47: Seguros oficina central | D47: =J47 -> 0 | H47: 0 | I47: =ROUND(H47*$D$8,0) -> 0 | J47: =ROUND(I47/$D$6,5) -> 0 | K47: 0.001 | L47: 0.01 | M47: =IF(J47<K47,"VER","OK") -> VER | N47: =IF(J47>L47,"VER","OK") -> OK
C48: Relaciones y representaciones | D48: =J48 -> 0.00325 | H48: 130000 | I48: =ROUND(H48*$D$8,0) -> 260000 | J48: =ROUND(I48/$D$6,5) -> 0.00325 | K48: 0.003 | L48: 0.03 | M48: =IF(J48<K48,"VER","OK") -> OK | N48: =IF(J48>L48,"VER","OK") -> OK
C49: Primeros auxilios | D49: =J49 -> 0.00175 | H49: 70000 | I49: =ROUND(H49*$D$8,0) -> 140000 | J49: =ROUND(I49/$D$6,5) -> 0.00175 | K49: 0.001 | L49: 0.015 | M49: =IF(J49<K49,"VER","OK") -> OK | N49: =IF(J49>L49,"VER","OK") -> OK
C50: Alimentación de profesionales | D50: =J50 -> 0.02997 | H50: =D13*D9*Interventoría!F11 -> 1200000 | I50: =ROUND(H50*$D$8,0) -> 2400000 | J50: =ROUND(I50/$D$6,5) -> 0.02997 | K50: 0.015 | L50: 0.2 | M50: =IF(J50<K50,"VER","OK") -> OK | N50: =IF(J50>L50,"VER","OK") -> OK | O50: =+H50*12 -> 14400000
C51: Laboratorio de materiales | D51: =J51 -> 0 | H51: 0 | I51: =ROUND(H51*$D$8,0) -> 0 | J51: =ROUND(I51/$D$6,5) -> 0 | K51: 0.01 | L51: 0.04 | M51: =IF(J51<K51,"VER","OK") -> VER | N51: =IF(J51>L51,"VER","OK") -> OK
C52: Salarios y prestaciones no reembolsables | I52: =ROUND(H52*$D$8,0) -> 0 | J52: =ROUND(I52/$D$6,5) -> 0 | K52: 0.045 | L52: 0.0726
C53: Salarios del personal administrativo (especialistas, asesores, etc) | D53: =J53 -> 0 | H53: 0 | I53: =ROUND(H53*$D$8,0) -> 0 | J53: =ROUND(I53/$D$6,5) -> 0 | K53: 0.03 | L53: 0.05 | M53: =IF(J53<K53,"VER","OK") -> VER | N53: =IF(J53>L53,"VER","OK") -> OK
C54: Prestaciones sociales del personal administrativo | D54: =J54 -> 0 | H54: 0 | I54: =ROUND(H54*$D$8,0) -> 0 | J54: =ROUND(I54/$D$6,5) -> 0 | K54: 0.015 | L54: 0.0226 | M54: =IF(J54<K54,"VER","OK") -> VER | N54: =IF(J54>L54,"VER","OK") -> OK
C55: OTROS GASTOS NO RREMBOLSABLES | K55: 0 | L55: 0 | M55: =IF(J55<K55,"VER","OK") -> OK | N55: =IF(J55>L55,"VER","OK") -> OK
C56: Pólizas y fianzas | D56: =SUM(D57:D58) -> 0.0009 | K56: 0.0115 | L56: 0.035
C57: Salarios y prestaciones sociales | D57: =J57 -> 0.00015 | H57: 20397.647 | I57: =ROUND(H57*1,0) -> 20398 | J57: =ROUND(I57/$D$6,5) -> 0.00015 | K57: 0.005 | L57: 0.015 | M57: =IF(J57<K57,"VER","OK") -> VER | N57: =IF(J57>L57,"VER","OK") -> OK
C58: Otros amparos (cumplimiento, calidad en el servicio y anticipo) | D58: =J58 -> 0.00075 | H58: 104603.32 | I58: =ROUND(H58*1,0) -> 104603 | J58: =ROUND(I58/$D$6,5) -> 0.00075 | K58: 0.0065 | L58: 0.02 | M58: =IF(J58<K58,"VER","OK") -> VER | N58: =IF(J58>L58,"VER","OK") -> OK
B59: 4 | C59: HONORARIOS (expresadas como porcentaje de 1) (Utilidad del consultor y costos no previstos) | D59: 0.04 | H59: =Interventoría!H30*D59 -> 5605478.2 | I59: =ROUND(H59*$D$8,0) -> 19619174 | J59: =ROUND(I59/$D$6,5) -> 0.14 | K59: 0.1 | L59: 0.12
B61: 5 | C61: TOTAL DEL FACTOR MULTIPLICADOR F = 1 + 2 + 3 + 4 (redondeado a dos cifras decimales) | D61: =ROUND((D15+D17+D34+D59),2) -> 1.81
